Workbook
Name \0: #REF!
Name \a: #REF!
Name \I: #REF!
Name \I: #REF!
Name \S: [1]COMPOS1!#REF!
Name \S: #REF!
Name _: [2]PROJETO!#REF!
Name _: [2]PROJETO!#REF!
Name ______________________CAP20: #REF!
Name ______________________TB10: #REF!
Name ______________________TCB5: #REF!
Name ______________________tcc4: #REF!
Name _____________________CAP20: #REF!
Name _____________________TB10: #REF!
Name _____________________TCB5: #REF!
Name _____________________tcc4: #REF!
Name ____________________tcc4: #REF!
Name ___________________CAP20: #REF!
Name ___________________TB10: #REF!
Name ___________________TCB5: #REF!
Name ___________________tcc4: #REF!
Name __________________CAP20: #REF!
Name __________________PL1: #REF!
Name __________________PL1: #REF!
Name __________________TB10: #REF!
Name __________________TCB5: #REF!
Name __________________tcc4: #REF!
Name _________________CAP20: #REF!
Name _________________PL1: #REF!
Name _________________PL1: #REF!
Name _________________TB10: #REF!
Name _________________TCB5: #REF!
Name _________________tcc4: #REF!
Name ________________CAP20: #REF!
Name ________________PL1: #REF!
Name ________________PL1: #REF!
Name ________________TB10: #REF!
Name ________________TCB5: #REF!
Name ________________tcc4: #REF!
Name _______________CAP20: #REF!
Name _______________Ext2: '[3]P A T O 99 B'!#REF!
Name _______________Ext2: '[3]P A T O 99 B'!#REF!
Name _______________PL1: #REF!
Name _______________PL1: #REF!
Name _______________r: #REF!
Name _______________r: #REF!
Name _______________TB10: #REF!
Name _______________TCB5: #REF!
Name _______________tcc4: #REF!
Name ______________CAP20: #REF!
Name ______________Ext2: '[3]P A T O 99 B'!#REF!
Name ______________Ext2: '[3]P A T O 99 B'!#REF!
Name ______________PL1: #REF!
Name ______________PL1: #REF!
Name ______________r: #REF!
Name ______________r: #REF!
Name ______________Rbv1: '[4]Página 16'!$C$3:$C$7
Name ______________TB10: #REF!
Name ______________TCB5: #REF!
Name ______________tcc4: #REF!

Sheet RESUMO
A1: DISCRIMINAÇÃO (sub total dos itens do quadro de Quantidades) | D1: DATA BASE OUTUBRO/2025
A3: ITEM | B3: DESCRIÇÃO | C3: R$ | E3: %
A4: 1.0 | B4: =PLANILHA!D9 -> MOBILIZAÇÃO/DESMOBILIZAÇÃO | C4: =PLANILHA!I11 -> 99869 | E4: =C4/$C$16 -> 0.00083177279
A5: 2.0 | B5: =PLANILHA!D12 -> INSTALAÇÃO DO CANTEIRO DE OBRAS | C5: =PLANILHA!I19 -> 2134806.5 | E5: =C5/$C$16 -> 0.017780032
A6: 3.0 | B6: =PLANILHA!D20 -> ADMINISTRAÇÃO LOCAL DE OBRA | C6: =PLANILHA!I22 -> 7950634.7 | E6: =C6/$C$16 -> 0.066217962
A7: 4.0 | B7: =PLANILHA!D23 -> TERRAPLENAGEM | C7: =PLANILHA!I41 -> 8102214.4 | E7: =C7/$C$16 -> 0.067480414
A8: 5.0 | B8: =PLANILHA!D42 -> DRENAGEM | C8: =PLANILHA!I64 -> 13805842 | E8: =C8/$C$16 -> 0.11498387
A9: 6.0 | B9: =PLANILHA!D65 -> OBRAS DE ARTE CORRENTES | C9: =PLANILHA!I91 -> 1450048.7 | E9: =C9/$C$16 -> 0.012076931
A10: 7.0 | B10: =PLANILHA!D92 -> PAVIMENTAÇÃO | C10: =PLANILHA!I122 -> 81757222 | E10: =C10/$C$16 -> 0.68092633
A11: 8.0 | B11: =PLANILHA!D123 -> OBRAS DE ARTE ESPECIAIS - RESTAURAÇÃO | C11: =PLANILHA!I333 -> 1373547.9 | E11: =C11/$C$16 -> 0.011439784
A12: 9.0 | B12: =PLANILHA!D334 -> SINALIZAÇÃO | C12: =PLANILHA!I368 -> 1828989.5 | E12: =C12/$C$16 -> 0.015232992
A13: 10.0 | B13: =PLANILHA!D369 -> SINALIZAÇÃO DE OBRAS | C13: =PLANILHA!I382 -> 546355.66 | E13: =C13/$C$16 -> 0.0045503987
A14: 11.0 | B14: =PLANILHA!D383 -> OBRAS COMPLEMENTARES | C14: =PLANILHA!I400 -> 929385.12 | E14: =C14/$C$16 -> 0.0077405126
A15: 12.0 | B15: =PLANILHA!D401 -> PROTEÇÃO AMBIENTAL | C15: =PLANILHA!I405 -> 88730.03 | E15: =C15/$C$16 -> 0.00073900033
B16: TOTAL | C16: =SUM(C4:D15) -> 1.2006765e+08 | E16: =SUM(E4:E15) -> 1
A18: RODOVIA: PE - 120
A19: TRECHO: Entr. PE-126 (Catende) –Entr. BR-104 (Agrestina)
A20: EXTENSÃO: 41,60 Km
A21: RESUMO DE PREÇOS - ONERADO | D21: QD - 4.1
C24: =C16/41.6 -> 2886241.5 | F24: P/KM

Sheet PLANILHA
A2: RODOVIA: PE - 120 | G2: DATA BASE: | I2: 45931
A3: TRECHO: Entr. PE-126 (Catende) –Entr. BR-104 (Agrestina) | G3: BDI SERVIÇOS: | I3: 0.2064
G4: BDI DOS MATERIAIS: | I4: 0.1444
A5: PROJETO BÁSICO E EXECUTIVO DE ENGENHARIA PARA RESTAURAÇÃO DA RODOVIA PE-120
A7: DEMONSTRATIVO DO ORÇAMENTO - ONERADO
A8: Item | B8: Código | C8: Fonte | D8: Descrição | E8: Unid. | F8: Quantidade | G8: Custo Unit R$ | H8: Preço Unit R$ | I8: Total c/BDI | J8: BDI %
A9: 1.0 | D9: MOBILIZAÇÃO/DESMOBILIZAÇÃO
A10: 1.1 | C10: COMPOSIÇÃO | D10: MOBILIZAÇÃO E DESMOBILIZAÇÃO DE EQUIPAMENTOS | E10: UN | F10: 1 | G10: 82782.66 | H10: =IFERROR(ROUND((1+J10)*G10,2),0) -> 99869 | I10: =IFERROR(TRUNC(H10*F10,2),0) -> 99869 | J10: 0.2064
D11: SUBTOTAL 1. | I11: =SUBTOTAL(9,I10) -> 99869
A12: 2.0 | D12: INSTALAÇÃO DO CANTEIRO DE OBRAS
A13: 2.1 | B13: CP0002 | C13: COMPOSIÇÃO | D13: INSTALAÇÃO DO CANTEIRO DE OBRA | E13: UN | F13: 1 | G13: 1115617.9 | H13: =IFERROR(ROUND((1+J13)*G13,2),0) -> 1345881.4 | I13: =IFERROR(TRUNC(H13*F13,2),0) -> 1345881.4 | J13: 0.2064
A14: 2.2 | B14: 903802 | C14: COMPOSIÇÃO | D14: Bacia de contenção para tanque de emulsão de 30.000 l - inclusive demolição | E14: un | F14: 10 | G14: 16325.45 | H14: =IFERROR(ROUND((1+J14)*G14,2),0) -> 19695.02 | I14: =IFERROR(TRUNC(H14*F14,2),0) -> 196950.2 | J14: 0.2064
A15: 2.3 | B15: 903810 | C15: COMPOSIÇÃO | D15: Instalação da usina de asfalto a quente capacidade de 120 t/h | E15: un | F15: 1 | G15: 212676.4 | H15: =IFERROR(ROUND((1+J15)*G15,2),0) -> 256572.81 | I15: =IFERROR(TRUNC(H15*F15,2),0) -> 256572.81 | J15: 0.2064
A16: 2.4 | B16: 903808 | C16: COMPOSIÇÃO | D16: Instalação da usina misturadora de solos com capacidade de 300 t/h | E16: un | F16: 1 | G16: 127397.3 | H16: =IFERROR(ROUND((1+J16)*G16,2),0) -> 153692.1 | I16: =IFERROR(TRUNC(H16*F16,2),0) -> 153692.1 | J16: 0.2064
A17: 2.5 | B17: 903804 | C17: COMPOSIÇÃO | D17: Instalação da central de concreto com capacidade de 30 m³/h | E17: un | F17: 1 | G17: 74142.47 | H17: =IFERROR(ROUND((1+J17)*G17,2),0) -> 89445.48 | I17: =IFERROR(TRUNC(H17*F17,2),0) -> 89445.48 | J17: 0.2064
A18: 2.6 | B18: CP0003 | C18: COMPOSIÇÃO | D18: DESTINAÇÃO DE RESÍDUOS SÓLIDOS (METRALHA) | E18: T | F18: 823.57 | G18: 97.89 | H18: =IFERROR(ROUND((1+J18)*G18,2),0) -> 112.03 | I18: =IFERROR(TRUNC(H18*F18,2),0) -> 92264.54 | J18: 0.1444
D19: SUBTOTAL 2. | I19: =SUBTOTAL(9,I12:I18) -> 2134806.5
A20: 3.0 | D20: ADMINISTRAÇÃO LOCAL DE OBRA
A21: 3.1 | C21: COMPOSIÇÃO | D21: ADMINISTRAÇÃO LOCAL DE OBRA | E21: UN | F21: 1 | G21: 6590380.2 | H21: =IFERROR(ROUND((1+J21)*G21,2),0) -> 7950634.7 | I21: =IFERROR(TRUNC(H21*F21,2),0) -> 7950634.7 | J21: 0.2064
D22: SUBTOTAL 3. | I22: =SUBTOTAL(9,I20:I21) -> 7950634.7
A23: 4.0 | D23: TERRAPLENAGEM
A24: 4.1 | B24: 5501710 | C24: COMPOSIÇÃO | D24: Escavação, carga e transporte em material de 1ª categoria - DMT de 50 m | E24: m³ | F24: 12962.14 | G24: 3.77 | H24: =IFERROR(ROUND((1+J24)*G24,2),0) -> 4.55 | I24: =IFERROR(TRUNC(H24*F24,2),0) -> 58977.73 | J24: 0.2064
A25: 4.2 | B25: 5502161 | C25: COMPOSIÇÃO | D25: Escavação, carga e transporte de material de 1ª categoria - DMT de 50 a 200 m - caminho de serviço pavimentado - com escavadeira e caminhão basculante de 14 m³ | E25: m³ | F25: 1360.24 | G25: 5.68 | H25: =IFERROR(ROUND((1+J25)*G25,2),0) -> 6.85 | I25: =IFERROR(TRUNC(H25*F25,2),0) -> 9317.64 | J25: 0.2064
A26: 4.3 | B26: 5502162 | C26: COMPOSIÇÃO | D26: Escavação, carga e transporte de material de 1ª categoria - DMT de 200 a 400 m - caminho de serviço pavimentado - com escavadeira e caminhão basculante de 14 m³ | E26: m³ | F26: 1270.42 | G26: 6.43 | H26: =IFERROR(ROUND((1+J26)*G26,2),0) -> 7.76 | I26: =IFERROR(TRUNC(H26*F26,2),0) -> 9858.45 | J26: 0.2064
A27: 4.4 | B27: 5502163 | C27: COMPOSIÇÃO | D27: Escavação, carga e transporte de material de 1ª categoria - DMT de 400 a 600 m - caminho de serviço pavimentado - com escavadeira e caminhão basculante de 14 m³ | E27: m³ | F27: 102.55 | G27: 6.62 | H27: =IFERROR(ROUND((1+J27)*G27,2),0) -> 7.99 | I27: =IFERROR(TRUNC(H27*F27,2),0) -> 819.37 | J27: 0.2064
A28: 4.5 | B28: 5502164 | C28: COMPOSIÇÃO | D28: Escavação, carga e transporte de material de 1ª categoria - DMT de 600 a 800 m - caminho de serviço pavimentado - com escavadeira e caminhão basculante de 14 m³ | E28: m³ | F28: 2641.26 | G28: 6.81 | H28: =IFERROR(ROUND((1+J28)*G28,2),0) -> 8.22 | I28: =IFERROR(TRUNC(H28*F28,2),0) -> 21711.15 | J28: 0.2064
A29: 4.6 | B29: 5502165 | C29: COMPOSIÇÃO | D29: Escavação, carga e transporte de material de 1ª categoria - DMT de 800 a 1.000 m - caminho de serviço pavimentado - com escavadeira e caminhão basculante de 14 m³ | E29: m³ | F29: 567.94 | G29: 7 | H29: =IFERROR(ROUND((1+J29)*G29,2),0) -> 8.44 | I29: =IFERROR(TRUNC(H29*F29,2),0) -> 4793.41 | J29: 0.2064
A30: 4.7 | B30: 5502166 | C30: COMPOSIÇÃO | D30: Escavação, carga e transporte de material de 1ª categoria - DMT de 1.000 a 1.200 m - caminho de serviço pavimentado - com escavadeira e caminhão basculante de 14 m³ | E30: m³ | F30: 3133.26 | G30: 7.65 | H30: =IFERROR(ROUND((1+J30)*G30,2),0) -> 9.23 | I30: =IFERROR(TRUNC(H30*F30,2),0) -> 28919.98 | J30: 0.2064
A31: 4.8 | B31: 5502167 | C31: COMPOSIÇÃO | D31: Escavação, carga e transporte de material de 1ª categoria - DMT de 1.200 a 1.400 m - caminho de serviço pavimentado - com escavadeira e caminhão basculante de 14 m³ | E31: m³ | F31: 9.74 | G31: 7.79 | H31: =IFERROR(ROUND((1+J31)*G31,2),0) -> 9.4 | I31: =IFERROR(TRUNC(H31*F31,2),0) -> 91.55 | J31: 0.2064
A32: 4.9 | B32: 5502168 | C32: COMPOSIÇÃO | D32: Escavação, carga e transporte de material de 1ª categoria - DMT de 1.400 a 1.600 m - caminho de serviço pavimentado - com escavadeira e caminhão basculante de 14 m³ | E32: m³ | F32: 15.59 | G32: 7.93 | H32: =IFERROR(ROUND((1+J32)*G32,2),0) -> 9.57 | I32: =IFERROR(TRUNC(H32*F32,2),0) -> 149.19 | J32: 0.2064
A33: 4.10 | B33: 5502169 | C33: COMPOSIÇÃO | D33: Escavação, carga e transporte de material de 1ª categoria - DMT de 1.600 a 1.800 m - caminho de serviço pavimentado - com escavadeira e caminhão basculante de 14 m³ | E33: m³ | F33: 160.67 | G33: 8.12 | H33: =IFERROR(ROUND((1+J33)*G33,2),0) -> 9.8 | I33: =IFERROR(TRUNC(H33*F33,2),0) -> 1574.56 | J33: 0.2064
A34: 4.11 | B34: 5502170 | C34: COMPOSIÇÃO | D34: Escavação, carga e transporte de material de 1ª categoria - DMT de 1.800 a 2.000 m - caminho de serviço pavimentado - com escavadeira e caminhão basculante de 14 m³ | E34: m³ | F34: 1107.22 | G34: 8.26 | H34: =IFERROR(ROUND((1+J34)*G34,2),0) -> 9.96 | I34: =IFERROR(TRUNC(H34*F34,2),0) -> 11027.91 | J34: 0.2064
A35: 4.12 | B35: CP0005 | C35: COMPOSIÇÃO | D35: Escavação, carga e transporte de material de 1ª categoria na | E35: m³ | F35: 66100.63 | G35: 74.52 | H35: =IFERROR(ROUND((1+J35)*G35,2),0) -> 89.9 | I35: =IFERROR(TRUNC(H35*F35,2),0) -> 5942446.6 | J35: 0.2064 | L35: 130099.26 | M35: 11695923
A36: 4.13 | B36: 5503041 | C36: COMPOSIÇÃO | D36: Compactação de aterros a 100% do Proctor intermediário | E36: m³ | F36: 21444.06 | G36: 6.65 | H36: =IFERROR(ROUND((1+J36)*G36,2),0) -> 8.02 | I36: =IFERROR(TRUNC(H36*F36,2),0) -> 171981.36 | J36: 0.2064
A37: 4.14 | B37: 5501700 | C37: COMPOSIÇÃO | D37: Desmatamento, destocamento e limpeza de área com árvores de diâmetro até 0,15 m | E37: m² | F37: 16.68 | G37: 0.72 | H37: =IFERROR(ROUND((1+J37)*G37,2),0) -> 0.87 | I37: =IFERROR(TRUNC(H37*F37,2),0) -> 14.51 | J37: 0.2064
A38: 4.15 | B38: 5501701 | C38: COMPOSIÇÃO | D38: Destocamento de árvores com diâmetro de 0,15 a 0,30 m | E38: un | F38: 8 | G38: 53.47 | H38: =IFERROR(ROUND((1+J38)*G38,2),0) -> 64.51 | I38: =IFERROR(TRUNC(H38*F38,2),0) -> 516.08 | J38: 0.2064
A39: 4.16 | B39: 5501702 | C39: COMPOSIÇÃO | D39: Destocamento de árvores com diâmetro maior que 0,30 m | E39: un | F39: 10 | G39: 133.67 | H39: =IFERROR(ROUND((1+J39)*G39,2),0) -> 161.26 | I39: =IFERROR(TRUNC(H39*F39,2),0) -> 1612.6 | J39: 0.2064
A40: 4.17 | B40: CP0006 | C40: COMPOSIÇÃO | D40: DESTINAÇÃO DE RESÍDUOS SÓLIDOS (SOLO) | E40: T | F40: 20787 | G40: 77.28 | H40: =IFERROR(ROUND((1+J40)*G40,2),0) -> 88.44 | I40: =IFERROR(TRUNC(H40*F40,2),0) -> 1838402.3 | J40: 0.1444 | L40: 14750642
D41: SUBTOTAL 4. | I41: =SUBTOTAL(9,I23:I40) -> 8102214.4
A42: 5.0 | D42: DRENAGEM
A43: 5.1 | D43: DRENAGEM SUPERFICIAL - DEMOLIÇÕES
A44: 5.1.1 | B44: 1600989 | C44: COMPOSIÇÃO | D44: Demolição de concreto simples com martelete | E44: m³ | F44: 476.39 | G44: 574.2 | H44: =IFERROR(ROUND((1+J44)*G44,2),0) -> 692.71 | I44: =IFERROR(TRUNC(H44*F44,2),0) -> 330000.11 | J44: 0.2064
A45: 5.1.2 | B45: CP0003 | C45: COMPOSIÇÃO | D45: DESTINAÇÃO DE RESÍDUOS SÓLIDOS (METRALHA) | E45: T | F45: 1143.34 | G45: 97.89 | H45: =IFERROR(ROUND((1+J45)*G45,2),0) -> 112.03 | I45: =IFERROR(TRUNC(H45*F45,2),0) -> 128088.38 | J45: 0.1444
A46: 5.2 | D46: DRENAGEM SUPERFICIAL - IMPLANTAÇÃO
A47: 5.2.1 | B47: 2003377 | C47: COMPOSIÇÃO | D47: Meio-fio de concreto - MFC 05 - areia e brita comerciais - fôrma de madeira | E47: m | F47: 13471.8 | G47: 58.61 | H47: =IFERROR(ROUND((1+J47)*G47,2),0) -> 70.71 | I47: =IFERROR(TRUNC(H47*F47,2),0) -> 952590.97 | J47: 0.2064
A48: 5.2.2 | B48: 2003257 | C48: COMPOSIÇÃO | D48: Sarjeta triangular de concreto - STC 100-20 - escavação mecânica - areia e brita comerciais | E48: m | F48: 12960 | G48: 54.44 | H48: =IFERROR(ROUND((1+J48)*G48,2),0) -> 65.68 | I48: =IFERROR(TRUNC(H48*F48,2),0) -> 851212.8 | J48: 0.2064
A49: 5.2.3 | B49: 2003099 | C49: COMPOSIÇÃO | D49: Transposição de segmentos de sarjeta - TSS 150 - areia e brita comerciais | E49: m | F49: 445 | G49: 1180.61 | H49: =IFERROR(ROUND((1+J49)*G49,2),0) -> 1424.29 | I49: =IFERROR(TRUNC(H49*F49,2),0) -> 633809.05 | J49: 0.2064
A50: 5.2.4 | B50: 2003315 | C50: COMPOSIÇÃO | D50: Valeta de proteção de aterros com revestimento de concreto - VPAC 120-30 - escavação mecânica - areia e brita comerciais | E50: m | F50: 2780 | G50: 94.76 | H50: =IFERROR(ROUND((1+J50)*G50,2),0) -> 114.32 | I50: =IFERROR(TRUNC(H50*F50,2),0) -> 317809.6 | J50: 0.2064
A51: 5.2.5 | B51: 2003309 | C51: COMPOSIÇÃO | D51: Valeta de proteção de cortes com revestimento de concreto - VPCC 120-30 - escavação mecânica - areia e brita comerciais | E51: m | F51: 9100 | G51: 94.76 | H51: =IFERROR(ROUND((1+J51)*G51,2),0) -> 114.32 | I51: =IFERROR(TRUNC(H51*F51,2),0) -> 1040312 | J51: 0.2064
A52: 5.2.6 | B52: 2003109 | C52: COMPOSIÇÃO | D52: Entrada para descida d'água - EDA 04 A - areia e brita comerciais | E52: un | F52: 71 | G52: 195.21 | H52: =IFERROR(ROUND((1+J52)*G52,2),0) -> 235.5 | I52: =IFERROR(TRUNC(H52*F52,2),0) -> 16720.5 | J52: 0.2064
A53: 5.2.7 | B53: 2003121 | C53: COMPOSIÇÃO | D53: Entrada para descida d'água - EDA 04 B - areia e brita comerciais | E53: un | F53: 27 | G53: 282.55 | H53: =IFERROR(ROUND((1+J53)*G53,2),0) -> 340.87 | I53: =IFERROR(TRUNC(H53*F53,2),0) -> 9203.49 | J53: 0.2064
A54: 5.2.8 | B54: 2003393 | C54: COMPOSIÇÃO | D54: Descida d'água de aterros tipo rápido - DAR 60-30 - areia e brita comerciais | E54: m | F54: 434.82 | G54: 363.91 | H54: =IFERROR(ROUND((1+J54)*G54,2),0) -> 439.02 | I54: =IFERROR(ROUND(H54*F54,2),0) -> 190894.68 | J54: 0.2064
A55: 5.2.9 | B55: 2003233 | C55: COMPOSIÇÃO | D55: Dissipador de energia - DES 120-360 - areia, brita e pedra de mão comerciais | E55: un | F55: 59 | G55: 1035.46 | H55: =IFERROR(ROUND((1+J55)*G55,2),0) -> 1249.18 | I55: =IFERROR(ROUND(H55*F55,2),0) -> 73701.62 | J55: 0.2064
A56: 5.2.10 | B56: 2003237 | C56: COMPOSIÇÃO | D56: Dissipador de energia - DES 100-300 - areia, brita e pedra de mão comerciais | E56: un | F56: 83 | G56: 792.13 | H56: =IFERROR(ROUND((1+J56)*G56,2),0) -> 955.63 | I56: =IFERROR(ROUND(H56*F56,2),0) -> 79317.29 | J56: 0.2064
A57: 5.2.11 | B57: 2003175 | C57: COMPOSIÇÃO | D57: Dissipador de energia - DED 01 A - areia, brita e pedra de mão comerciais | E57: un | F57: 99 | G57: 673.96 | H57: =IFERROR(ROUND((1+J57)*G57,2),0) -> 813.07 | I57: =IFERROR(ROUND(H57*F57,2),0) -> 80493.93 | J57: 0.2064
A58: 5.3 | D58: DRENAGEM PROFUNDA - IMPLANTAÇÃO
A59: 5.3.1 | B59: 2003611 | C59: COMPOSIÇÃO | D59: Dreno subsuperficial - DSS 04 - tubo PEAD e brita comercial | E59: m | F59: 83506 | G59: 62.87 | H59: =IFERROR(ROUND((1+J59)*G59,2),0) -> 75.85 | I59: =IFERROR(ROUND(H59*F59,2),0) -> 6333930.1 | J59: 0.2064
A60: 5.3.2 | B60: 2003613 | C60: COMPOSIÇÃO | D60: Boca de saída para dreno subsuperficial - BSD 03 - areia e brita comerciais | E60: un | F60: 2038 | G60: 155.03 | H60: =IFERROR(ROUND((1+J60)*G60,2),0) -> 187.03 | I60: =IFERROR(ROUND(H60*F60,2),0) -> 381167.14 | J60: 0.2064
A61: 5.3.3 | B61: CP0007 | C61: COMPOSIÇÃO | D61: Dreno longitudinal profundo para corte em solo - DPS 07 - tubo PEAD e brita comercial | E61: m | F61: 9958.49 | G61: 183.07 | H61: =IFERROR(ROUND((1+J61)*G61,2),0) -> 220.86 | I61: =IFERROR(ROUND(H61*F61,2),0) -> 2199432.1 | J61: 0.2064
A62: 5.3.4 | B62: 2003921 | C62: COMPOSIÇÃO | D62: Boca de saída para dreno longitudinal profundo - BSD 02 - tubo de PEAD - areia e brita comerciais | E62: un | F62: 50 | G62: 269.21 | H62: =IFERROR(ROUND((1+J62)*G62,2),0) -> 324.77 | I62: =IFERROR(ROUND(H62*F62,2),0) -> 16238.5 | J62: 0.2064
A63: 5.3.5 | B63: 2003591 | C63: COMPOSIÇÃO | D63: Dreno longitudinal profundo para corte em rocha - DPR 02 - tubo PEAD e brita comercial | E63: m | F63: 1000 | G63: 141.68 | H63: =IFERROR(ROUND((1+J63)*G63,2),0) -> 170.92 | I63: =IFERROR(ROUND(H63*F63,2),0) -> 170920 | J63: 0.2064
D64: SUBTOTAL 5. | I64: =SUBTOTAL(9,I42:I63) -> 13805842
A65: 6.0 | D65: OBRAS DE ARTE CORRENTES
A66: 6.1 | D66: OBRAS DE ARTE CORRENTES - EXISTENTES
A67: 6.1.1 | B67: 4915712 | C67: COMPOSIÇÃO | D67: Limpeza de bueiro | E67: m³ | F67: 1437.21 | G67: 23.67 | H67: =IFERROR(ROUND((1+J67)*G67,2),0) -> 28.56 | I67: =IFERROR(ROUND(H67*F67,2),0) -> 41046.72 | J67: 0.2064
A68: 6.1.2 | B68: 4915713 | C68: COMPOSIÇÃO | D68: Desobstrução de bueiro | E68: m³ | F68: 602.97 | G68: 71.02 | H68: =IFERROR(ROUND((1+J68)*G68,2),0) -> 85.68 | I68: =IFERROR(ROUND(H68*F68,2),0) -> 51662.47 | J68: 0.2064
A69: 6.1.3 | B69: 1600436 | C69: COMPOSIÇÃO | D69: Demolição manual de concreto simples | E69: m³ | F69: 149.35 | G69: 559.55 | H69: =IFERROR(ROUND((1+J69)*G69,2),0) -> 675.04 | I69: =IFERROR(ROUND(H69*F69,2),0) -> 100817.22 | J69: 0.2064
A70: 6.1.4 | B70: CP0008 | C70: COMPOSIÇÃO | D70: Remoção de tubos de concreto com diâmetro de 0,40 m a 1,00 m em valas e bueiros - Inclusive transporte para CTR | E70: m | F70: 45 | G70: 66.11 | H70: =IFERROR(ROUND((1+J70)*G70,2),0) -> 79.76 | I70: =IFERROR(ROUND(H70*F70,2),0) -> 3589.2 | J70: 0.2064
A71: 6.1.5 | B71: CP0003 | C71: COMPOSIÇÃO | D71: DESTINAÇÃO DE RESÍDUOS SÓLIDOS (METRALHA) | E71: T | F71: 386.8 | G71: 97.89 | H71: =IFERROR(ROUND((1+J71)*G71,2),0) -> 112.03 | I71: =IFERROR(ROUND(H71*F71,2),0) -> 43333.2 | J71: 0.1444
A72: 6.2 | D72: OBRAS DE ARTE CORRENTES - IMPLANTAÇÃO
A73: 6.2.1 | B73: 1109669 | C73: COMPOSIÇÃO | D73: Argamassa de cimento e areia 1:3 - confecção em betoneira e lançamento manual - areia comercial | E73: m³ | F73: 1.2 | G73: 465.88 | H73: =IFERROR(ROUND((1+J73)*G73,2),0) -> 562.04 | I73: =IFERROR(ROUND(H73*F73,2),0) -> 674.45 | J73: 0.2064
A74: 6.2.2 | B74: CP0009 | C74: COMPOSIÇÃO | D74: Boca de BSTC D=0,60 m - esconsidade 0° - areia e brita comerciais - alas esconsas (BNAA 01) | E74: UN | F74: 2 | G74: 1776.03 | H74: =IFERROR(ROUND((1+J74)*G74,2),0) -> 2142.6 | I74: =IFERROR(ROUND(H74*F74,2),0) -> 4285.2 | J74: 0.2064
A75: 6.2.3 | B75: 804029 | C75: COMPOSIÇÃO | D75: Corpo de BSTC D = 0,80 m PA1 - areia, brita e pedra de mão comerciais | E75: m | F75: 81 | G75: 632.3 | H75: =IFERROR(ROUND((1+J75)*G75,2),0) -> 762.81 | I75: =IFERROR(ROUND(H75*F75,2),0) -> 61787.61 | J75: 0.2064
A76: 6.2.4 | B76: CP0010 | C76: COMPOSIÇÃO | D76: Boca de BSTC D = 0,80 m - esconsidade 0° - areia e brita comerciais - alas esconsas (BNAA 03) | E76: un | F76: 7 | G76: 2734.32 | H76: =IFERROR(ROUND((1+J76)*G76,2),0) -> 3298.68 | I76: =IFERROR(ROUND(H76*F76,2),0) -> 23090.76 | J76: 0.2064
A77: 6.2.5 | B77: 804037 | C77: COMPOSIÇÃO | D77: Corpo de BSTC D = 1,00 m PA1 - areia, brita e pedra de mão comerciais | E77: m | F77: 114 | G77: 792.19 | H77: =IFERROR(ROUND((1+J77)*G77,2),0) -> 955.7 | I77: =IFERROR(ROUND(H77*F77,2),0) -> 108949.8 | J77: 0.2064
A78: 6.2.6 | B78: CP0011 | C78: COMPOSIÇÃO | D78: Boca de BSTC D = 1,00 m - esconsidade 0° | E78: un | F78: 11 | G78: 4423.06 | H78: =IFERROR(ROUND((1+J78)*G78,2),0) -> 5335.98 | I78: =IFERROR(ROUND(H78*F78,2),0) -> 58695.78 | J78: 0.2064
A79: 6.2.7 | B79: 705225 | C79: COMPOSIÇÃO | D79: Boca de BSCC 1,50 x 1,50 m - esconsidade 0° - areia e brita comerciais | E79: un | F79: 29 | G79: 11713.48 | H79: =IFERROR(ROUND((1+J79)*G79,2),0) -> 14131.14 | I79: =IFERROR(ROUND(H79*F79,2),0) -> 409803.06 | J79: 0.2064
A80: 6.2.8 | B80: 705233 | C80: COMPOSIÇÃO | D80: Boca de BSCC 2,00 x 2,00 m - esconsidade 0° - areia e brita comerciais | E80: un | F80: 8 | G80: 18179.2 | H80: =IFERROR(ROUND((1+J80)*G80,2),0) -> 21931.39 | I80: =IFERROR(ROUND(H80*F80,2),0) -> 175451.12 | J80: 0.2064
A81: 6.2.9 | B81: 705322 | C81: COMPOSIÇÃO | D81: Boca de BDCC 2,00 x 2,00 m - esconsidade 0° - areia e brita comerciais | E81: un | F81: 2 | G81: 21068.55 | H81: =IFERROR(ROUND((1+J81)*G81,2),0) -> 25417.1 | I81: =IFERROR(ROUND(H81*F81,2),0) -> 50834.2 | J81: 0.2064
A82: 6.2.10 | B82: CP0012 | C82: COMPOSIÇÃO | D82: Caixa coletora de talvegue com grelha de concreto - CCT 250-100 A - Areia e brita comerciais | E82: un | F82: 2 | G82: 5660.74 | H82: =IFERROR(ROUND((1+J82)*G82,2),0) -> 6829.12 | I82: =IFERROR(ROUND(H82*F82,2),0) -> 13658.24 | J82: 0.2064
A83: 6.2.11 | B83: CP0013 | C83: COMPOSIÇÃO | D83: Caixa coletora de talvegue com grelha de concreto - CCT 350-100 A - Areia e brita comerciais | E83: un | F83: 2 | G83: 7593.78 | H83: =IFERROR(ROUND((1+J83)*G83,2),0) -> 9161.14 | I83: =IFERROR(ROUND(H83*F83,2),0) -> 18322.28 | J83: 0.2064
A84: 6.2.12 | B84: 2003457 | C84: COMPOSIÇÃO | D84: Dissipador de energia - DEB 300-366 - areia, brita e pedra de mão comerciais | E84: un | F84: 2 | G84: 1759.55 | H84: =IFERROR(ROUND((1+J84)*G84,2),0) -> 2122.72 | I84: =IFERROR(ROUND(H84*F84,2),0) -> 4245.44 | J84: 0.2064
A85: 6.2.13 | B85: 2003419 | C85: COMPOSIÇÃO | D85: Descida d'água de aterros em degraus - DAD 170-35 - areia e brita comerciais | E85: m | F85: 5 | G85: 1042.51 | H85: =IFERROR(ROUND((1+J85)*G85,2),0) -> 1257.68 | I85: =IFERROR(ROUND(H85*F85,2),0) -> 6288.4 | J85: 0.2064
A86: 6.2.14 | B86: 4805757 | C86: COMPOSIÇÃO | D86: Escavação mecânica de vala em material de 1ª categoria | E86: m³ | F86: 1085.45 | G86: 6.93 | H86: =IFERROR(ROUND((1+J86)*G86,2),0) -> 8.36 | I86: =IFERROR(ROUND(H86*F86,2),0) -> 9074.36 | J86: 0.2064
A87: 6.2.15 | B87: 4815671 | C87: COMPOSIÇÃO | D87: Reaterro e compactação com soquete vibratório | E87: m³ | F87: 560.55 | G87: 19.34 | H87: =IFERROR(ROUND((1+J87)*G87,2),0) -> 23.33 | I87: =IFERROR(ROUND(H87*F87,2),0) -> 13077.63 | J87: 0.2064
A88: 6.2.16 | B88: 2106292 | C88: COMPOSIÇÃO | D88: Escoramento contínuo de valas com tábuas de 2,5 x 30 cm e longarinas de 6 x 16 cm - estroncas a cada metro não incluídas - profundidade de até 4 m - madeira com utilização de 3 vezes - confecção, instalação e retirada | E88: m² | F88: 1126.6 | G88: 167.42 | H88: =IFERROR(ROUND((1+J88)*G88,2),0) -> 201.98 | I88: =IFERROR(ROUND(H88*F88,2),0) -> 227550.67 | J88: 0.2064
A89: 6.2.17 | B89: 2106295 | C89: COMPOSIÇÃO | D89: Estroncas para valas com D = 15 cm - madeira com utilização de 3 vezes | E89: m | F89: 536.71 | G89: 18.91 | H89: =IFERROR(ROUND((1+J89)*G89,2),0) -> 22.81 | I89: =IFERROR(ROUND(H89*F89,2),0) -> 12242.36 | J89: 0.2064
A90: 6.2.18 | B90: CP0014 | C90: COMPOSIÇÃO | D90: Espalhamento manual de solo proveniente do excedente da escavação para implantação de bueiros, nas áreas laterais das novas estruturas | E90: m³ | F90: 2565.08 | G90: 3.74 | H90: =IFERROR(ROUND((1+J90)*G90,2),0) -> 4.51 | I90: =IFERROR(ROUND(H90*F90,2),0) -> 11568.51 | J90: 0.2064
D91: SUBTOTAL 6. | I91: =SUBTOTAL(9,I65:I90) -> 1450048.7
A92: 7.0 | D92: PAVIMENTAÇÃO
A93: 7.1 | B93: 4011212 | C93: COMPOSIÇÃO | D93: Varredura da superfície para execução de revestimento asfáltico | E93: m² | F93: 321965.11 | G93: 0.09 | H93: =IFERROR(ROUND((1+J93)*G93,2),0) -> 0.11 | I93: =IFERROR(TRUNC(H93*F93,2),0) -> 35416.16 | J93: 0.2064
A94: 7.2 | B94: 4011539 | C94: COMPOSIÇÃO | D94: Cura com pintura asfáltica para camadas granulares com adição de cimento | E94: m² | F94: 241944.31 | G94: 0.37 | H94: =IFERROR(ROUND((1+J94)*G94,2),0) -> 0.45 | I94: =IFERROR(TRUNC(H94*F94,2),0) -> 108874.93 | J94: 0.2064
A95: 7.3 | B95: 4011370 | C95: COMPOSIÇÃO | D95: Tratamento superficial duplo com emulsão - brita comercial | E95: m² | F95: 241944.31 | G95: 6.01 | H95: =IFERROR(ROUND((1+J95)*G95,2),0) -> 7.25 | I95: =IFERROR(TRUNC(H95*F95,2),0) -> 1754096.2 | J95: 0.2064
A96: 7.4 | B96: 4011353 | C96: COMPOSIÇÃO | D96: Pintura de ligação | E96: m² | F96: 377216.52 | G96: 0.48 | H96: =IFERROR(ROUND((1+J96)*G96,2),0) -> 0.58 | I96: =IFERROR(TRUNC(H96*F96,2),0) -> 218785.58 | J96: 0.2064
A97: 7.5 | B97: 4915657 | C97: COMPOSIÇÃO | D97: Fresagem contínua de revestimento asfáltico - espessura de 5 cm | E97: m³ | F97: 12097.226 | G97: 189.38 | H97: =IFERROR(ROUND((1+J97)*G97,2),0) -> 228.47 | I97: =IFERROR(TRUNC(H97*F97,2),0) -> 2763853.2 | J97: 0.2064
A98: 7.6 | B98: 4011466 | C98: COMPOSIÇÃO | D98: Concreto asfáltico com asfalto polímero - faixa C - areia e brita comerciais | E98: t | F98: 43488.55 | G98: 212.76 | H98: =IFERROR(ROUND((1+J98)*G98,2),0) -> 256.67 | I98: =IFERROR(TRUNC(H98*F98,2),0) -> 11162206 | J98: 0.2064
A99: 7.7 | B99: 1600989 | C99: COMPOSIÇÃO | D99: Demolição de concreto simples com martelete | E99: m³ | F99: 1714.65 | G99: 574.2 | H99: =IFERROR(ROUND((1+J99)*G99,2),0) -> 692.71 | I99: =IFERROR(TRUNC(H99*F99,2),0) -> 1187755.2 | J99: 0.2064
A100: 7.8 | B100: CP0003 | C100: COMPOSIÇÃO | D100: DESTINAÇÃO DE RESÍDUOS SÓLIDOS (METRALHA) | E100: T | F100: =F99*2.4 -> 4115.16 | G100: 97.89 | H100: =IFERROR(ROUND((1+J100)*G100,2),0) -> 112.03 | I100: =IFERROR(TRUNC(H100*F100,2),0) -> 461021.37 | J100: 0.1444 | K100: =F100/F99 -> 2.4
A101: 7.9 | B101: 4915669 | C101: COMPOSIÇÃO | D101: Remoção mecanizada de camada granular do pavimento | E101: m³ | F101: 21579.884 | G101: 140.61 | H101: =IFERROR(ROUND((1+J101)*G101,2),0) -> 169.63 | I101: =IFERROR(TRUNC(H101*F101,2),0) -> 3660595.7 | J101: 0.2064
A102: 7.10 | B102: CP0006 | C102: COMPOSIÇÃO | D102: DESTINAÇÃO DE RESÍDUOS SÓLIDOS (SOLO) | E102: T | F102: =F101*1.5 -> 32369.826 | G102: 77.28 | H102: =IFERROR(ROUND((1+J102)*G102,2),0) -> 88.44 | I102: =IFERROR(TRUNC(H102*F102,2),0) -> 2862787.4 | J102: 0.1444 | K102: =F102/F101 -> 1.5
...

Sheet CURVA ABC
A1: DEMONSTRATIVO DA CURVA ABC DE SERVIÇOS
A2: CÓDIGO | B2: DESCRIÇÃO | C2: UND | D2: QUANT. | E2: PREÇO UNITÁRIO | F2: PREÇO TOTAL | G2: CURVA ABC
G3: % | H3: % ACUM
A4: CP0026 | B4: AQUISIÇÃO DE ASFALTO CAP 55/75-E | C4: T | D4: 2610.206 | E4: 7370.04 | F4: =TRUNC(E4*D4,2) -> 19237323 | G4: =F4/$F$173 -> 0.1602207 | H4: =G4 -> 0.1602207
A5: 4011278 | B5: Base ou sub-base de brita graduada tratada com cimento com brita comercial - 100% Proctor modificado | C5: m³ | D5: 37749.333 | E5: 313.46 | F5: =TRUNC(E5*D5,2) -> 11832906 | G5: =F5/$F$173 -> 0.098551994 | H5: =H4+G5 -> 0.2587727
A6: 4011466 | B6: Concreto asfáltico com asfalto polímero - faixa C - areia e brita comerciais | C6: t | D6: 43488.55 | E6: 256.67 | F6: =TRUNC(E6*D6,2) -> 11162206 | G6: =F6/$F$173 -> 0.092965978 | H6: =H5+G6 -> 0.35173868
A7: CP0001 | B7: ADMINISTRAÇÃO LOCAL | C7: UN | D7: 1 | E7: 7950634.7 | F7: =TRUNC(E7*D7,2) -> 7950634.7 | G7: =F7/$F$173 -> 0.066217962 | H7: =H6+G7 -> 0.41795664
A8: 4011520 | B8: Pavimento de concreto com equipamento de pequeno porte - areia e brita comerciais (Whitetopping) | C8: m³ | D8: 9970.8 | E8: 717.1 | F8: =TRUNC(E8*D8,2) -> 7150060.7 | G8: =F8/$F$173 -> 0.05955027 | H8: =H7+G8 -> 0.47750691
A9: 2003611 | B9: Dreno subsuperficial - DSS 04 - tubo PEAD e brita comercial | C9: m | D9: 83506 | E9: 75.85 | F9: =TRUNC(E9*D9,2) -> 6333930.1 | G9: =F9/$F$173 -> 0.052753013 | H9: =H8+G9 -> 0.53025992
A10: CP0005 | B10: Escavação, carga e transporte de material de 1ª categoria na | C10: m³ | D10: 66100.63 | E10: 89.9 | F10: =TRUNC(E10*D10,2) -> 5942446.6 | G10: =F10/$F$173 -> 0.049492489 | H10: =H9+G10 -> 0.57975241
A11: 4011276 | B11: Base ou sub-base de brita graduada com brita comercial - 100% Proctor modificado | C11: m³ | D11: 21201.25 | E11: 251.22 | F11: =TRUNC(E11*D11,2) -> 5326178 | G11: =F11/$F$173 -> 0.044359811 | H11: =H10+G11 -> 0.62411222
A12: CP0034 | B12: Aquisição de Emulsão asfáltica RR-2C | C12: t | D12: 1088.99 | E12: 4545.59 | F12: =TRUNC(E12*D12,2) -> 4950102 | G12: =F12/$F$173 -> 0.04122761 | H12: =H11+G12 -> 0.66533983
A13: CP0006 | B13: DESTINAÇÃO DE RESÍDUOS SÓLIDOS (SOLO) | C13: T | D13: 53156.83 | E13: 88.44 | F13: =TRUNC(E13*D13,2) -> 4701190 | G13: =F13/$F$173 -> 0.039154512 | H13: =H12+G13 -> 0.70449434
A14: 4011282 | B14: Base ou sub-base de macadame hidráulico com brita comercial - 100% Proctor modificado (Rachinha) | C14: m³ | D14: 22139.45 | E14: 208.07 | F14: =TRUNC(E14*D14,2) -> 4606555.4 | G14: =F14/$F$173 -> 0.038366334 | H14: =H13+G14 -> 0.74286068
A15: 4915669 | B15: Remoção mecanizada de camada granular do pavimento | C15: m³ | D15: 21579.88 | E15: 169.63 | F15: =TRUNC(E15*D15,2) -> 3660595 | G15: =F15/$F$173 -> 0.030487772 | H15: =H14+G15 -> 0.77334845
A16: 4915657 | B16: Fresagem contínua de revestimento asfáltico - espessura de 5 cm | C16: m³ | D16: 12097.226 | E16: 228.47 | F16: =TRUNC(E16*D16,2) -> 2763853.2 | G16: =F16/$F$173 -> 0.023019134 | H16: =H15+G16 -> 0.79636758
A17: CP0007 | B17: Dreno longitudinal profundo para corte em solo - DPS 07 - tubo PEAD e brita comercial | C17: m | D17: 9958.49 | E17: 220.86 | F17: =TRUNC(E17*D17,2) -> 2199432.1 | G17: =F17/$F$173 -> 0.018318275 | H17: =H16+G17 -> 0.81468586
A18: CP0028 | B18: TRANSPORTE DE CAP 55/75-E | C18: T | D18: 2610.206 | E18: 677.01 | F18: =TRUNC(E18*D18,2) -> 1767135.6 | G18: =F18/$F$173 -> 0.014717833 | H18: =H17+G18 -> 0.82940369
A19: 4011370 | B19: Tratamento superficial duplo com emulsão - brita comercial | C19: m² | D19: 243278.11 | E19: 7.25 | F19: =TRUNC(E19*D19,2) -> 1763766.3 | G19: =F19/$F$173 -> 0.014689772 | H19: =H18+G19 -> 0.84409346
A20: 1600989 | B20: Demolição de concreto simples com martelete | C20: m³ | D20: 2191.04 | E20: 692.71 | F20: =TRUNC(E20*D20,2) -> 1517755.3 | G20: =F20/$F$173 -> 0.012640835 | H20: =H19+G20 -> 0.8567343
A21: CP0002 | B21: INSTALAÇÃO DO CANTEIRO DE OBRA | C21: UN | D21: 1 | E21: 1345881.4 | F21: =TRUNC(E21*D21,2) -> 1345881.4 | G21: =F21/$F$173 -> 0.011209359 | H21: =H20+G21 -> 0.86794366
A22: 2003309 | B22: Valeta de proteção de cortes com revestimento de concreto - VPCC 120-30 - escavação mecânica - areia e brita comerciais | C22: m | D22: 9100 | E22: 114.32 | F22: =TRUNC(E22*D22,2) -> 1040312 | G22: =F22/$F$173 -> 0.0086643824 | H22: =H21+G22 -> 0.87660804
A23: 2003377 | B23: Meio-fio de concreto - MFC 05 - areia e brita comerciais - fôrma de madeira | C23: m | D23: 13471.8 | E23: 70.71 | F23: =TRUNC(E23*D23,2) -> 952590.97 | G23: =F23/$F$173 -> 0.0079337857 | H23: =H22+G23 -> 0.88454182
A24: CP0025 | B24: AQUISIÇÃO DE EMULSÃO ASFÁLTICA RR-1C | C24: T | D24: 169.841 | E24: 5446.09 | F24: =TRUNC(E24*D24,2) -> 924969.37 | G24: =F24/$F$173 -> 0.0077037354 | H24: =H23+G24 -> 0.89224556
A25: 2003257 | B25: Sarjeta triangular de concreto - STC 100-20 - escavação mecânica - areia e brita comerciais | C25: m | D25: 12960 | E25: 65.68 | F25: =TRUNC(E25*D25,2) -> 851212.8 | G25: =F25/$F$173 -> 0.0070894436 | H25: =H24+G25 -> 0.899335
A26: CP0003 | B26: DESTINAÇÃO DE RESÍDUOS SÓLIDOS (METRALHA) | C26: T | D26: 6611.93 | E26: 112.03 | F26: =TRUNC(E26*D26,2) -> 740734.51 | G26: =F26/$F$173 -> 0.0061693099 | H26: =H25+G26 -> 0.90550431
A27: CP0035 | B27: Transporte de Emulsão asfáltic RR-2C | C27: t | D27: 1088.99 | E27: 677.01 | F27: =TRUNC(E27*D27,2) -> 737257.11 | G27: =F27/$F$173 -> 0.0061403479 | H27: =H26+G27 -> 0.91164466
A28: 2003099 | B28: Transposição de segmentos de sarjeta - TSS 150 - areia e brita comerciais | C28: m | D28: 445 | E28: 1424.29 | F28: =TRUNC(E28*D28,2) -> 633809.05 | G28: =F28/$F$173 -> 0.0052787664 | H28: =H27+G28 -> 0.91692343
A29: 5213401 | B29: Pintura de faixa com tinta acrílica - espessura de 0,6 mm | C29: m² | D29: 15810.59 | E29: 34.73 | F29: =TRUNC(E29*D29,2) -> 549101.79 | G29: =F29/$F$173 -> 0.0045732702 | H29: =H28+G29 -> 0.9214967
A30: 5219631 | B30: Tacha refletiva em resina sintética - monodirecional tipo III - com um pino - fornecimento e colocação | C30: un | D30: 6518 | E30: 66.63 | F30: =TRUNC(E30*D30,2) -> 434294.34 | G30: =F30/$F$173 -> 0.0036170805 | H30: =H29+G30 -> 0.92511378
A31: 705225 | B31: Boca de BSCC 1,50 x 1,50 m - esconsidade 0° - areia e brita comerciais | C31: un | D31: 29 | E31: 14131.14 | F31: =TRUNC(E31*D31,2) -> 409803.06 | G31: =F31/$F$173 -> 0.0034131015 | H31: =H30+G31 -> 0.92852688
A32: 5213850 | B32: Operação de sinalização por bandeirola de tecido ou com placa metálica | C32: h | D32: 14203 | E32: 28.54 | F32: =TRUNC(E32*D32,2) -> 405353.62 | G32: =F32/$F$173 -> 0.0033760437 | H32: =H31+G32 -> 0.93190292
A33: 2003613 | B33: Boca de saída para dreno subsuperficial - BSD 03 - areia e brita comerciais | C33: un | D33: 2038 | E33: 187.03 | F33: =TRUNC(E33*D33,2) -> 381167.14 | G33: =F33/$F$173 -> 0.0031746033 | H33: =H32+G33 -> 0.93507753
A34: 4011209 | B34: Regularização do subleito - 100% Proctor intermediário | C34: m² | D34: 157694.36 | E34: 2.32 | F34: =TRUNC(E34*D34,2) -> 365850.91 | G34: =F34/$F$173 -> 0.0030470399 | H34: =H33+G34 -> 0.93812457
A35: 2003315 | B35: Valeta de proteção de aterros com revestimento de concreto - VPAC 120-30 - escavação mecânica - areia e brita comerciais | C35: m | D35: 2780 | E35: 114.32 | F35: =TRUNC(E35*D35,2) -> 317809.6 | G35: =F35/$F$173 -> 0.0026469212 | H35: =H34+G35 -> 0.94077149
A36: CP0047 | B36: Terminal absorvedor de energia de não abertura com nível de contenção TL3 para defensa metálica - fornecimento e implantação | C36: UN | D36: 16 | E36: 19524.05 | F36: =TRUNC(E36*D36,2) -> 312384.8 | G36: =F36/$F$173 -> 0.00260174 | H36: =H35+G36 -> 0.94337323
A37: CP0030 | B37: Defensa metálica dupla onda H1W4 - fornecimento e implantação | C37: M | D37: 1032 | E37: 294.31 | F37: =TRUNC(E37*D37,2) -> 303727.92 | G37: =F37/$F$173 -> 0.00252964 | H37: =H36+G37 -> 0.94590287
A38: 903810 | B38: Instalação da usina de asfalto a quente capacidade de 120 t/h | C38: un | D38: 1 | E38: 256572.81 | F38: =TRUNC(E38*D38,2) -> 256572.81 | G38: =F38/$F$173 -> 0.0021369022 | H38: =H37+G38 -> 0.94803977
A39: 4011214 | B39: Sub-base de concreto compactado com rolo - brita comercial | C39: m³ | D39: 745.5 | E39: 327.15 | F39: =TRUNC(E39*D39,2) -> 243890.32 | G39: =F39/$F$173 -> 0.0020312743 | H39: =H38+G39 -> 0.95007104
A40: 1207721 | B40: Concreto projetado via seca fck = 30 MPa aplicado em teto | C40: m³ | D40: 109.97 | E40: 2200.67 | F40: =TRUNC(E40*D40,2) -> 242007.67 | G40: =F40/$F$173 -> 0.0020155944 | H40: =H39+G40 -> 0.95208664
A41: 5219623 | B41: Tacha refletiva em resina sintética - bidirecional tipo III - com um pino - fornecimento e colocação | C41: un | D41: 3478 | E41: 66.63 | F41: =TRUNC(E41*D41,2) -> 231739.14 | G41: =F41/$F$173 -> 0.0019300715 | H41: =H40+G41 -> 0.95401671
A42: 2106292 | B42: Escoramento contínuo de valas com tábuas de 2,5 x 30 cm e longarinas de 6 x 16 cm - estroncas a cada metro não incluídas - profundidade de até 4 m - madeira com utilização de 3 vezes - confecção, instalação e retirada | C42: m² | D42: 1126.6 | E42: 201.98 | F42: =TRUNC(E42*D42,2) -> 227550.66 | G42: =F42/$F$173 -> 0.0018951872 | H42: =H41+G42 -> 0.9559119
A43: 4011353 | B43: Pintura de ligação | C43: m² | D43: 377423.12 | E43: 0.58 | F43: =TRUNC(E43*D43,2) -> 218905.4 | G43: =F43/$F$173 -> 0.0018231839 | H43: =H42+G43 -> 0.95773508
A44: 3806410 | B44: Plataforma de trabalho suspensa sob tabuleiro de pontes com treliças metálicas e tábuas - utilização de 100 vezes - confecção, instalação e retirada | C44: m² | D44: 2635.28 | E44: 80.77 | F44: =TRUNC(E44*D44,2) -> 212851.56 | G44: =F44/$F$173 -> 0.0017727637 | H44: =H43+G44 -> 0.95950784
A45: 903802 | B45: Bacia de contenção para tanque de emulsão de 30.000 l - inclusive demolição | C45: un | D45: 10 | E45: 19695.02 | F45: =TRUNC(E45*D45,2) -> 196950.2 | G45: =F45/$F$173 -> 0.001640327 | H45: =H44+G45 -> 0.96114817
A46: 2003393 | B46: Descida d'água de aterros tipo rápido - DAR 60-30 - areia e brita comerciais | C46: m | D46: 434.82 | E46: 439.02 | F46: =TRUNC(E46*D46,2) -> 190894.67 | G46: =F46/$F$173 -> 0.0015898927 | H46: =H45+G46 -> 0.96273806
A47: 705233 | B47: Boca de BSCC 2,00 x 2,00 m - esconsidade 0° - areia e brita comerciais | C47: un | D47: 8 | E47: 21931.39 | F47: =TRUNC(E47*D47,2) -> 175451.12 | G47: =F47/$F$173 -> 0.0014612689 | H47: =H46+G47 -> 0.96419933
A48: 5503041 | B48: Compactação de aterros a 100% do Proctor intermediário | C48: m³ | D48: 21444.06 | E48: 8.02 | F48: =TRUNC(E48*D48,2) -> 171981.36 | G48: =F48/$F$173 -> 0.0014323706 | H48: =H47+G48 -> 0.9656317
A49: 2003591 | B49: Dreno longitudinal profundo para corte em rocha - DPR 02 - tubo PEAD e brita comercial | C49: m | D49: 1000 | E49: 170.92 | F49: =TRUNC(E49*D49,2) -> 170920 | G49: =F49/$F$173 -> 0.0014235309 | H49: =H48+G49 -> 0.96705523
... A52: 1109669 | B52: Argamassa de cimento e areia 1:3 - confecção em betoneira e lançamento manual - areia comercial | C52: m³ | D52: 269.14 | E52: 562.04 | F52: =TRUNC(E52*D52,2) -> 151267.44 | G52: =F52/$F$173 -> 0.0012598518 | H52: =H51+G52 -> 0.9708985
A53: CP0031 | B53: Ancoragem de defensa metálica dupla onda H1W4 - fornecimento e implantação | C53: m | D53: 324 | E53: 443.94 | F53: =TRUNC(E53*D53,2) -> 143836.56 | G53: =F53/$F$173 -> 0.0011979627 | H53: =H52+G53 -> 0.97209646
A54: 5213476 | B54: Placa delineador em aço - 0,50 x 0,60 m - película retrorrefletiva tipo I + IV - fornecimento e implantação | C54: un | D54: 577 | E54: 220 | F54: =TRUNC(E54*D54,2) -> 126940 | G54: =F54/$F$173 -> 0.0010572374 | H54: =H53+G54 -> 0.9731537
A55: 4915626 | B55: Selagem de trincas mecanizada em pavimento flexível com emulsão - areia comercial | C55: m | D55: 33354 | E55: 3.61 | F55: =TRUNC(E55*D55,2) -> 120407.94 | G55: =F55/$F$173 -> 0.0010028342 | H55: =H54+G55 -> 0.97415653
A56: CP0027 | B56: TRANSPORTE DE EMULSÃO ASFÁLTIC RR-1C | C56: T | D56: 169.841 | E56: 677.01 | F56: =TRUNC(E56*D56,2) -> 114984.05 | G56: =F56/$F$173 -> 0.00095766057 | H56: =H55+G56 -> 0.97511419
A57: 804037 | B57: Corpo de BSTC D = 1,00 m PA1 - areia, brita e pedra de mão comerciais | C57: m | D57: 114 | E57: 955.7 | F57: =TRUNC(E57*D57,2) -> 108949.8 | G57: =F57/$F$173 -> 0.00090740349 | H57: =H56+G57 -> 0.9760216
A58: 4011539 | B58: Cura com pintura asfáltica para camadas granulares com adição de cimento | C58: m² | D58: 241944.31 | E58: 0.45 | F58: =TRUNC(E58*D58,2) -> 108874.93 | G58: =F58/$F$173 -> 0.00090677992 | H58: =H57+G58 -> 0.97692838
A59: 1600436 | B59: Demolição manual de concreto simples | C59: m³ | D59: 149.35 | E59: 675.04 | F59: =TRUNC(E59*D59,2) -> 100817.22 | G59: =F59/$F$173 -> 0.00083967017 | H59: =H58+G59 -> 0.97776805
A60: CP0004 | B60: MOBILIZAÇÃO/DESMOBILIZAÇÃO | C60: UN | D60: 1 | E60: 99869 | F60: =TRUNC(E60*D60,2) -> 99869 | G60: =F60/$F$173 -> 0.00083177279 | H60: =H59+G60 -> 0.97859982
A61: 5213571 | B61: Placa em aço - película I + III - fornecimento e implantação | C61: m² | D61: 162.25 | E61: 609.76 | F61: =TRUNC(E61*D61,2) -> 98933.56 | G61: =F61/$F$173 -> 0.00082398184 | H61: =H60+G61 -> 0.9794238
A62: 1506055 | B62: Pedra argamassada com cimento e areia 1:3 - areia e pedra de mão comercial - fornecimento e assentamento | C62: m³ | D62: 184.92 | E62: 491.86 | F62: =TRUNC(E62*D62,2) -> 90954.75 | G62: =F62/$F$173 -> 0.00075752922 | H62: =H61+G62 -> 0.98018133
A63: 903804 | B63: Instalação da central de concreto com capacidade de 30 m³/h | C63: un | D63: 1 | E63: 89445.48 | F63: =TRUNC(E63*D63,2) -> 89445.48 | G63: =F63/$F$173 -> 0.00074495906 | H63: =H62+G63 -> 0.98092629
A64: 3815706 | B64: Recomposição de guarda-corpo com agregados comerciais - instalação | C64: m | D64: 527.2 | E64: 167.21 | F64: =TRUNC(E64*D64,2) -> 88153.11 | G64: =F64/$F$173 -> 0.00073419538 | H64: =H63+G64 -> 0.98166048
A65: 4011537 | B65: Serragem de juntas em pavimento de concreto, limpeza e enchimento com selante a frio | C65: m | D65: 3372.5 | E65: 26.11 | F65: =TRUNC(E65*D65,2) -> 88055.97 | G65: =F65/$F$173 -> 0.00073338633 | H65: =H64+G65 -> 0.98239387
A66: 2003175 | B66: Dissipador de energia - DED 01 A - areia, brita e pedra de mão comerciais | C66: un | D66: 99 | E66: 813.07 | F66: =TRUNC(E66*D66,2) -> 80493.93 | G66: =F66/$F$173 -> 0.00067040483 | H66: =H65+G66 -> 0.98306428
A67: CP0016 | B67: Fornecimento e aplicação de pintura protetora e ponte de aderência em superfícies de concreto e armaduras expostas com Sikatop Armatec 108 ou equivalente técnico (DUAS DEMÃOS) | C67: m² | D67: 2173.56 | E67: 37.01 | F67: =TRUNC(E67*D67,2) -> 80443.45 | G67: =F67/$F$173 -> 0.0006699844 | H67: =H66+G67 -> 0.98373426
A68: 2003237 | B68: Dissipador de energia - DES 100-300 - areia, brita e pedra de mão comerciais | C68: un | D68: 83 | E68: 955.63 | F68: =TRUNC(E68*D68,2) -> 79317.29 | G68: =F68/$F$173 -> 0.00066060503 | H68: =H67+G68 -> 0.98439487
A69: 5213343 | B69: Barreira de sinalização tipo I de direcionamento ou bloqueio - utilização de 150 ciclos - fornecimento, 01 implantação e 01 retirada diária | C69: un.dia | D69: 15030 | E69: 5.26 | F69: =TRUNC(E69*D69,2) -> 79057.8 | G69: =F69/$F$173 -> 0.00065844383 | H69: =H68+G69 -> 0.98505331
A70: 2003233 | B70: Dissipador de energia - DES 120-360 - areia, brita e pedra de mão comerciais | C70: un | D70: 59 | E70: 1249.18 | F70: =TRUNC(E70*D70,2) -> 73701.62 | G70: =F70/$F$173 -> 0.00061383414 | H70: =H69+G70 -> 0.98566714
A71: 407819 | B71: Armação em aço CA-50 - fornecimento, preparo e colocação | C71: kg | D71: 4143 | E71: 15.33 | F71: =TRUNC(E71*D71,2) -> 63512.19 | G71: =F71/$F$173 -> 0.00052897006 | H71: =H70+G71 -> 0.98619611
A72: 4915668 | B72: Remoção manual de revestimento asfáltico | C72: m³ | D72: 109.59 | E72: 568.81 | F72: =TRUNC(E72*D72,2) -> 62335.88 | G72: =F72/$F$173 -> 0.000519173 | H72: =H71+G72 -> 0.98671529
A73: 804029 | B73: Corpo de BSTC D = 0,80 m PA1 - areia, brita e pedra de mão comerciais | C73: m | D73: 81 | E73: 762.81 | F73: =TRUNC(E73*D73,2) -> 61787.61 | G73: =F73/$F$173 -> 0.00051460666 | H73: =H72+G73 -> 0.98722989
A74: 4915696 | B74: Limpeza, serragem e enchimento de fissuras niveladas com abertura entre 0,4 mm e 1,0 mm e profundidade de 25 mm em pavimento de concreto com CAP com polímero | C74: m | D74: 6550.83 | E74: 9.33 | F74: =TRUNC(E74*D74,2) -> 61119.24 | G74: =F74/$F$173 -> 0.00050904005 | H74: =H73+G74 -> 0.98773893
A75: 5213442 | B75: Placa de regulamentação em aço D = 1,00 m - película retrorrefletiva tipo I + SI - fornecimento e implantação | C75: un | D75: 69 | E75: 855.17 | F75: =TRUNC(E75*D75,2) -> 59006.73 | G75: =F75/$F$173 -> 0.00049144572 | H75: =H74+G75 -> 0.98823038
A76: 5501710 | B76: Escavação, carga e transporte em material de 1ª categoria - DMT de 50 m | C76: m³ | D76: 12962.14 | E76: 4.55 | F76: =TRUNC(E76*D76,2) -> 58977.73 | G76: =F76/$F$173 -> 0.00049120419 | H76: =H75+G76 -> 0.98872158
A77: CP0011 | B77: Boca de BSTC D = 1,00 m - esconsidade 0° | C77: un | D77: 11 | E77: 5335.98 | F77: =TRUNC(E77*D77,2) -> 58695.78 | G77: =F77/$F$173 -> 0.00048885593 | H77: =H76+G77 -> 0.98921044
A78: 5213867 | B78: Suporte metálico galvanizado para marco quilométrico - fornecimento e implantação | C78: un | D78: 76 | E78: 729.57 | F78: =TRUNC(E78*D78,2) -> 55447.32 | G78: =F78/$F$173 -> 0.00046180068 | H78: =H77+G78 -> 0.98967224
A79: 4413990 | B79: Plantio de muda de arbusto com altura até 0,50 m em cova de 0,40 x 0,40 x 0,40 m | C79: un | D79: 1339 | E79: 41.02 | F79: =TRUNC(E79*D79,2) -> 54925.78 | G79: =F79/$F$173 -> 0.00045745696 | H79: =H78+G79 -> 0.9901297
A80: 4915713 | B80: Desobstrução de bueiro | C80: m³ | D80: 602.97 | E80: 85.68 | F80: =TRUNC(E80*D80,2) -> 51662.46 | G80: =F80/$F$173 -> 0.00043027795 | H80: =H79+G80 -> 0.99055997
A81: 705322 | B81: Boca de BDCC 2,00 x 2,00 m - esconsidade 0° - areia e brita comerciais | C81: un | D81: 2 | E81: 25417.1 | F81: =TRUNC(E81*D81,2) -> 50834.2 | G81: =F81/$F$173 -> 0.00042337967 | H81: =H80+G81 -> 0.99098335
A82: 1600408 | B82: Apicoamento manual de concreto | C82: m² | D82: 2070.65 | E82: 24.44 | F82: =TRUNC(E82*D82,2) -> 50606.68 | G82: =F82/$F$173 -> 0.00042148474 | H82: =H81+G82 -> 0.99140484
A83: 4915712 | B83: Limpeza de bueiro | C83: m³ | D83: 1437.21 | E83: 28.56 | F83: =TRUNC(E83*D83,2) -> 41046.71 | G83: =F83/$F$173 -> 0.0003418632 | H83: =H82+G83 -> 0.9917467
A84: CP0043 | B84: DESTINAÇÃO DE RESÍDUOS SÓLIDOS (REVESTIMENTO ASFÁLTICO) | C84: T | D84: 263.02 | E84: 153.29 | F84: =TRUNC(E84*D84,2) -> 40318.33 | G84: =F84/$F$173 -> 0.00033579679 | H84: =H83+G84 -> 0.9920825
A85: 4915740 | B85: Roçada manual | C85: ha | D85: 16.68 | E85: 2378.6 | F85: =TRUNC(E85*D85,2) -> 39675.04 | G85: =F85/$F$173 -> 0.00033043906 | H85: =H84+G85 -> 0.99241294
A86: CP0015 | B86: Limpeza em armaduras de ponte com escova de aço | C86: m² | D86: 2136.22 | E86: 18.02 | F86: =TRUNC(E86*D86,2) -> 38494.68 | G86: =F86/$F$173 -> 0.00032060827 | H86: =H85+G86 -> 0.99273355
A87: CP0018 | B87: Pintura com tinta mineral impermeável VEDACIT PRO ou equivalente técnico (meso + superestrutura) | C87: m² | D87: 5741.08 | E87: 6.29 | F87: =TRUNC(E87*D87,2) -> 36111.39 | G87: =F87/$F$173 -> 0.00030075871 | H87: =H86+G87 -> 0.9930343
A88: 4011212 | B88: Varredura da superfície para execução de revestimento asfáltico | C88: m² | D88: 323298.91 | E88: 0.11 | F88: =TRUNC(E88*D88,2) -> 35562.88 | G88: =F88/$F$173 -> 0.00029619037 | H88: =H87+G88 -> 0.9933305
A89: CP0020 | B89: Limpeza e remoção de vegetação sob a ponte | C89: m² | D89: 5887.65 | E89: 6.01 | F89: =TRUNC(E89*D89,2) -> 35384.77 | G89: =F89/$F$173 -> 0.00029470695 | H89: =H88+G89 -> 0.9936252
A90: CP0017 | B90: Reparos superficiais com argamassa polimérica tixotrópica de alto desempenho Sika MonoTop 4122 ou equivalente técnico, com espessura de 5,00cm | C90: m² | D90: 51.27 | E90: 683.35 | F90: =TRUNC(E90*D90,2) -> 35035.35 | G90: =F90/$F$173 -> 0.00029179676 | H90: =H89+G90 -> 0.993917
A91: 408067 | B91: Tela de aço eletrossoldada - fornecimento, preparo e colocação | C91: kg | D91: 2715.34 | E91: 12.86 | F91: =TRUNC(E91*D91,2) -> 34919.27 | G91: =F91/$F$173 -> 0.00029082997 | H91: =H90+G91 -> 0.99420783
A92: 5213464 | B92: Placa de advertência em aço, lado de 0,60 m - película retrorrefletiva tipo I + SI - fornecimento e implantação | C92: un | D92: 88 | E92: 355.68 | F92: =TRUNC(E92*D92,2) -> 31299.84 | G92: =F92/$F$173 -> 0.00026068505 | H92: =H91+G92 -> 0.99446851
A93: CP0022 | B93: Remoção de cerca com mourões de madeira | C93: m | D93: 29396.72 | E93: 0.99 | F93: =TRUNC(E93*D93,2) -> 29102.75 | G93: =F93/$F$173 -> 0.00024238628 | H93: =H92+G93 -> 0.9947109
A94: 5502166 | B94: Escavação, carga e transporte de material de 1ª categoria - DMT de 1.000 a 1.200 m - caminho de serviço pavimentado - com escavadeira e caminhão basculante de 14 m³ | C94: m³ | D94: 3133.26 | E94: 9.23 | F94: =TRUNC(E94*D94,2) -> 28919.98 | G94: =F94/$F$173 -> 0.00024086406 | H94: =H93+G94 -> 0.99495176
A95: 5213472 | B95: Placa de marco quilométrico em aço - 0,60 x 0,865 m - película retrorrefletiva tipo I + I - fornecimento e implantação | C95: un | D95: 76 | E95: 369.47 | F95: =TRUNC(E95*D95,2) -> 28079.72 | G95: =F95/$F$173 -> 0.00023386583 | H95: =H94+G95 -> 0.99518563
A96: 1608019 | B96: Perfuração em concreto com martelete elétrico - D = 10 mm | C96: m | D96: 917.2 | E96: 25.43 | F96: =TRUNC(E96*D96,2) -> 23324.39 | G96: =F96/$F$173 -> 0.00019426041 | H96: =H95+G96 -> 0.99537989
A97: CP0010 | B97: Boca de BSTC D = 0,80 m - esconsidade 0° - areia e brita comerciais - alas esconsas (BNAA 03) | C97: un | D97: 7 | E97: 3298.68 | F97: =TRUNC(E97*D97,2) -> 23090.76 | G97: =F97/$F$173 -> 0.00019231459 | H97: =H96+G97 -> 0.9955722
A98: 5502164 | B98: Escavação, carga e transporte de material de 1ª categoria - DMT de 600 a 800 m - caminho de serviço pavimentado - com escavadeira e caminhão basculante de 14 m³ | C98: m³ | D98: 2641.26 | E98: 8.22 | F98: =TRUNC(E98*D98,2) -> 21711.15 | G98: =F98/$F$173 -> 0.00018082432 | H98: =H97+G98 -> 0.99575303
A99: 1608026 | B99: Perfuração em concreto com coroa diamantada - D = 25 mm | C99: m | D99: 220.56 | E99: 95.93 | F99: =TRUNC(E99*D99,2) -> 21158.32 | G99: =F99/$F$173 -> 0.00017622 | H99: =H98+G99 -> 0.99592925
A100: 3806428 | B100: Plataforma de trabalho em aço tubular apoiada no solo - altura de até 4 m - utilização de 100 vezes - fornecimento, instalação e retirada | C100: m³ | D100: 381.8 | E100: 55.24 | F100: =TRUNC(E100*D100,2) -> 21090.63 | G100: =F100/$F$173 -> 0.00017565623 | H100: =H99+G100 -> 0.99610491
A101: 4413993 | B101: Revestimento vegetal por semeadura a lanço manual de gramíneas e leguminosas | C101: m² | D101: 29395 | E101: 0.69 | F101: =TRUNC(E101*D101,2) -> 20282.55 | G101: =F101/$F$173 -> 0.00016892602 | H101: =H100+G101 -> 0.99627383
A102: 3806402 | B102: Limpeza em superfície de concreto com jateamento d'água sob pressão | C102: m² | D102: 5662.36 | E102: 3.46 | F102: =TRUNC(E102*D102,2) -> 19591.76 | G102: =F102/$F$173 -> 0.00016317268 | H102: =H101+G102 -> 0.996437
...

Sheet CRON
A2: PROJETO BÁSICO E EXECUTIVO DE ENGENHARIA PARA RESTAURAÇÃO DA RODOVIA PE-120
A3: RODOVIA: PE - 120
A4: TRECHO: Entr. PE-126 (Catende) –Entr. BR-104 (Agrestina)
A5: CRONOGRAMA FÍSICO FINANCEIRO
A6: ITEM | C6: VALOR R$ | D6: DIAS CORRIDOS
B7: ATIVIDADES | D7: 30 | J7: 60 | P7: 90 | V7: 120 | AB7: 150 | AH7: 180 | AN7: 210 | AT7: 240 | AZ7: 270 | BF7: 300 | BL7: 330 | BR7: 360 | BX7: 390 | CD7: 420 | CJ7: 450 | CP7: 480 | CV7: 510 | DB7: 540 | DH7: 570 | DN7: 600 | DT7: 630 | DZ7: 660 | EF7: 690 | EL7: 720
A9: 1.0 | B9: =RESUMO!B6 -> ADMINISTRAÇÃO LOCAL DE OBRA | C9: =C11/$EL$84 -> 0.066217962 | D9: =D11/$C$11 -> 0.0077945033 | E9: =E11/$B$11 -> #REF! | F9: =F11/$B$11 -> #REF! | G9: =G11/$B$11 -> #REF! | H9: =H11/$B$11 -> #REF! | I9: =I11/$B$11 -> #REF! | J9: =J11/$C$11 -> 0.010602677 | K9: =K11/$B$11 -> #REF! | L9: =L11/$B$11 -> #REF! | M9: =M11/$B$11 -> #REF! | N9: =N11/$B$11 -> #REF! | O9: =O11/$B$11 -> #REF! | P9: =P11/$C$11 -> 0.021241015 | Q9: =Q11/$B$11 -> #REF! | R9: =R11/$B$11 -> #REF! | S9: =S11/$B$11 -> #REF! | T9: =T11/$B$11 -> #REF! | U9: =U11/$B$11 -> #REF! | V9: =V11/$C$11 -> 0.061096564 | W9: =W11/$B$11 -> #REF! | X9: =X11/$B$11 -> #REF! | Y9: =Y11/$B$11 -> #REF! | Z9: =Z11/$B$11 -> #REF! | AA9: =AA11/$B$11 -> #REF! | AB9: =AB11/$C$11 -> 0.061096564 | AC9: =AC11/$B$11 -> #REF! | AD9: =AD11/$B$11 -> #REF! | AE9: =AE11/$B$11 -> #REF! | AF9: =AF11/$B$11 -> #REF! | AG9: =AG11/$B$11 -> #REF! | AH9: =AH11/$C$11 -> 0.059803229 | AI9: =AI11/$B$11 -> #REF! | AJ9: =AJ11/$B$11 -> #REF! | AK9: =AK11/$B$11 -> #REF! | AL9: =AL11/$B$11 -> #REF! | AM9: =AM11/$B$11 -> #REF! | AN9: =AN11/$C$11 -> 0.067095363 | AO9: =AO11/$B$11 -> #REF! | AP9: =AP11/$B$11 -> #REF! | AQ9: =AQ11/$B$11 -> #REF! | AR9: =AR11/$B$11 -> #REF! | AS9: =AS11/$B$11 -> #REF! | AT9: =AT11/$C$11 -> 0.065826836 | AU9: =AU11/$B$11 -> #REF! | AV9: =AV11/$B$11 -> #REF! | AW9: =AW11/$B$11 -> #REF! | AX9: =AX11/$B$11 -> #REF! | AY9: =AY11/$B$11 -> #REF! | AZ9: =AZ11/$C$11 -> 0.065826836 | BA9: =BA11/$B$11 -> #REF! | BB9: =BB11/$B$11 -> #REF! | BC9: =BC11/$B$11 -> #REF! | BD9: =BD11/$B$11 -> #REF! | BE9: =BE11/$B$11 -> #REF! | BF9: =BF11/$C$11 -> 0.065826836 | BG9: =BG11/$B$11 -> #REF! | BH9: =BH11/$B$11 -> #REF! | BI9: =BI11/$B$11 -> #REF! | BJ9: =BJ11/$B$11 -> #REF! | BK9: =BK11/$B$11 -> #REF! | BL9: =BL11/$C$11 -> 0.065826836 | BM9: =BM11/$B$11 -> #REF! | BN9: =BN11/$B$11 -> #REF! | BO9: =BO11/$B$11 -> #REF! | BP9: =BP11/$B$11 -> #REF! | BQ9: =BQ11/$B$11 -> #REF! | BR9: =BR11/$C$11 -> 0.058600266 | BS9: =BS11/$B$11 -> #REF! | BT9: =BT11/$B$11 -> #REF! | BU9: =BU11/$B$11 -> #REF! | BV9: =BV11/$B$11 -> #REF! | BW9: =BW11/$B$11 -> #REF! | BX9: =BX11/$C$11 -> 0.058355246 | BY9: =BY11/$B$11 -> #REF! | BZ9: =BZ11/$B$11 -> #REF! | CA9: =CA11/$B$11 -> #REF! | CB9: =CB11/$B$11 -> #REF! | CC9: =CC11/$B$11 -> #REF! | CD9: =CD11/$C$11 -> 0.058355246 | CE9: =CE11/$B$11 -> #REF! | CF9: =CF11/$B$11 -> #REF! | CG9: =CG11/$B$11 -> #REF! | CH9: =CH11/$B$11 -> #REF! | CI9: =CI11/$B$11 -> #REF! | CJ9: =CJ11/$C$11 -> 0.052720996 | CK9: =CK11/$B$11 -> #REF! | CL9: =CL11/$B$11 -> #REF! | CM9: =CM11/$B$11 -> #REF! | CN9: =CN11/$B$11 -> #REF! | CO9: =CO11/$B$11 -> #REF! | CP9: =CP11/$C$11 -> 0.045428863 | CQ9: =CQ11/$B$11 -> #REF! | CR9: =CR11/$B$11 -> #REF! | CS9: =CS11/$B$11 -> #REF! | CT9: =CT11/$B$11 -> #REF! | CU9: =CU11/$B$11 -> #REF! | CV9: =CV11/$C$11 -> 0.044282901 | CW9: =CW11/$B$11 -> #REF! | CX9: =CX11/$B$11 -> #REF! | CY9: =CY11/$B$11 -> #REF! | CZ9: =CZ11/$B$11 -> #REF! | DA9: =DA11/$B$11 -> #REF! | DB9: =DB11/$C$11 -> 0.044282901 | DC9: =DC11/$B$11 -> #REF! | DD9: =DD11/$B$11 -> #REF! | DE9: =DE11/$B$11 -> #REF! | DF9: =DF11/$B$11 -> #REF! | DG9: =DG11/$B$11 -> #REF! | DH9: =DH11/$C$11 -> 0.044282901 | DI9: =DI11/$B$11 -> #REF! | DJ9: =DJ11/$B$11 -> #REF! | DK9: =DK11/$B$11 -> #REF! | DL9: =DL11/$B$11 -> #REF! | DM9: =DM11/$B$11 -> #REF! | DN9: =DN11/$C$11 -> 0.0061643493 | DO9: =DO11/$B$11 -> #REF! | DP9: =DP11/$B$11 -> #REF! | DQ9: =DQ11/$B$11 -> #REF! | DR9: =DR11/$B$11 -> #REF! | DS9: =DS11/$B$11 -> #REF! | DT9: =DT11/$C$11 -> 0.0062039195 | DU9: =DU11/$B$11 -> #REF! | DV9: =DV11/$B$11 -> #REF! | DW9: =DW11/$B$11 -> #REF! | DX9: =DX11/$B$11 -> #REF! | DY9: =DY11/$B$11 -> #REF! | DZ9: =DZ11/$C$11 -> 0.0062929952 | EA9: =EA11/$B$11 -> #REF! | EB9: =EB11/$B$11 -> #REF! | EC9: =EC11/$B$11 -> #REF! | ED9: =ED11/$B$11 -> #REF! | EE9: =EE11/$B$11 -> #REF! | EF9: =EF11/$C$11 -> 0.014538681 | EG9: =EG11/$B$11 -> #REF! | EH9: =EH11/$B$11 -> #REF! | EI9: =EI11/$B$11 -> #REF! | EJ9: =EJ11/$B$11 -> #REF! | EK9: =EK11/$B$11 -> #REF! | EL9: =EL11/$C$11 -> 0.0084534723 | EM9: =EM11/$B$11 -> #REF! | EN9: =EN11/$B$11 -> #REF! | EO9: =EO11/$B$11 -> #REF! | EP9: =EP11/$B$11 -> #REF! | EQ9: =EQ11/$B$11 -> #REF!
C11: =RESUMO!C6 -> 7950634.7 | D11: =(D14+D17+D20)*$C$86 -> 61971.249 | E11: =(E14+E17+E20+E23+E29+E32+E35)*#REF! -> #REF! | F11: =(F14+F17+F20+F23+F29+F32+F35)*#REF! -> #REF! | G11: =(G14+G17+G20+G23+G29+G32+G35)*#REF! -> #REF! | H11: =(H14+H17+H20+H23+H29+H32+H35)*#REF! -> #REF! | I11: =(I14+I17+I20+I23+I29+I32+I35)*#REF! -> #REF! | J11: =(J14+J17+J20+J23+J29+J26+J35+J38+J41+J44+J47+J50+J53+J56+J59+J62+J77+J80)*$C$86 -> 84298.015 | K11: =(K14+K17+K20+K23+K29+K32+K35)*#REF! -> #REF! | L11: =(L14+L17+L20+L23+L29+L32+L35)*#REF! -> #REF! | M11: =(M14+M17+M20+M23+M29+M32+M35)*#REF! -> #REF! | N11: =(N14+N17+N20+N23+N29+N32+N35)*#REF! -> #REF! | O11: =(O14+O17+O20+O23+O29+O32+O35)*#REF! -> #REF! | P11: =(P14+P17+P20+P23+P29+P26+P35+P38+P41+P44+P47+P50+P53+P56+P59+P62+P77+P80)*$C$86 -> 168879.55 | Q11: =(Q14+Q17+Q20+Q23+Q29+Q32+Q35)*#REF! -> #REF! | R11: =(R14+R17+R20+R23+R29+R32+R35)*#REF! -> #REF! | S11: =(S14+S17+S20+S23+S29+S32+S35)*#REF! -> #REF! | T11: =(T14+T17+T20+T23+T29+T32+T35)*#REF! -> #REF! | U11: =(U14+U17+U20+U23+U29+U32+U35)*#REF! -> #REF! | V11: =(V14+V17+V20+V23+V29+V26+V35+V38+V41+V44+V47+V50+V53+V56+V59+V62+V77+V80)*$C$86 -> 485756.47 | W11: =(W14+W17+W20+W23+W29+W32+W35)*#REF! -> #REF! | X11: =(X14+X17+X20+X23+X29+X32+X35)*#REF! -> #REF! | Y11: =(Y14+Y17+Y20+Y23+Y29+Y32+Y35)*#REF! -> #REF! | Z11: =(Z14+Z17+Z20+Z23+Z29+Z32+Z35)*#REF! -> #REF! | AA11: =(AA14+AA17+AA20+AA23+AA29+AA32+AA35)*#REF! -> #REF! | AB11: =(AB14+AB17+AB20+AB23+AB29+AB26+AB35+AB38+AB41+AB44+AB47+AB50+AB53+AB56+AB59+AB62+AB77+AB80)*$C$86 -> 485756.47 | AC11: =(AC14+AC17+AC20+AC23+AC29+AC32+AC35)*#REF! -> #REF! | AD11: =(AD14+AD17+AD20+AD23+AD29+AD32+AD35)*#REF! -> #REF! | AE11: =(AE14+AE17+AE20+AE23+AE29+AE32+AE35)*#REF! -> #REF! | AF11: =(AF14+AF17+AF20+AF23+AF29+AF32+AF35)*#REF! -> #REF! | AG11: =(AG14+AG17+AG20+AG23+AG29+AG32+AG35)*#REF! -> #REF! | AH11: =(AH14+AH17+AH20+AH23+AH29+AH26+AH35+AH38+AH41+AH44+AH47+AH50+AH53+AH56+AH59+AH62+AH77+AH80)*$C$86 -> 475473.63 | AI11: =(AI14+AI17+AI20+AI23+AI29+AI32+AI35)*#REF! -> #REF! | AJ11: =(AJ14+AJ17+AJ20+AJ23+AJ29+AJ32+AJ35)*#REF! -> #REF! | AK11: =(AK14+AK17+AK20+AK23+AK29+AK32+AK35)*#REF! -> #REF! | AL11: =(AL14+AL17+AL20+AL23+AL29+AL32+AL35)*#REF! -> #REF! | AM11: =(AM14+AM17+AM20+AM23+AM29+AM32+AM35)*#REF! -> #REF! | AN11: =(AN14+AN17+AN20+AN23+AN29+AN32+AN26+AN38+AN41+AN44+AN47+AN50+AN53+AN56+AN59+AN62+AN77+AN80)*$C$86 -> 533450.72 | AO11: =(AO14+AO17+AO20+AO23+AO29+AO32+AO35)*#REF! -> #REF! | AP11: =(AP14+AP17+AP20+AP23+AP29+AP32+AP35)*#REF! -> #REF! | AQ11: =(AQ14+AQ17+AQ20+AQ23+AQ29+AQ32+AQ35)*#REF! -> #REF! | AR11: =(AR14+AR17+AR20+AR23+AR29+AR32+AR35)*#REF! -> #REF! | AS11: =(AS14+AS17+AS20+AS23+AS29+AS32+AS35)*#REF! -> #REF! | AT11: =(AT14+AT17+AT20+AT23+AT29+AT32+AT26+AT38+AT41+AT44+AT47+AT50+AT53+AT56+AT59+AT62+AT77+AT80)*$C$86 -> 523365.13 | AU11: =(AU14+AU17+AU20+AU23+AU29+AU32+AU35)*#REF! -> #REF! | AV11: =(AV14+AV17+AV20+AV23+AV29+AV32+AV35)*#REF! -> #REF! | AW11: =(AW14+AW17+AW20+AW23+AW29+AW32+AW35)*#REF! -> #REF! | AX11: =(AX14+AX17+AX20+AX23+AX29+AX32+AX35)*#REF! -> #REF! | AY11: =(AY14+AY17+AY20+AY23+AY29+AY32+AY35)*#REF! -> #REF! | AZ11: =(AZ14+AZ17+AZ20+AZ23+AZ29+AZ32+AZ26+AZ38+AZ41+AZ44+AZ47+AZ50+AZ53+AZ56+AZ59+AZ62+AZ77+AZ80)*$C$86 -> 523365.13 | BA11: =(BA14+BA17+BA20+BA23+BA29+BA32+BA35)*#REF! -> #REF! | BB11: =(BB14+BB17+BB20+BB23+BB29+BB32+BB35)*#REF! -> #REF! | BC11: =(BC14+BC17+BC20+BC23+BC29+BC32+BC35)*#REF! -> #REF! | BD11: =(BD14+BD17+BD20+BD23+BD29+BD32+BD35)*#REF! -> #REF! | BE11: =(BE14+BE17+BE20+BE23+BE29+BE32+BE35)*#REF! -> #REF! | BF11: =(BF14+BF17+BF20+BF23+BF29+BF32+BF26+BF38+BF41+BF44+BF47+BF50+BF53+BF56+BF59+BF62+BF77+BF80)*$C$86 -> 523365.13 | BG11: =(BG14+BG17+BG20+BG23+BG29+BG32+BG35)*#REF! -> #REF! | BH11: =(BH14+BH17+BH20+BH23+BH29+BH32+BH35)*#REF! -> #REF! | BI11: =(BI14+BI17+BI20+BI23+BI29+BI32+BI35)*#REF! -> #REF! | BJ11: =(BJ14+BJ17+BJ20+BJ23+BJ29+BJ32+BJ35)*#REF! -> #REF! | BK11: =(BK14+BK17+BK20+BK23+BK29+BK32+BK35)*#REF! -> #REF! | BL11: =(BL14+BL17+BL20+BL23+BL29+BL32+BL26+BL38+BL41+BL44+BL47+BL50+BL53+BL56+BL59+BL62+BL77+BL80)*$C$86 -> 523365.13 | BM11: =(BM14+BM17+BM20+BM23+BM29+BM32+BM35)*#REF! -> #REF! | BN11: =(BN14+BN17+BN20+BN23+BN29+BN32+BN35)*#REF! -> #REF! | BO11: =(BO14+BO17+BO20+BO23+BO29+BO32+BO35)*#REF! -> #REF! | BP11: =(BP14+BP17+BP20+BP23+BP29+BP32+BP35)*#REF! -> #REF! | BQ11: =(BQ14+BQ17+BQ20+BQ23+BQ29+BQ32+BQ35)*#REF! -> #REF! | BR11: =(BR14+BR17+BR20+BR23+BR29+BR32+BR26+BR38+BR41+BR44+BR47+BR50+BR53+BR56+BR59+BR62+BR77+BR80)*$C$86 -> 465909.31 | BS11: =(BS14+BS17+BS20+BS23+BS29+BS32+BS35)*#REF! -> #REF! | BT11: =(BT14+BT17+BT20+BT23+BT29+BT32+BT35)*#REF! -> #REF! | BU11: =(BU14+BU17+BU20+BU23+BU29+BU32+BU35)*#REF! -> #REF! | BV11: =(BV14+BV17+BV20+BV23+BV29+BV32+BV35)*#REF! -> #REF! | BW11: =(BW14+BW17+BW20+BW23+BW29+BW32+BW35)*#REF! -> #REF! | BX11: =(BX14+BX17+BX20+BX23+BX29+BX32+BX26+BX38+BX41+BX44+BX47+BX50+BX53+BX56+BX59+BX62+BX77+BX80)*$C$86 -> 463961.24 | BY11: =(BY14+BY17+BY20+BY23+BY29+BY32+BY35)*#REF! -> #REF! | BZ11: =(BZ14+BZ17+BZ20+BZ23+BZ29+BZ32+BZ35)*#REF! -> #REF! | CA11: =(CA14+CA17+CA20+CA23+CA29+CA32+CA35)*#REF! -> #REF! | CB11: =(CB14+CB17+CB20+CB23+CB29+CB32+CB35)*#REF! -> #REF! | CC11: =(CC14+CC17+CC20+CC23+CC29+CC32+CC35)*#REF! -> #REF! | CD11: =(CD14+CD17+CD20+CD23+CD29+CD32+CD26+CD38+CD41+CD44+CD47+CD50+CD53+CD56+CD59+CD62+CD77+CD80)*$C$86 -> 463961.24 | CE11: =(CE14+CE17+CE20+CE23+CE29+CE32+CE35)*#REF! -> #REF! | CF11: =(CF14+CF17+CF20+CF23+CF29+CF32+CF35)*#REF! -> #REF! | CG11: =(CG14+CG17+CG20+CG23+CG29+CG32+CG35)*#REF! -> #REF! | CH11: =(CH14+CH17+CH20+CH23+CH29+CH32+CH35)*#REF! -> #REF! | CI11: =(CI14+CI17+CI20+CI23+CI29+CI32+CI35)*#REF! -> #REF! | CJ11: =(CJ14+CJ17+CJ20+CJ23+CJ29+CJ32+CJ35+CJ38+CJ41+CJ44+CJ47+CJ50+CJ53+CJ56+CJ59+CJ62+CJ77+CJ80)*$C$86 -> 419165.39 | CK11: =(CK14+CK17+CK20+CK23+CK29+CK32+CK35)*#REF! -> #REF! | CL11: =(CL14+CL17+CL20+CL23+CL29+CL32+CL35)*#REF! -> #REF! | CM11: =(CM14+CM17+CM20+CM23+CM29+CM32+CM35)*#REF! -> #REF! | CN11: =(CN14+CN17+CN20+CN23+CN29+CN32+CN35)*#REF! -> #REF! | CO11: =(CO14+CO17+CO20+CO23+CO29+CO32+CO35)*#REF! -> #REF! | CP11: =(CP14+CP17+CP20+CP23+CP29+CP32+CP35+CP38+CP41+CP44+CP47+CP50+CP53+CP56+CP59+CP62+CP77+CP80)*$C$86 -> 361188.3 | CQ11: =(CQ14+CQ17+CQ20+CQ23+CQ29+CQ32+CQ35)*#REF! -> #REF! | CR11: =(CR14+CR17+CR20+CR23+CR29+CR32+CR35)*#REF! -> #REF! | CS11: =(CS14+CS17+CS20+CS23+CS29+CS32+CS35)*#REF! -> #REF! | CT11: =(CT14+CT17+CT20+CT23+CT29+CT32+CT35)*#REF! -> #REF! | CU11: =(CU14+CU17+CU20+CU23+CU29+CU32+CU35)*#REF! -> #REF! | CV11: =(CV14+CV17+CV20+CV23+CV29+CV32+CV35+CV38+CV41+CV44+CV47+CV50+CV53+CV56+CV59+CV62+CV77+CV80)*$C$86 -> 352077.17 | CW11: =(CW14+CW17+CW20+CW23+CW29+CW32+CW35)*#REF! -> #REF! | CX11: =(CX14+CX17+CX20+CX23+CX29+CX32+CX35)*#REF! -> #REF! | CY11: =(CY14+CY17+CY20+CY23+CY29+CY32+CY35)*#REF! -> #REF! | CZ11: =(CZ14+CZ17+CZ20+CZ23+CZ29+CZ32+CZ35)*#REF! -> #REF! | DA11: =(DA14+DA17+DA20+DA23+DA29+DA32+DA35)*#REF! -> #REF! | DB11: =(DB14+DB17+DB20+DB23+DB29+DB32+DB35+DB38+DB41+DB44+DB47+DB50+DB53+DB56+DB59+DB62+DB77+DB80)*$C$86 -> 352077.17 | DC11: =(DC14+DC17+DC20+DC23+DC29+DC32+DC35)*#REF! -> #REF! | DD11: =(DD14+DD17+DD20+DD23+DD29+DD32+DD35)*#REF! -> #REF! | DE11: =(DE14+DE17+DE20+DE23+DE29+DE32+DE35)*#REF! -> #REF! | DF11: =(DF14+DF17+DF20+DF23+DF29+DF32+DF35)*#REF! -> #REF! | DG11: =(DG14+DG17+DG20+DG23+DG29+DG32+DG35)*#REF! -> #REF! | DH11: =(DH14+DH17+DH20+DH23+DH29+DH32+DH35+DH38+DH41+DH44+DH47+DH50+DH53+DH56+DH59+DH62+DH77+DH80)*$C$86 -> 352077.17 | DI11: =(DI14+DI17+DI20+DI23+DI29+DI32+DI35)*#REF! -> #REF! | DJ11: =(DJ14+DJ17+DJ20+DJ23+DJ29+DJ32+DJ35)*#REF! -> #REF! | DK11: =(DK14+DK17+DK20+DK23+DK29+DK32+DK35)*#REF! -> #REF! | DL11: =(DL14+DL17+DL20+DL23+DL29+DL32+DL35)*#REF! -> #REF! | DM11: =(DM14+DM17+DM20+DM23+DM29+DM32+DM35)*#REF! -> #REF! | DN11: =(DN14+DN17+DN20+DN23+DN29+DN32+DN35+DN38+DN41+DN44+DN47+DN50+DN53+DN56+DN59+DN62+DN77+DN80)*$C$86 -> 49010.489 | DO11: =(DO14+DO17+DO20+DO23+DO29+DO32+DO35)*#REF! -> #REF! | DP11: =(DP14+DP17+DP20+DP23+DP29+DP32+DP35)*#REF! -> #REF! | DQ11: =(DQ14+DQ17+DQ20+DQ23+DQ29+DQ32+DQ35)*#REF! -> #REF! | DR11: =(DR14+DR17+DR20+DR23+DR29+DR32+DR35)*#REF! -> #REF! | DS11: =(DS14+DS17+DS20+DS23+DS29+DS32+DS35)*#REF! -> #REF! | DT11: =(DT14+DT17+DT20+DT23+DT29+DT32+DT35+DT38+DT41+DT44+DT47+DT50+DT53+DT56+DT59+DT62+DT77+DT80)*$C$86 -> 49325.098 | DU11: =(DU14+DU17+DU20+DU23+DU29+DU32+DU35)*#REF! -> #REF! | DV11: =(DV14+DV17+DV20+DV23+DV29+DV32+DV35)*#REF! -> #REF! | DW11: =(DW14+DW17+DW20+DW23+DW29+DW32+DW35)*#REF! -> #REF! | DX11: =(DX14+DX17+DX20+DX23+DX29+DX32+DX35)*#REF! -> #REF! | DY11: =(DY14+DY17+DY20+DY23+DY29+DY32+DY35)*#REF! -> #REF! | DZ11: =(DZ14+DZ17+DZ20+DZ23+DZ29+DZ32+DZ35+DZ38+DZ41+DZ44+DZ47+DZ50+DZ53+DZ56+DZ59+DZ62+DZ77+DZ80)*$C$86 -> 50033.306 | EA11: =(EA14+EA17+EA20+EA23+EA29+EA32+EA35)*#REF! -> #REF! | EB11: =(EB14+EB17+EB20+EB23+EB29+EB32+EB35)*#REF! -> #REF! | EC11: =(EC14+EC17+EC20+EC23+EC29+EC32+EC35)*#REF! -> #REF! | ED11: =(ED14+ED17+ED20+ED23+ED29+ED32+ED35)*#REF! -> #REF! | EE11: =(EE14+EE17+EE20+EE23+EE29+EE32+EE35)*#REF! -> #REF! | EF11: =(EF14+EF17+EF20+EF23+EF29+EF32+EF35+EF38+EF41+EF44+EF47+EF50+EF53+EF56+EF59+EF62+EF77+EF80)*$C$86 -> 115591.74 | EG11: =(EG14+EG17+EG20+EG23+EG29+EG32+EG35)*#REF! -> #REF! | EH11: =(EH14+EH17+EH20+EH23+EH29+EH32+EH35)*#REF! -> #REF! | EI11: =(EI14+EI17+EI20+EI23+EI29+EI32+EI35)*#REF! -> #REF! | EJ11: =(EJ14+EJ17+EJ20+EJ23+EJ29+EJ32+EJ35)*#REF! -> #REF! | EK11: =(EK14+EK17+EK20+EK23+EK29+EK32+EK35)*#REF! -> #REF! | EL11: =(EL14+EL17+EL20+EL23+EL29+EL32+EL35+EL38+EL41+EL44+EL47+EL50+EL53+EL56+EL59+EL62+EL77+EL80)*$C$86 -> 67210.47 | EM11: =(EM14+EM17+EM20+EM23+EM29+EM32+EM35)*#REF! -> #REF! | EN11: =(EN14+EN17+EN20+EN23+EN29+EN32+EN35)*#REF! -> #REF! | EO11: =(EO14+EO17+EO20+EO23+EO29+EO32+EO35)*#REF! -> #REF! | EP11: =(EP14+EP17+EP20+EP23+EP29+EP32+EP35)*#REF! -> #REF! | EQ11: =(EQ14+EQ17+EQ20+EQ23+EQ29+EQ32+EQ35)*#REF! -> #REF!
A12: 2.0 | B12: =PLANILHA!D12 -> INSTALAÇÃO DO CANTEIRO DE OBRAS | C12: =C14/$EL$84 -> 0.017780032 | D12: 0.4 | J12: 0.4 | P12: 0.2
C14: =PLANILHA!I19 -> 2134806.5 | D14: =C14*D12 -> 853922.61 | J14: =C14*J12 -> 853922.61 | P14: =C14*P12 -> 426961.31 | ER14: =SUM(D14:EQ14) -> 2134806.5 | ES14: =C14-ER14 -> 0
A15: 3.0 | B15: =RESUMO!B4 -> MOBILIZAÇÃO/DESMOBILIZAÇÃO | C15: =C17/$EL$84 -> 0.00083177279 | D15: 0.2 | J15: 0.2 | P15: 0.1 | DZ15: 0.1 | EF15: 0.2 | EL15: 0.2
C17: =RESUMO!C4 -> 99869 | D17: =D15*$C$17 -> 19973.8 | J17: =J15*$C$17 -> 19973.8 | P17: =P15*$C$17 -> 9986.9 | DZ17: =DZ15*$C$17 -> 9986.9 | EF17: =EF15*$C$17 -> 19973.8 | EL17: =EL15*$C$17 -> 19973.8 | ER17: =SUM(D17:EQ17) -> 99869 | ES17: =C17-ER17 -> 0
A18: 4.0 | B18: =RESUMO!B7 -> TERRAPLENAGEM | C18: =C20/$EL$84 -> 0.067480414 | P18: 0.12 | V18: 0.12 | AB18: 0.12 | AH18: 0.12 | AN18: 0.12 | AT18: 0.1 | AZ18: 0.1 | BF18: 0.1 | BL18: 0.1
C20: =RESUMO!C7 -> 8102214.4 | P20: =P18*$C$20 -> 972265.73 | V20: =V18*$C$20 -> 972265.73 | AB20: =AB18*$C$20 -> 972265.73 | AH20: =AH18*$C$20 -> 972265.73 | AN20: =AN18*$C$20 -> 972265.73 | AT20: =AT18*$C$20 -> 810221.44 | AZ20: =AZ18*$C$20 -> 810221.44 | BF20: =BF18*$C$20 -> 810221.44 | BL20: =BL18*$C$20 -> 810221.44 | ER20: =SUM(D20:EQ20) -> 8102214.4 | ES20: =C20-ER20 -> 0
A21: 5.0 | B21: =RESUMO!B8 -> DRENAGEM | C21: =C23/$EL$84 -> 0.11498387 | P21: =1/21 -> 0.047619048 | V21: =1/21 -> 0.047619048 | AB21: =1/21 -> 0.047619048 | AH21: =1/21 -> 0.047619048 | AN21: =1/21 -> 0.047619048 | AT21: =1/21 -> 0.047619048 | AZ21: =1/21 -> 0.047619048 | BF21: =1/21 -> 0.047619048 | BL21: =1/21 -> 0.047619048 | BR21: =1/21 -> 0.047619048 | BX21: =1/21 -> 0.047619048 | CD21: =1/21 -> 0.047619048 | CJ21: =1/21 -> 0.047619048 | CP21: =1/21 -> 0.047619048 | CV21: =1/21 -> 0.047619048 | DB21: =1/21 -> 0.047619048 | DH21: =1/21 -> 0.047619048 | DN21: =1/21 -> 0.047619048 | DT21: =1/21 -> 0.047619048 | DZ21: =1/21 -> 0.047619048 | EF21: =1/21 -> 0.047619048
C23: =RESUMO!C8 -> 13805842 | P23: =P21*$C$23 -> 657421.06 | V23: =V21*$C$23 -> 657421.06 | AB23: =AB21*$C$23 -> 657421.06 | AH23: =AH21*$C$23 -> 657421.06 | AN23: =AN21*$C$23 -> 657421.06 | AT23: =AT21*$C$23 -> 657421.06 | AZ23: =AZ21*$C$23 -> 657421.06 | BF23: =BF21*$C$23 -> 657421.06 | BL23: =BL21*$C$23 -> 657421.06 | BR23: =BR21*$C$23 -> 657421.06 | BX23: =BX21*$C$23 -> 657421.06 | CD23: =CD21*$C$23 -> 657421.06 | CJ23: =CJ21*$C$23 -> 657421.06 | CP23: =CP21*$C$23 -> 657421.06 | CV23: =CV21*$C$23 -> 657421.06 | DB23: =DB21*$C$23 -> 657421.06 | DH23: =DH21*$C$23 -> 657421.06 | DN23: =DN21*$C$23 -> 657421.06 | DT23: =DT21*$C$23 -> 657421.06 | DZ23: =DZ21*$C$23 -> 657421.06 | EF23: =EF21*$C$23 -> 657421.06 | ER23: =SUM(D23:EQ23) -> 13805842 | ES23: =C23-ER23 -> 0
A24: 6.0 | B24: =RESUMO!B9 -> OBRAS DE ARTE CORRENTES | C24: =C26/$EL$84 -> 0.012076931 | J24: 0.2 | P24: 0.2 | V24: 0.2 | AB24: 0.2 | AH24: 0.1 | AN24: 0.1
C26: =RESUMO!C9 -> 1450048.7 | J26: =J24*$C$26 -> 290009.74 | P26: =P24*$C$26 -> 290009.74 | V26: =V24*$C$26 -> 290009.74 | AB26: =AB24*$C$26 -> 290009.74 | AH26: =AH24*$C$26 -> 145004.87 | AN26: =AN24*$C$26 -> 145004.87 | ER26: =SUM(D26:EQ26) -> 1450048.7 | ES26: =C26-ER26 -> 0
A27: 7.0 | B27: =RESUMO!B10 -> PAVIMENTAÇÃO | C27: =C29/$EL$84 -> 0.68092633 | V27: 0.06 | AB27: 0.06 | AH27: 0.06 | AN27: 0.07 | AT27: 0.07 | AZ27: 0.07 | BF27: 0.07 | BL27: 0.07 | BR27: 0.07 | BX27: 0.07 | CD27: 0.07 | CJ27: 0.06 | CP27: 0.05 | CV27: 0.05 | DB27: 0.05 | DH27: 0.05
C29: =RESUMO!C10 -> 81757222 | V29: =V27*$C$29 -> 4905433.3 | AB29: =AB27*$C$29 -> 4905433.3 | AH29: =AH27*$C$29 -> 4905433.3 | AN29: =AN27*$C$29 -> 5723005.5 | AT29: =AT27*$C$29 -> 5723005.5 | AZ29: =AZ27*$C$29 -> 5723005.5 | BF29: =BF27*$C$29 -> 5723005.5 | BL29: =BL27*$C$29 -> 5723005.5 | BR29: =BR27*$C$29 -> 5723005.5 | BX29: =BX27*$C$29 -> 5723005.5 | CD29: =CD27*$C$29 -> 5723005.5 | CJ29: =CJ27*$C$29 -> 4905433.3 | CP29: =CP27*$C$29 -> 4087861.1 | CV29: =CV27*$C$29 -> 4087861.1 | DB29: =DB27*$C$29 -> 4087861.1 | DH29: =DH27*$C$29 -> 4087861.1 | ER29: =SUM(D29:EQ29) -> 81757222 | ES29: =C29-ER29 -> 0
A30: 8.0 | B30: =RESUMO!B11 -> OBRAS DE ARTE ESPECIAIS - RESTAURAÇÃO | C30: =C32/$EL$84 -> 0.011439784 | AT30: 0.12 | AZ30: 0.12 | BF30: 0.12 | BL30: 0.12 | BR30: 0.12 | BX30: 0.1 | CD30: 0.1 | CJ30: 0.1 | CP30: 0.1
C32: =RESUMO!C11 -> 1373547.9 | AT32: =AT30*$C$32 -> 164825.75 | AZ32: =AZ30*$C$32 -> 164825.75 | BF32: =BF30*$C$32 -> 164825.75 | BL32: =BL30*$C$32 -> 164825.75 | BR32: =BR30*$C$32 -> 164825.75 | BX32: =BX30*$C$32 -> 137354.79 | CD32: =CD30*$C$32 -> 137354.79 | CJ32: =CJ30*$C$32 -> 137354.79 | CP32: =CP30*$C$32 -> 137354.79 | ER32: =SUM(D32:EQ32) -> 1373547.9 | ES32: =C32-ER32 -> 0
A33: 9.0 | B33: =RESUMO!B12 -> SINALIZAÇÃO | C33: =C35/$EL$84 -> 0.015232992 | EF33: 0.5 | EL33: 0.5
C35: =RESUMO!C12 -> 1828989.5 | EF35: =EF33*$C$35 -> 914494.74 | EL35: =EL33*$C$35 -> 914494.74 | ER35: =SUM(D35:EQ35) -> 1828989.5 | ES35: =C35-ER35 -> 0
A36: 10.0 | B36: SINALIZAÇÃO DE OBRAS | C36: =C38/$EL$84 -> 0.0045503987 | J36: =1/22 -> 0.045454545 | P36: =1/22 -> 0.045454545 | V36: =1/22 -> 0.045454545 | AB36: =1/22 -> 0.045454545 | AH36: =1/22 -> 0.045454545 | AN36: =1/22 -> 0.045454545 | AT36: =1/22 -> 0.045454545 | AZ36: =1/22 -> 0.045454545 | BF36: =1/22 -> 0.045454545 | BL36: =1/22 -> 0.045454545 | BR36: =1/22 -> 0.045454545 | BX36: =1/22 -> 0.045454545 | CD36: =1/22 -> 0.045454545 | CJ36: =1/22 -> 0.045454545 | CP36: =1/22 -> 0.045454545 | CV36: =1/22 -> 0.045454545 | DB36: =1/22 -> 0.045454545 | DH36: =1/22 -> 0.045454545 | DN36: =1/22 -> 0.045454545 | DT36: =1/22 -> 0.045454545 | DZ36: =1/22 -> 0.045454545 | EF36: =1/22 -> 0.045454545
C38: =RESUMO!C13 -> 546355.66 | J38: =J36*$C$38 -> 24834.348 | P38: =P36*$C$38 -> 24834.348 | V38: =V36*$C$38 -> 24834.348 | AB38: =AB36*$C$38 -> 24834.348 | AH38: =AH36*$C$38 -> 24834.348 | AN38: =AN36*$C$38 -> 24834.348 | AT38: =AT36*$C$38 -> 24834.348 | AZ38: =AZ36*$C$38 -> 24834.348 | BF38: =BF36*$C$38 -> 24834.348 | BL38: =BL36*$C$38 -> 24834.348 | BR38: =BR36*$C$38 -> 24834.348 | BX38: =BX36*$C$38 -> 24834.348 | CD38: =CD36*$C$38 -> 24834.348 | CJ38: =CJ36*$C$38 -> 24834.348 | CP38: =CP36*$C$38 -> 24834.348 | CV38: =CV36*$C$38 -> 24834.348 | DB38: =DB36*$C$38 -> 24834.348 | DH38: =DH36*$C$38 -> 24834.348 | DN38: =DN36*$C$38 -> 24834.348 | DT38: =DT36*$C$38 -> 24834.348 | DZ38: =DZ36*$C$38 -> 24834.348 | EF38: =EF36*$C$38 -> 24834.348 | ER38: =SUM(D38:EQ38) -> 546355.66 | ES38: =C38-ER38 -> 0
A39: 11.0 | B39: =RESUMO!B14 -> OBRAS COMPLEMENTARES | C39: =C41/$EL$84 -> 0.0077405126 | CJ39: 0.2 | CP39: 0.2 | CV39: 0.2 | DB39: 0.2 | DH39: 0.2
C41: =RESUMO!C14 -> 929385.12 | CJ41: =CJ39*$C$41 -> 185877.02 | CP41: =CP39*$C$41 -> 185877.02 | CV41: =CV39*$C$41 -> 185877.02 | DB41: =DB39*$C$41 -> 185877.02 | DH41: =DH39*$C$41 -> 185877.02 | ER41: =SUM(D41:EQ41) -> 929385.12 | ES41: =C41-ER41 -> 0
A42: 12.0 | B42: =RESUMO!B15 -> PROTEÇÃO AMBIENTAL | C42: =C44/$EL$84 -> 0.00073900033 | CV42: 0.1 | DB42: 0.1 | DH42: 0.1 | DN42: 0.1 | DT42: 0.15 | DZ42: 0.15 | EF42: 0.15 | EL42: 0.15
C44: =RESUMO!C15 -> 88730.03 | CV44: =CV42*$C$44 -> 8873.003 | DB44: =DB42*$C$44 -> 8873.003 | DH44: =DH42*$C$44 -> 8873.003 | DN44: =DN42*$C$44 -> 8873.003 | DT44: =DT42*$C$44 -> 13309.504 | DZ44: =DZ42*$C$44 -> 13309.504 | EF44: =EF42*$C$44 -> 13309.504 | EL44: =EL42*$C$44 -> 13309.504 | ER44: =SUM(D44:EQ44) -> 88730.03 | ES44: =C44-ER44 -> 0
A81: DESEMBOLSO MENSAL | D81: =ROUND(D82/$C$84,4) -> 0.0078 | J81: =ROUND(J82/$C$84,4) -> 0.0106 | P81: =ROUND(P82/$C$84,4) -> 0.0212 | V81: =ROUND(V82/$C$84,4) -> 0.0611 | AB81: =ROUND(AB82/$C$84,4) -> 0.0611 | AH81: =ROUND(AH82/$C$84,4) -> 0.0598 | AN81: =ROUND(AN82/$C$84,4) -> 0.0671 | AT81: =ROUND(AT82/$C$84,4) -> 0.0658 | AZ81: =ROUND(AZ82/$C$84,4) -> 0.0658 | BF81: =ROUND(BF82/$C$84,4) -> 0.0658 | BL81: =ROUND(BL82/$C$84,4) -> 0.0658 | BR81: =ROUND(BR82/$C$84,4) -> 0.0586 | BX81: =ROUND(BX82/$C$84,4) -> 0.0584 | CD81: =ROUND(CD82/$C$84,4) -> 0.0584 | CJ81: =ROUND(CJ82/$C$84,4) -> 0.0527 | CP81: =ROUND(CP82/$C$84,4) -> 0.0454 | CV81: =ROUND(CV82/$C$84,4) -> 0.0443 | DB81: =ROUND(DB82/$C$84,4) -> 0.0443 | DH81: =ROUND(DH82/$C$84,4) -> 0.0443 | DN81: =ROUND(DN82/$C$84,4) -> 0.0062 | DT81: =ROUND(DT82/$C$84,4) -> 0.0062 | DZ81: =ROUND(DZ82/$C$84,4) -> 0.0063 | EF81: =ROUND(EF82/$C$84,4) -> 0.0145 | EL81: =ROUND(EL82/$C$84,4) -> 0.0085
D82: =SUM(D11,D14,D17) -> 935867.66 | J82: =SUM(J11,J14,J17,J23,J29,J38,J26) -> 1273038.5 | P82: =SUM(P11,P14,P20,P23,P17,P38,P26) -> 2550358.6 | V82: =SUM(V29,V23,V11,V38,V20,V26) -> 7335720.6 | AB82: =SUM(AB38,AB11,AB29,AB23,AB20,AB26) -> 7335720.6 | AH82: =SUM(AH38,AH11,AH29,AH23,AH20,AH26) -> 7180432.9 | AN82: =SUM(AN11,AN20,AN23,AN26,AN29,AN32,AN38) -> 8055982.2 | AT82: =SUM(AT38,AT29,AT11,AT23,AT20,AT26,AT32) -> 7903673.2 | AZ82: =SUM(AZ38,AZ11,AZ29,AZ23,AZ20,AZ26,AZ32) -> 7903673.2 | BF82: =SUM(BF38,BF11,BF29,BF23,BF20,BF26,BF32) -> 7903673.2 | BL82: =SUM(BL38,BL32,BL11,BL29,BL23,BL26,BL20) -> 7903673.2 | BR82: =SUM(BR38,BR32,BR11,BR29,BR23,BR26,BR20) -> 7035996 | BX82: =SUM(BX38,BX32,BX11,BX29,BX23,BX26,BX20) -> 7006577 | CD82: =SUM(CD38,CD26,CD11,CD29,CD23,CD20,CD32) -> 7006577 | CJ82: =SUM(CJ38,CJ32,CJ11,CJ29,CJ23,CJ41) -> 6330085.9 | CP82: =SUM(CP38,CP32,CP11,CP29,CP23,CP20,CP41) -> 5454536.6 | CV82: =SUM(CV38,CV44,CV11,CV29,CV23,CV20,CV41) -> 5316943.7 | DB82: =SUM(DB38,DB20,DB11,DB29,DB23,DB41,DB35,DB44) -> 5316943.7 | DH82: =SUM(DH38,DH20,DH11,DH29,DH23,DH41,DH35,DH44) -> 5316943.7 | DN82: =SUM(DN38,DN35,DN11,DN29,DN23,DN41,DN20,DN44) -> 740138.9 | DT82: =SUM(DT35,DT11,DT29,DT23,DT38,DT44,DT20,DT41) -> 744890.01 | DZ82: =SUM(DZ35,DZ38,DZ11,DZ17,DZ23,DZ44,DZ41) -> 755585.12 | EF82: =SUM(EF35,EF38,EF11,EF17,EF44,EF23,EF41) -> 1745625.2 | EL82: =SUM(EL11,EL17,EL38,EL35,EL44,EL41) -> 1014988.5
A83: DESEMBOLSO ACUMULADO | C83: 1 | D83: =D81 -> 0.0078 | J83: =J81+D83 -> 0.0184 | P83: =P81+J83 -> 0.0396 | V83: =V81+P83 -> 0.1007 | AB83: =AB81+V83 -> 0.1618 | AH83: =AH81+AB83 -> 0.2216 | AN83: =AN81+AH83 -> 0.2887 | AT83: =AT81+AN83 -> 0.3545 | AZ83: =AZ81+AT83 -> 0.4203 | BF83: =BF81+AZ83 -> 0.4861 | BL83: =BL81+BF83 -> 0.5519 | BR83: =BR81+BL83 -> 0.6105 | BX83: =BX81+BR83 -> 0.6689 | CD83: =CD81+BX83 -> 0.7273 | CJ83: =CJ81+CD83 -> 0.78 | CP83: =CP81+CJ83 -> 0.8254 | CV83: =CV81+CP83 -> 0.8697 | DB83: =DB81+CV83 -> 0.914 | DH83: =DH81+DB83 -> 0.9583 | DN83: =DN81+DH83 -> 0.9645 | DT83: =DT81+DN83 -> 0.9707 | DZ83: =DZ81+DT83 -> 0.977 | EF83: =EF81+DZ83 -> 0.9915 | EL83: =EL81+EF83 -> 1
C84: =SUM(C20,C17,C11,C122,C14,C23,C29,C32,C35,C38,C41,C44,C26) -> 1.2006765e+08 | D84: =D82 -> 935867.66 | J84: =J82+D84 -> 2208906.2 | P84: =P82+J84 -> 4759264.8 | V84: =V82+P84 -> 12094985 | AB84: =AB82+V84 -> 19430706 | AH84: =AH82+AB84 -> 26611139 | AN84: =AN82+AH84 -> 34667121 | AT84: =AT82+AN84 -> 42570795 | AZ84: =AZ82+AT84 -> 50474468 | BF84: =BF82+AZ84 -> 58378141 | BL84: =BL82+BF84 -> 66281814 | BR84: =BR82+BL84 -> 73317810 | BX84: =BX82+BR84 -> 80324387 | CD84: =CD82+BX84 -> 87330964 | CJ84: =CJ82+CD84 -> 93661050 | CP84: =CP82+CJ84 -> 99115587 | CV84: =CV82+CP84 -> 1.0443253e+08 | DB84: =DB82+CV84 -> 1.0974947e+08 | DH84: =DH82+DB84 -> 1.1506642e+08 | DN84: =DN82+DH84 -> 1.1580656e+08 | DT84: =DT82+DN84 -> 1.1655145e+08 | DZ84: =DZ82+DT84 -> 1.1730703e+08 | EF84: =EF82+DZ84 -> 1.1905266e+08 | EL84: =EL82+EF84 -> 1.2006765e+08
C86: =C11/(C14+C17+C20+C23+C26+C29+C32+C35+C38+C41+C44) -> 0.070913724
C88: =RESUMO!C16 -> 1.2006765e+08
C90: =C84-C88 -> 0

Sheet CANT_Efetivo
A2: RODOVIA: | C2: PE-120
A3: TRECHO: | C3: Entr. PE-126 (Catende) – Entr. BR-104 (Agrestina)
A4: EXTENSÃO: | C4: 41.6
A5: DATA BASE: | C5: OUTUBRO/2025
A6: TIPO: | C6: SEM DESONERAÇÃO
A8: EFETIVO
B10: N | C10: c/ coef. | D10: Efetivo para dimensionamento do canteiro
A11: Npf | B11: 11 | C11: =ROUNDUP((B11*1),0) -> 11 | D11: Número de funcionários da parcela fixa da administração local
A12: Npf-v | B12: 10.75 | C12: =ROUNDUP((B12*1),0) -> 11 | D12: Número de funcionários das parcelas fixa e vinculada da administração local
A13: Np-v | B13: 12 | C13: =ROUNDUP((B13*1.33),0) -> 16 | D13: Número de funcionários da parcela variável da administração local no mês de pico
A14: Nmo | B14: ='MÃO DE OBRA'!G28 -> 73 | C14: =ROUNDUP((B14*1.33),0) -> 98 | D14: Número de funcionários da mão de obra ordinária no mês de pico
A15: Nfa | B15: 0 | C15: =ROUNDUP((B15*1),0) -> 0 | D15: Número de funcionários alojados no canteiro
A16: Nmax | C16: =C12+C14+C13 -> 125 | D16: Número máximo de funcionários
A18: Nota:
A19: Nfa = (Npf-v) + (Npv+Nmo)/2
A20: Nmax = (Npf-v) + (Nmo) + (Npv)
A21: Obs.: Para o dimensionamento do canteiro, considera-se os valores com a aplicação dos coeficientes.

Sheet CANT_Coef
A1: CANTEIRO DE OBRAS - Fatores de Ajuste
A3: Fator de ajuste padrão da construção | B3: Provisório | C3: Permanente
A4: K1 | B4: 0.8 | C4: 1
A6: Fator de Mobiliário e Aparelhagem | B6: K2
A7: Construção e restauração rodoviária de pequeno ou médio porte | B7: 1.05
A8: Construção e restauração rodoviária de grande porte | B8: 1.04
A9: Conservação rodoviária | B9: 1.13
A10: Construção ou recuperação, reforço e alargamento de obras de arte especiais de pequeno porte | B10: 1.06
A11: Construção ou recuperação, reforço e alargamento de obras de arte especiais de médio ou grande porte | B11: 1.04
A12: Construção ferroviária | B12: 1.05
A14: Fator de Ajuste da Distância do Canteiro aos Centros Fornecedores | B14: Condição do Pavimento
B15: Leito Natural | C15: Revestimento Primário | D15: Rodovia Pavimentada
A16: K3: Fórmulas | B16: 1+0,0014XDT | C16: 1+0,0009XDT | D16: 1+0,0008XDT
A17: DT (Km) | B17: 0 | C17: 0 | D17: 25.32
A18: Parciais Decimais | B18: =0.0014*B17 -> 0 | C18: =0.0009*C17 -> 0 | D18: =0.0008*D17 -> 0.020256
A19: OBS.: Centro urbano mais próximo até o canteiro, município de Caruaru/PE
A21: Definição de Fatores
A22: K1 | B22: =B4 -> 0.8 | C22: Provisória
A23: K2 | B23: =B7 -> 1.05 | C23: =A7 -> Construção e restauração rodoviária de pequeno ou médio porte
B24: =B10 -> 1.06 | C24: Construção ou recuperação OAE
A25: K3 | B25: =1+(B18+C18+D18) -> 1.020256 | C25: Rodovia Pavimentada
A27: Obs.:
A28: DT= Distância do canteiro ao centro fornecedor

Sheet CANT_Princ
A1: CANTEIRO - Custo do Canteiro Principal (CCP)
A3: Relação entre áreas Cobertas e áreas totais dos terrenos
A4: Construção e Restauração de Rodovias | B4: Pequeno | C4: Médio | D4: Grande
A5: Relação entre as áreas cobertas edificadas e as áreas totais dos terrenos | B5: 0.3333 | C5: 0.4 | D5: 0.45
A7: Fator de Equivalência de Áreas descobertas
A8: FEAD
A9: 0.05
A11: CMCC (obtido através do Site da caixa e IBGE)
A12: CMCC | B12: 1780.31 | C12: Custo médio da Construção civil - Out/2025 (Pernambuco) (Não considerando a desoneração)
A14: Dimensionamento das áreas Variáveis (Tabela 40 - pág. 88 do Manual Vol. 7)
A15: Instalações Cobertas | B15: Áreas Dimensionadas | C15: Equações de Dimensionamento das Áreas
A16: Escritório e seção técnica | B16: =(57.95+(4.5*CANT_Efetivo!C11))*0.8 -> 85.96 | C16: AE-ST = (57,95 + 4,5 x NPF) * 80%
A17: Refeitório e cozinha | B17: =(1.55*(0.5*CANT_Efetivo!C16))*0.8 -> 77.5 | C17: AR-C = (1,55 x 50% NMAX) * 80%
A18: Alojamentos | B18: =(3.11*0.5*(CANT_Efetivo!C14+CANT_Efetivo!C13))*0.8 -> 141.816 | C18: AAL = (3,11 x 50% x (Nmo + Npv)) * 80%
A19: Banheiros e vestiário | B19: =(0.77*(CANT_Efetivo!C14+CANT_Efetivo!C13))*0.8 -> 70.224 | C19: AB-V = (0,77 x (NMO + NPV)) * 80%
A20: Ambulatório | B20: =(0.25*CANT_Efetivo!C16)*0.8 -> 25 | C20: AAMB = (0,25 x Nmax) * 80%
A21: Redução de 20% no cálculo das áreas, conforme instrução de serviço Nº 01 GEP/DER-PE, de 08 de setembro de 2020
A23: Áreas fixas - Construção e Restauração Rodoviária
A24: Instalações Cobertas | B24: Porte
B25: Pequeno | C25: Médio | D25: Grande
A26: Almoxarifado e Depósito de cimento | B26: 100 | C26: 136 | D26: 172
A27: Oficina | B27: 120 | C27: 120 | D27: 120
A28: Guarita | B28: 2.25 | C28: 2.25 | D28: 2.25
A29: Redução de áreas, conforme instrução de serviço Nº 01 GEP/DER-PE, de 08 de setembro de 2020
A31: ÁREAS COBERTAS Aplicar fator de equivalência de áreas cobertas (fatores apresentados na pág. 112 do Vol. 7)
A32: Instalações | B32: Área de Ref. (m2) (AF) | C32: FEAC | D32: Áreas Equivalentes (AE)
A33: Escritório e seção técnica | B33: =B16 -> 85.96 | C33: 70 | D33: =B33*(C33/100) -> 60.172
A34: Refeitório e cozinha | B34: =B17 -> 77.5 | C34: 70 | D34: =B34*(C34/100) -> 54.25
A35: Alojamentos | B35: =B18 -> 141.816 | C35: 70 | D35: =B35*(C35/100) -> 99.2712
A36: Banheiros e vestiário | B36: =B19 -> 70.224 | C36: 70 | D36: =B36*(C36/100) -> 49.1568
A37: Ambulatório | B37: =B20 -> 25 | C37: 60 | D37: =B37*(C37/100) -> 15
A38: Almoxarifado e Depósito de cimento | B38: =C26 -> 136 | C38: 50 | D38: =B38*(C38/100) -> 68
A39: Oficina | B39: =C27 -> 120 | C39: 50 | D39: =B39*(C39/100) -> 60
A40: Guarita | B40: =C28 -> 2.25 | C40: 70 | D40: =B40*(C40/100) -> 1.575
A41: Total | B41: =SUM(B33:B40) -> 658.75 | D41: =SUM(D33:D40) -> 407.425
A43: Área de referência do terreno (m2) (AT)
A44: Área Total de Referência do terreno | B44: =B41/C5 -> 1646.875 | C44: AT = AF / 45%
A45: *obtido através da relação entre áreas totais e cobertas da pág. 91, Vol. 7
A47: Área descoberta (m2) (AD)
A48: Área descoberta | B48: =B44-B41 -> 988.125 | C48: AD = AT - AF
A49: *diferença entre área total do terreno e área coberta
A51: Área do canteiro coberto (AC)
A52: Área (m2) | B52: =B41 -> 658.75 | C52: AC = AF
A54: CCP - Custo do Canteiro Principal (pág. 109, Vol. 7)
A55: CCP | B55: =(((CANT_Coef!B22*CANT_Coef!B23*CANT_Coef!B25*D41)+(B48*A9))*B12) -> 709588.13
A57: CCP = [(k1 x k2 x k3 xΣAC x FEAC )+(ΣAD x FEAD )]x CMCC
B61: =B55+'CANT_Compl OAE'!B41+CANT_Ind!F18 -> 1115617.9
A461: COT03 (*)

Sheet CANT_Compl OAE
A1: CANTEIRO - Custo do Canteiro Complementar (CCC)
A3: Relação entre áreas Cobertas e áreas totais dos terrenos
A4: Construção ou recuperação, reforço e alargamento de obras de arte especiais | B4: Pequeno | C4: Médio | D4: Grande
A5: Relação entre as áreas cobertas edificadas e as áreas totais dos terrenos | B5: 0.35 | C5: 0.35 | D5: 0.35
A7: Fator de Equivalência de Áreas descobertas
A8: FEAD
A9: 0.05
A11: CMCC (obtido através do Site da caixa e IBGE)
A12: CMCC | B12: 1777.58 | C12: Custo médio da Construção civil - Jul/2025 (Pernambuco) (Não considerando a desoneração)
A14: Áreas fixas - Construção e Restauração Rodoviária ( Tabela 45 - Pág. 89 do Vol. 7)
A15: Instalações Cobertas | B15: Porte
B16: Pequeno | C16: Médio | D16: Grande
A17: Almoxarifado e Depósito de cimento | B17: 131 | C17: 136 | D17: 172
A18: Oficina | B18: 18.1 | C18: 120 | D18: 120
A19: Guarita | B19: 2.25 | C19: 2.25 | D19: 2.25
A20: Redução de áreas, conforme instrução de serviço Nº 01 GEP/DER-PE, de 08 de setembro de 2020
A22: ÁREAS COBERTAS Aplicar fator de equivalência de áreas cobertas (fatores apresentados na pág. 112 do Vol. 7)
A23: Instalações | B23: Área de Ref. (m2) (AF) | C23: FEAC | D23: Áreas Equivalentes (AE)
A24: Almoxarifado e Depósito de cimento | B24: =B17 -> 131 | C24: 50 | D24: =B24*(C24/100) -> 65.5
A25: Oficina | B25: =B18 -> 18.1 | C25: 50 | D25: =B25*(C25/100) -> 9.05
A26: Guarita | B26: =B19 -> 2.25 | C26: 70 | D26: =B26*(C26/100) -> 1.575
A27: Total | B27: =SUM(B24:B26) -> 151.35 | D27: =SUM(D24:D26) -> 76.125
A29: Área de referência do terreno (m2) (AT)
A30: Área Total de Referência do terreno | B30: =B27/B5 -> 432.42857 | C30: AT = AF / 35%
A31: *obtido através da relação entre áreas totais e cobertas da pág. 91, Vol. 7
A33: Área descoberta (m2) (AD)
A34: Área descoberta | B34: =B30-B27 -> 281.07857 | C34: AD = AT - AF
A35: *diferença entre área total do terreno e área coberta
A37: Área do canteiro coberto (AC)
A38: Área (m2) | B38: =B27 -> 151.35 | C38: AC = AF
A40: CCP - Custo do Canteiro Principal (pág. 109, Vol. 7)
A41: CCP | B41: =(((CANT_Coef!B22*CANT_Coef!B24*CANT_Coef!B25*D27)+(B34*A9))*B12) -> 142056.26
A43: CCO = [(k1 x k2 x k3 xΣAC x FEAC )+(ΣAD x FEAD )]x CMCC
A447: COT03 (*)

Sheet CANT_Ind
A1: CANTEIRO - Custo do Canteiro Industrial (CCI)
A3: CMCC (obtido através do Site da caixa e IBGE)
A4: CMCC | B4: =CANT_Princ!B12 -> 1780.31 | C4: =CANT_Princ!C12 -> Custo médio da Construção civil - Out/2025 (Pernambuco) (Não considerando a desoneração)
A6: Instalações Industriais
A8: ÁREAS COBERTAS
A9: Instalações | B9: Área de Ref. | C9: FEAC | D9: Áreas Equivalentes
A10: Laboratórios (asfalto e concreto) | B10: =94.36+94.36 -> 188.72 | C10: 60 | D10: =B10*(C10/100) -> 113.232
A11: Almoxarifados (concreto e asfalto) | B11: =41.68+41.68 -> 83.36 | C11: 50 | D11: =B11*(C11/100) -> 41.68
A12: Oficinas (concreto e asfalto) | B12: =18.1+18.1 -> 36.2 | C12: 50 | D12: =B12*(C12/100) -> 18.1
A13: Total | B13: =SUM(B10:B12) -> 308.28 | D13: =SUM(D10:D12) -> 173.012
A15: Construções em padrão provisório (Áreas Cobertas) | D15: =CANT_Coef!$B$22*CANT_Coef!$B$23*CANT_Coef!$B$25*CANT_Ind!$D$13*$B$4 -> 263973.48 | E15: k1*k2*k3* Áreas Equivalentes*CMCC
A18: CUSTO TOTAL DOS CANTEIROS INDUSTRIAIS | F18: =D15 -> 263973.48

Sheet MÃO DE OBRA
A1: RODOVIA: | B1: =CANT_Efetivo!C2 -> PE-120
A2: TRECHO: | B2: =CANT_Efetivo!C3 -> Entr. PE-126 (Catende) – Entr. BR-104 (Agrestina)
A3: EXTENSÃO: | B3: 41.6
A4: RELAÇÃO DE MÃO DE OBRA ORDINÁRIA
A6: Código | B6: Descrição | C6: Unid | D6: Qtde | E6: Horas/Mês | F6: Prazo da obra (meses) | G6: Quantidade
A8: P9824 | B8: Servente | C8: H | D8: 164101.77 | E8: 182.49 | F8: 24 | G8: =ROUNDUP(D8/E8/F8,0) -> 38
A9: P9801 | B9: Ajudante | C9: H | D9: 26711.034 | E9: 182.49 | F9: =$F$8 -> 24 | G9: =ROUNDUP(D9/E9/F9,0) -> 7
A10: P9808 | B10: Carpinteiro | C10: H | D10: 16673.498 | E10: 182.49 | F10: =$F$8 -> 24 | G10: =ROUNDUP(D10/E10/F10,0) -> 4
A11: P9845 | B11: Operador de equipamento pesado | C11: H | D11: 10998.833 | E11: 182.49 | F11: =$F$8 -> 24 | G11: =ROUNDUP(D11/E11/F11,0) -> 3
A12: P9866 | B12: Motorista de caminhão | C12: H | D12: 7634.8327 | E12: 182.49 | F12: =$F$8 -> 24 | G12: =ROUNDUP(D12/E12/F12,0) -> 2
A13: P9843 | B13: Operador de equipamento leve | C13: H | D13: 9260.5392 | E13: 182.49 | F13: =$F$8 -> 24 | G13: =ROUNDUP(D13/E13/F13,0) -> 3
A14: P9805 | B14: Armador | C14: H | D14: 6543.0171 | E14: 182.49 | F14: =$F$8 -> 24 | G14: =ROUNDUP(D14/E14/F14,0) -> 2
A15: P9821 | B15: Pedreiro | C15: H | D15: 7101.5596 | E15: 182.49 | F15: =$F$8 -> 24 | G15: =ROUNDUP(D15/E15/F15,0) -> 2
A16: P9830 | B16: Montador | C16: H | D16: 3874.754 | E16: 182.49 | F16: =$F$8 -> 24 | G16: =ROUNDUP(D16/E16/F16,0) -> 1
A17: P9846 | B17: Operador de equipamento especial | C17: H | D17: 1455.9407 | E17: 182.49 | F17: =$F$8 -> 24 | G17: =ROUNDUP(D17/E17/F17,0) -> 1
A18: P9822 | B18: Pintor | C18: H | D18: 1858.9289 | E18: 182.49 | F18: =$F$8 -> 24 | G18: =ROUNDUP(D18/E18/F18,0) -> 1
A19: P9815 | B19: Jardineiro | C19: H | D19: 223.16667 | E19: 182.49 | F19: =$F$8 -> 24 | G19: =ROUNDUP(D19/E19/F19,0) -> 1
A20: P9802 | B20: Ajudante especializado | C20: H | D20: 216.86156 | E20: 182.49 | F20: =$F$8 -> 24 | G20: =ROUNDUP(D20/E20/F20,0) -> 1
... A25: P9852 | B25: Blaster | C25: H | D25: 45.385744 | E25: 182.49 | F25: =$F$8 -> 24 | G25: =ROUNDUP(D25/E25/F25,0) -> 1
A26: P9810 | B26: Eletricista | D26: 3.999871 | E26: 182.49 | F26: =$F$8 -> 24 | G26: =ROUNDUP(D26/E26/F26,0) -> 1
A27: P9807 | B27: Bombeiro hidráulico | C27: H | D27: 4 | E27: 182.49 | F27: =$F$8 -> 24 | G27: =ROUNDUP(D27/E27/F27,0) -> 1
B28: TOTAL MÃO OBRA | D28: =SUM(D8:D27) -> 257196.09 | E28: HOMENS/MÊS MÉDIO | G28: =SUM(G8:G27) -> 73

Sheet Adm Local
B3: OBRA: | D3: PE-120
B4: DATA BASE: | D4: OUTUBRO/2025
B5: TIPO: | D5: SEM DESONERAÇÃO
B7: ADMINISTRAÇÃO LOCAL
C9: ADMINISTRAÇÃO LOCAL
C10: De acordo com o Manual de Custos de Infraestrutura de Transportes, a administração local compreende o conjunto de gastos com pessoal, materiais e equipamentos incorridos pelo executor no local do empreendimento e indispensáveis ao apoio e à condução da obra. É exercida normalmente por pessoal técnico e administrativo, tais como: engenheiro supervisor, engenheiros setoriais, gestores administrativos, equipes de medicina e segurança no trabalho, etc. Além da gerência técnica e administrativa da obra, incluem-se na administração local as equipes responsáveis pelo controle de produção das frentes de serviços, pelo controle tecnológico da obra e pelos serviços gerais de apoio.
C14: A) Considerações :
D15: Natureza da obra: | E15: Construção/Restauração Rodoviária de Médio Porte
D16: Prazo de execução (meses): | F16: 24
D17: Dimensões referenciais do canteiro de obras e acampamentos: | H17: 571.84 | I17: de instalações cobertas:
D18: Data base: | E18: =D4 -> OUTUBRO/2025 | H18: 688 | I18: de áreas descobertas.
C20: B) Parcela Fixa da Administração Local :
C22: Composição de custo da parcela fixa da administração local (mão de obra)
C23: ITEM | D23: CÓDIGO | E23: DISCRIMINAÇÃO | F23: UNIDADE | G23: QUANTIDADE | H23: CUSTO UINTÁRIO (R$) | I23: CUSTO TOTAL (R$) | K23: Npf= | L23: =SUM(G26:G28,G30:G31,G35:G39,G41:G42) -> 11
C24: 1 | D24: GERÊNCIA TÉCNICA
C25: 1.1 | D25: Geral
C26: 1.1.1 | D26: P9819 | E26: =VLOOKUP(D26,'[45]MO SICRO'!A:G,2,0) -> Engenheiro supervisor - mensalista | F26: =VLOOKUP(D26,'[45]MO SICRO'!A:G,3,0) -> mês | G26: 1 | H26: =VLOOKUP(D26,'[45]MO SICRO'!A:G,6,0) -> 27534.562 | I26: =TRUNC(H26*G26,2) -> 27534.56
C27: 1.1.2 | D27: P9840 | E27: =VLOOKUP(D27,'[45]MO SICRO'!A:G,2,0) -> Encarregado geral - mensalista | F27: =VLOOKUP(D27,'[45]MO SICRO'!A:G,3,0) -> mês | G27: 1 | H27: =VLOOKUP(D27,'[45]MO SICRO'!A:G,6,0) -> 11551.203 | I27: =TRUNC(H27*G27,2) -> 11551.2
C28: 1.1.3 | D28: P9897 | E28: =VLOOKUP(D28,'[45]MO SICRO'!A:G,2,0) -> Técnico de meio ambiente - mensalista | F28: =VLOOKUP(D28,'[45]MO SICRO'!A:G,3,0) -> mês | G28: 1 | H28: =VLOOKUP(D28,'[45]MO SICRO'!A:G,6,0) -> 8029.9043 | I28: =TRUNC(H28*G28,2) -> 8029.9
C29: 1.2 | D29: Auxiliar
C30: 1.2.1 | D30: P9946 | E30: =VLOOKUP(D30,'[45]MO SICRO'!A:G,2,0) -> Engenheiro auxiliar - mensalista | F30: =VLOOKUP(D30,'[45]MO SICRO'!A:G,3,0) -> mês | G30: 1 | H30: =VLOOKUP(D30,'[45]MO SICRO'!A:G,6,0) -> 25005.828 | I30: =TRUNC(H30*G30,2) -> 25005.82
C31: 1.2.2 | D31: P9903 | E31: =VLOOKUP(D31,'[45]MO SICRO'!A:G,2,0) -> Auxiliar técnico - mensalista | F31: =VLOOKUP(D31,'[45]MO SICRO'!A:G,3,0) -> mês | G31: 1 | H31: =VLOOKUP(D31,'[45]MO SICRO'!A:G,6,0) -> 4887.4143 | I31: =TRUNC(H31*G31,2) -> 4887.41
C32: SUBTOTAL DO ITEM 1 - GERÊNCIA TÉCNICA (R$) | I32: =SUM(I26:I31) -> 77008.89
C33: 2 | D33: GERÊNCIA ADMINISTRATIVA
C34: 2.1 | D34: Geral
C35: 2.1.1 | D35: P9883 | E35: =VLOOKUP(D35,'[45]MO SICRO'!A:G,2,0) -> Chefe do setor administrativo - mensalista | F35: =VLOOKUP(D35,'[45]MO SICRO'!A:G,3,0) -> mês | H35: =VLOOKUP(D35,'[45]MO SICRO'!A:G,6,0) -> 7823.1731 | I35: =TRUNC(H35*G35,2) -> 0
C36: 2.1.2 | D36: P9809 | E36: =VLOOKUP(D36,'[45]MO SICRO'!A:G,2,0) -> Encarregado administrativo - mensalista | F36: =VLOOKUP(D36,'[45]MO SICRO'!A:G,3,0) -> mês | G36: 1 | H36: =VLOOKUP(D36,'[45]MO SICRO'!A:G,6,0) -> 7823.1739 | I36: =TRUNC(H36*G36,2) -> 7823.17
C37: 2.1.3 | D37: P9896 | E37: =VLOOKUP(D37,'[45]MO SICRO'!A:G,2,0) -> Porteiro - mensalista | F37: =VLOOKUP(D37,'[45]MO SICRO'!A:G,3,0) -> mês | G37: 1 | H37: =VLOOKUP(D37,'[45]MO SICRO'!A:G,6,0) -> 4258.6483 | I37: =TRUNC(H37*G37,2) -> 4258.64
C38: 2.1.4 | D38: P9827 | E38: =VLOOKUP(D38,'[45]MO SICRO'!A:G,2,0) -> Vigia - mensalista | F38: =VLOOKUP(D38,'[45]MO SICRO'!A:G,3,0) -> mês | G38: 2 | H38: =VLOOKUP(D38,'[45]MO SICRO'!A:G,6,0) -> 4985.9787 | I38: =TRUNC(H38*G38,2) -> 9971.95
C39: 2.1.5 | D39: P9948 | E39: =VLOOKUP(D39,'[45]MO SICRO'!A:G,2,0) -> Motorista de veículo leve - mensalista | F39: =VLOOKUP(D39,'[45]MO SICRO'!A:G,3,0) -> mês | H39: =VLOOKUP(D39,'[45]MO SICRO'!A:G,6,0) -> 5919.9661 | I39: =TRUNC(H39*G39,2) -> 0
C40: 2.1 | D40: Auxiliar
C41: 2.1.1 | D41: P9806 | E41: =VLOOKUP(D41,'[45]MO SICRO'!A:G,2,0) -> Auxiliar administrativo - mensalista | F41: =VLOOKUP(D41,'[45]MO SICRO'!A:G,3,0) -> mês | G41: 1 | H41: =VLOOKUP(D41,'[45]MO SICRO'!A:G,6,0) -> 5272.1359 | I41: =TRUNC(H41*G41,2) -> 5272.13
C42: 2.1.2 | D42: P9842 | E42: =VLOOKUP(D42,'[45]MO SICRO'!A:G,2,0) -> Faxineiro - mensalista | F42: =VLOOKUP(D42,'[45]MO SICRO'!A:G,3,0) -> mês | G42: 1 | H42: =VLOOKUP(D42,'[45]MO SICRO'!A:G,6,0) -> 4271.9216 | I42: =TRUNC(H42*G42,2) -> 4271.92
C43: SUBTOTAL DO ITEM 2 - GERÊNCIA ADMINISTRATIVA (R$) | I43: =SUM(I35:I42) -> 31597.81
C44: TOTAL DA MÃO DE OBRA DA PARCELA FIXA (R$) | I44: =SUM(I43,I32) -> 108606.7
C46: Composição de custo da parcela fixa da administração local (veículos)
C47: ITEM | D47: CÓDIGO | E47: DISCRIMINAÇÃO | F47: UNIDADE | G47: QUANTIDADE | H47: UTIL. PROD. | I47: UTIL. IMPROD. | J47: CHP | K47: CHI | L47: CUSTO TOTAL (R$)
C48: 1 | D48: VEÍCULOS
C49: 1.1 | D49: GERÊNCIA TÉCNICA
C50: 1.1.1 | D50: E9093 | E50: =VLOOKUP(D50,'[45]EQU SICRO'!D:G,2,0) -> Veículo leve - 53 kW (sem motorista) | F50: mês | G50: 2 | H50: 44 | I50: 176 | J50: =VLOOKUP(D50,'[45]EQU SICRO'!D:G,3,0) -> 35.8043 | K50: =VLOOKUP(D50,'[45]EQU SICRO'!D:G,4,0) -> 6.6485 | L50: =TRUNC(G50*((H50*J50)+(I50*K50)),2) -> 5491.05
C51: 1.1.2 | D51: E9560 | E51: =VLOOKUP(D51,'[45]EQU SICRO'!D:G,2,0) -> Ônibus com capacidade para 46 passageiros - 153 kW | F51: mês | G51: 1 | H51: 44 | I51: 176 | J51: =VLOOKUP(D51,'[45]EQU SICRO'!D:G,3,0) -> 336.0436 | K51: =VLOOKUP(D51,'[45]EQU SICRO'!D:G,4,0) -> 111.9124 | L51: =TRUNC(G51*((H51*J51)+(I51*K51)),2) -> 34482.5
C52: 1.2 | D52: GERÊNCIA ADMINISTRATIVA
C53: 1.2.1 | D53: E9093 | E53: =VLOOKUP(D53,'[45]EQU SICRO'!D:G,2,0) -> Veículo leve - 53 kW (sem motorista) | F53: mês | G53: 1 | H53: 44 | I53: 176 | J53: =VLOOKUP(D53,'[45]EQU SICRO'!D:G,3,0) -> 35.8043 | K53: =VLOOKUP(D53,'[45]EQU SICRO'!D:G,4,0) -> 6.6485 | L53: =TRUNC(G53*((H53*J53)+(I53*K53)),2) -> 2745.52
C54: TOTAL DOS VEÍCULOS DA PARCELA FIXA (R$) | L54: =SUM(L50:L53) -> 42719.07
C56: C) Parcela Vinculada da Administração Local :
C57: C.1) Equipe de Terraplenagem
C59: Composição de custo da equipe produção de terraplenagem - Parcela vinculada (mão de obra)
C60: ITEM | D60: CÓDIGO | E60: DISCRIMINAÇÃO | F60: UNIDADE | G60: QUANTIDADE | H60: CUSTO UINTÁRIO (R$) | I60: CUSTO TOTAL (R$) | K60: Npf-v= | L60: =SUM(G62,G77,G91,G92,G106,G107,G108,G122,G123,G124) -> 10.75
C61: 1 | D61: EQUIPE DE PRODUÇÃO DE TERRAPLENAGEM
C62: 1.1 | D62: P9884 | E62: =VLOOKUP(D62,'[45]MO SICRO'!A:G,2,0) -> Encarregado de terraplenagem - mensalista | F62: =VLOOKUP(D62,'[45]MO SICRO'!A:G,3,0) -> mês | G62: 1 | H62: =VLOOKUP(D62,'[45]MO SICRO'!A:G,6,0) -> 8287.4949 | I62: =TRUNC(H62*G62,2) -> 8287.49
C63: SUBTOTAL DA EQUIPE DE PRODUÇÃO DE TERRAPLENAGEM (R$) | I63: =SUM(I62) -> 8287.49
C65: Composição de custo da parcela vinculada (veículos)
C66: ITEM | D66: CÓDIGO | E66: DISCRIMINAÇÃO | F66: UNIDADE | G66: QUANTIDADE | H66: UTIL. PROD. | I66: UTIL. IMPROD. | J66: CHP | K66: CHI | L66: CUSTO TOTAL (R$)
C67: 1 | D67: VEÍCULOS
C68: 1.1 | D68: E9093 | E68: =VLOOKUP(D68,'[45]EQU SICRO'!D:G,2,0) -> Veículo leve - 53 kW (sem motorista) | F68: mês | G68: 1 | H68: 44 | I68: 176 | J68: =VLOOKUP(D68,'[45]EQU SICRO'!D:G,3,0) -> 35.8043 | K68: =VLOOKUP(D68,'[45]EQU SICRO'!D:G,4,0) -> 6.6485 | L68: =TRUNC(G68*((H68*J68)+(I68*K68)),2) -> 2745.52
C69: SUBTOTAL DOS VEÍCULOS DA PARCELA VINCULADA (R$) | L69: =SUM(L68) -> 2745.52
C70: TOTAL DA PARCELA VINCULADA - EQUIPE DE PRODUÇÃO TERRAPLENAGEM (R$) | L70: =SUM(L69,I63) -> 11033.01
C72: C.2) Equipe de Pavimentação
C74: Composição de custo da equipe de produção de pavimentação - Parcela vinculada (mão de obra)
C75: ITEM | D75: CÓDIGO | E75: DISCRIMINAÇÃO | F75: UNIDADE | G75: QUANTIDADE | H75: CUSTO UINTÁRIO (R$) | I75: CUSTO TOTAL (R$)
C76: 1 | D76: EQUIPE DE PRODUÇÃO DE PAVIMENTAÇÃO
C77: 1.1 | D77: P9893 | E77: =VLOOKUP(D77,'[45]MO SICRO'!A:G,2,0) -> Encarregado de pavimentação - mensalista | F77: =VLOOKUP(D77,'[45]MO SICRO'!A:G,3,0) -> mês | G77: 1 | H77: =VLOOKUP(D77,'[45]MO SICRO'!A:G,6,0) -> 8287.4949 | I77: =TRUNC(H77*G77,2) -> 8287.49
C78: SUBTOTAL DA EQUIPE DE PRODUÇÃO DE PAVIMENTAÇÃO (R$) | I78: =SUM(I77) -> 8287.49
C80: Composição de custo da parcela vinculada (veículos)
C81: ITEM | D81: CÓDIGO | E81: DISCRIMINAÇÃO | F81: UNIDADE | G81: QUANTIDADE | H81: UTIL. PROD. | I81: UTIL. IMPROD. | J81: CHP | K81: CHI | L81: CUSTO TOTAL (R$)
C82: 1 | D82: VEÍCULOS
C83: 1.1 | D83: E9093 | E83: =VLOOKUP(D83,'[45]EQU SICRO'!D:G,2,0) -> Veículo leve - 53 kW (sem motorista) | F83: mês | G83: 1 | H83: 44 | I83: 176 | J83: =VLOOKUP(D83,'[45]EQU SICRO'!D:G,3,0) -> 35.8043 | K83: =VLOOKUP(D83,'[45]EQU SICRO'!D:G,4,0) -> 6.6485 | L83: =TRUNC(G83*((H83*J83)+(I83*K83)),2) -> 2745.52
C84: SUBTOTAL DOS VEÍCULOS DA PARCELA VINCULADA | L84: =SUM(L83) -> 2745.52
C85: TOTAL DA PARCELA VINCULADA - EQUIPE DEPRODUÇÃO DE PAVIMENTAÇÃO | L85: =SUM(L84,I78) -> 11033.01
C87: C.3) Equipe de Topografia
C88: Composição de custo da equipe de topografia - Parcela vinculada (mão de obra)
C89: ITEM | D89: CÓDIGO | E89: DISCRIMINAÇÃO | F89: UNIDADE | G89: QUANTIDADE | H89: CUSTO UINTÁRIO (R$) | I89: CUSTO TOTAL (R$)
C90: 1 | D90: EQUIPE DE TOPOGRAFIA
C91: 1.1 | D91: P9949 | E91: =VLOOKUP(D91,'[45]MO SICRO'!A:G,2,0) -> Topógrafo - mensalista | F91: =VLOOKUP(D91,'[45]MO SICRO'!A:G,3,0) -> mês | G91: 1 | H91: =VLOOKUP(D91,'[45]MO SICRO'!A:G,6,0) -> 8892.4903 | I91: =TRUNC(H91*G91,2) -> 8892.49
C92: 1.2 | D92: P9950 | E92: =VLOOKUP(D92,'[45]MO SICRO'!A:G,2,0) -> Auxiliar de topografia - mensalista | F92: =VLOOKUP(D92,'[45]MO SICRO'!A:G,3,0) -> mês | G92: 2 | H92: =VLOOKUP(D92,'[45]MO SICRO'!A:G,6,0) -> 5963.7447 | I92: =TRUNC(H92*G92,2) -> 11927.48
C93: SUBTOTAL DA EQUIPE DE TOPOGRAFIA (R$) | I93: =SUM(I91:I92) -> 20819.97
C95: Composição de custo da parcela vinculada (veículos)
C96: ITEM | D96: CÓDIGO | E96: DISCRIMINAÇÃO | F96: UNIDADE | G96: QUANTIDADE | H96: UTIL. PROD. | I96: UTIL. IMPROD. | J96: CHP | K96: CHI | L96: CUSTO TOTAL (R$)
C97: 1 | D97: VEÍCULOS
C98: 1.1 | D98: E9093 | E98: =VLOOKUP(D98,'[45]EQU SICRO'!D:G,2,0) -> Veículo leve - 53 kW (sem motorista) | F98: mês | G98: =G91 -> 1 | H98: 44 | I98: 176 | J98: =VLOOKUP(D98,'[45]EQU SICRO'!D:G,3,0) -> 35.8043 | K98: =VLOOKUP(D98,'[45]EQU SICRO'!D:G,4,0) -> 6.6485 | L98: =TRUNC(G98*((H98*J98)+(I98*K98)),2) -> 2745.52
C99: SUBTOTAL DOS VEÍCULOS DA PARCELA VINCULADA | L99: =SUM(L98) -> 2745.52
C100: TOTAL DA PARCELA VINCULADA - EQUIPE DE TOPOGRAFIA | L100: =SUM(L99,I93) -> 23565.49
C102: C.4) Equipe de OAE
C103: Composição de custo da equipe de OAE - Parcela vinculada (mão de obra)
C104: ITEM | D104: CÓDIGO | E104: DISCRIMINAÇÃO | F104: UNIDADE | G104: QUANTIDADE | H104: CUSTO UINTÁRIO (R$) | I104: CUSTO TOTAL (R$)
C105: 1 | D105: EQUIPE DE OAE
C106: 1.1 | D106: P9869 | E106: =VLOOKUP(D106,'[45]MO SICRO'!A:G,2,0) -> Encarregado de obras de artes especiais - mensalista | F106: =VLOOKUP(D106,'[45]MO SICRO'!A:G,3,0) -> mês | G106: 1 | H106: =VLOOKUP(D106,'[45]MO SICRO'!A:G,6,0) -> 8287.4949 | I106: =TRUNC(H106*G106,2) -> 8287.49
C107: 1.2 | D107: P9875 | E107: =VLOOKUP(D107,'[45]MO SICRO'!A:G,2,0) -> Encarregado de turma - mensalista | F107: =VLOOKUP(D107,'[45]MO SICRO'!A:G,3,0) -> mês | G107: 2 | H107: =VLOOKUP(D107,'[45]MO SICRO'!A:G,6,0) -> 6191.2078 | I107: =TRUNC(H107*G107,2) -> 12382.41
C108: 1.2 | D108: P9804 | E108: =VLOOKUP(D108,'[45]MO SICRO'!A:G,2,0) -> Apontador - mensalista | F108: =VLOOKUP(D108,'[45]MO SICRO'!A:G,3,0) -> mês | G108: 1 | H108: =VLOOKUP(D108,'[45]MO SICRO'!A:G,6,0) -> 5278.6116 | I108: =TRUNC(H108*G108,2) -> 5278.61
C109: SUBTOTAL DA EQUIPE DE OAE (R$) | I109: =SUM(I106:I108) -> 25948.51
C111: Composição de custo da parcela vinculada (veículos)
C112: ITEM | D112: CÓDIGO | E112: DISCRIMINAÇÃO | F112: UNIDADE | G112: QUANTIDADE | H112: UTIL. PROD. | I112: UTIL. IMPROD. | J112: CHP | K112: CHI | L112: CUSTO TOTAL (R$)
C113: 1 | D113: VEÍCULOS
C114: 1.1 | D114: E9093 | E114: =VLOOKUP(D114,'[45]EQU SICRO'!D:G,2,0) -> Veículo leve - 53 kW (sem motorista) | F114: mês | G114: =G106 -> 1 | H114: 44 | I114: 176 | J114: =VLOOKUP(D114,'[45]EQU SICRO'!D:G,3,0) -> 35.8043 | K114: =VLOOKUP(D114,'[45]EQU SICRO'!D:G,4,0) -> 6.6485 | L114: =TRUNC(G114*((H114*J114)+(I114*K114)),2) -> 2745.52
C115: SUBTOTAL DOS VEÍCULOS DA PARCELA VINCULADA | L115: =SUM(L114) -> 2745.52
C116: TOTAL DA PARCELA VINCULADA - EQUIPE DE TOPOGRAFIA | L116: =SUM(L115,I109) -> 28694.03
C118: C.5) Equipe de Medicina e Segurança do Trabalho
C119: Composição de custo da equipe de medicina e segurança do trabalho - Parcela vinculada (mão de obra)
C120: ITEM | D120: CÓDIGO | E120: DISCRIMINAÇÃO | F120: UNIDADE | G120: QUANTIDADE | H120: CUSTO UINTÁRIO (R$) | I120: CUSTO TOTAL (R$)
C121: 1 | D121: EQUIPE DE MEDICINA E SEGURANÇA DO TRABALHO
...

Sheet EFS e Laboratórios
A2: OBRA: | C2: ='Adm Local'!D3 -> PE-120
A3: DATA BASE: | C3: ='Adm Local'!D4 -> OUTUBRO/2025
A4: TIPO: | C4: ='Adm Local'!D5 -> SEM DESONERAÇÃO
A6: EQUIPES DE FRENTE DE SERVIÇO
B8: Equipes de acompanhamento das frentes de serviço de terraplenagem
B9: ITEM | C9: CÓDIGO | D9: DISCRIMINAÇÃO | E9: UNIDADE | F9: QUANTIDADE (QP) | G9: PRODUÇÃO HORÁRIA (Ph) | H9: Efs
D10: Frentes de Serviço para Terraplenagem | E10: equipe x mês
C11: 5503041 | D11: COMPACTAÇÃO DE ATERROS A 100% DO PROCTOR INTERMEDIÁRIO | E11: M³ | F11: =VLOOKUP(C11,'[45]Curva ABC - ADM'!A:D,4,0) -> 21444.06 | G11: 76.89 | H11: =F11/(G11*182.49) -> 1.5282629
B12: TOTAL DE EQUIPES PARA TERRAPLENAGEM | H12: =SUM(H11:H11) -> 1.5282629
B14: Equipes de acompanhamento das frentes de serviço de pavimentação
B15: ITEM | C15: CÓDIGO | D15: DISCRIMINAÇÃO | E15: UNIDADE | F15: QUANTIDADE (QP) | G15: PRODUÇÃO HORÁRIA (Ph) | H15: Efs
D16: Frentes de Serviço para Pavimentação | E16: equipe x mês
C17: 4011539 | D17: Cura com pintura asfáltica para camadas granulares com adição de cimento | E17: M² | F17: =VLOOKUP(C17,'[45]Curva ABC - ADM'!A:D,4,0) -> 229550.46 | G17: 1800 | H17: =F17/(G17*182.49) -> 0.69882204
C18: 4011209 | D18: REGULARIZAÇÃO DO SUBLEITO | E18: M² | F18: 164328.04 | G18: 672.8 | H18: =F18/(G18*182.49) -> 1.3384021
C19: 4011212 | D19: VARREDURA DA SUPERFÍCIE PARA EXECUÇÃO DE REVESTIMENTO ASFÁLTICO | E19: M² | F19: =VLOOKUP(C19,'[45]Curva ABC - ADM'!A:D,4,0) -> 310905.06 | G19: 2430.24 | H19: =F19/(G19*182.49) -> 0.70103476
C20: 4011370 | D20: Tratamento superficial duplo com emulsão - brita comercial | E20: M² | F20: =VLOOKUP(C20,'[45]Curva ABC - ADM'!A:D,4,0) -> 230884.26 | G20: 361.93 | H20: =F20/(G20*182.49) -> 3.495672
C21: 4011353 | D21: PINTURA DE LIGAÇÃO | E21: M² | F21: =VLOOKUP(C21,'[45]Curva ABC - ADM'!A:D,4,0) -> 365029.27 | G21: 1500 | H21: =F21/(G21*182.49) -> 1.3335133
C22: 4011466 | D22: CONCRETO ASFÁLTICO - FAIXA C-12,5 - AREIA E BRITA COMERCIAIS | E22: T | F22: =VLOOKUP(C22,'[45]Curva ABC - ADM'!A:D,4,0) -> 42001.29 | G22: 99.6 | H22: =F22/(G22*182.49) -> 2.3108099
C23: 4915657 | D23: Fresagem contínua de revestimento asfáltico - espessura de 5 cm | E23: m³ | F23: =VLOOKUP(C23,'[45]Curva ABC - ADM'!A:D,4,0) -> 11477.53 | G23: 89.69 | H23: =F23/(G23*182.49) -> 0.70123784
C24: 1600989 | D24: Demolição de concreto simples com martelete | E24: m³ | F24: =VLOOKUP(C24,'[45]Curva ABC - ADM'!A:D,4,0) -> 2191.04 | G24: 0.46704 | H24: =F24/(G24*182.49) -> 25.707341
C25: 4915669 | D25: Remoção mecanizada de camada granular do pavimento | E25: m³ | F25: =VLOOKUP(C25,'[45]Curva ABC - ADM'!A:D,4,0) -> 23990.02 | G25: 228.21 | H25: =F25/(G25*182.49) -> 0.57604561
C26: 4011214 | D26: Sub-base de concreto compactado com rolo - brita comercial | E26: m³ | F26: =VLOOKUP(C26,'[45]Curva ABC - ADM'!A:D,4,0) -> 745.5 | G26: 124.5 | H26: =F26/(G26*182.49) -> 0.032812493
C27: 4011520 | D27: Pavimento de concreto com equipamento de pequeno porte - areia e brita comerciais (Whitetopping com extensão de 7,58 km) | E27: m³ | F27: =VLOOKUP(C27,'[45]Curva ABC - ADM'!A:D,4,0) -> 9970.8 | G27: 6.64 | H27: =F27/(G27*182.49) -> 8.2285413
C28: 4011537 | D28: Serragem de juntas em pavimento de concreto, limpeza e enchimento com selante a frio | E28: m | F28: =VLOOKUP(C28,'[45]Curva ABC - ADM'!A:D,4,0) -> 3372.5 | G28: 41.5 | H28: =F28/(G28*182.49) -> 0.4453124
C29: 4915696 | D29: Limpeza, serragem e enchimento de fissuras niveladas com abertura entre 0,4 mm e 1,0 mm e profundidade de 25 mm em pavimento de concreto com CAP com polímero | E29: m | F29: =VLOOKUP(C29,'[45]Curva ABC - ADM'!A:D,4,0) -> 6550.83 | G29: 37.58 | H29: =F29/(G29*182.49) -> 0.95521357
C30: 4011276 | D30: Base ou sub-base de brita graduada com brita comercial - 100% Proctor modificado | E30: m³ | F30: =VLOOKUP(C30,'[45]Curva ABC - ADM'!A:D,4,0) -> 24208.95 | G30: 113.18 | H30: =F30/(G30*182.49) -> 1.1721068
... C34: 4011282 | D34: Base ou sub-base de macadame hidráulico com brita comercial - 100% Proctor modificado (MACADAME - RACHINHA) | E34: m³ | F34: =VLOOKUP(C34,'[45]Curva ABC - ADM'!A:D,4,0) -> 29156.95 | G34: 84.62 | H34: =F34/(G34*182.49) -> 1.8881218
B35: TOTAL DE EQUIPES PARA PAVIMENTAÇÃO | H35: =SUM(H17:H34) -> 53.385358
B37: Equipes de acompanhamento das frentes de serviço de drenagem
B38: ITEM | C38: CÓDIGO | D38: DISCRIMINAÇÃO | E38: UNIDADE | F38: QUANTIDADE | G38: Efsdu | H38: Efs
D39: Frentes de Serviço para Drenagem | E39: equipe x mês
C40: 2003315 | D40: Valeta de proteção de aterros com revestimento de concreto - VPAC 120-30 - escavação mecânica - areia e brita comerciais | E40: m | F40: =VLOOKUP(C40,'[45]Curva ABC - ADM'!A:D,4,0) -> 2780 | G40: 0.00028 | H40: =F40*G40 -> 0.7784
C41: 2003309 | D41: Valeta de proteção de cortes com revestimento de concreto - VPCC 120-30 - escavação mecânica - areia e brita comerciais | E41: m | F41: =VLOOKUP(C41,'[45]Curva ABC - ADM'!A:D,4,0) -> 9100 | G41: 0.00028 | H41: =F41*G41 -> 2.548
C42: 2003257 | D42: SARJETA TRIANGULAR DE CONCRETO - STC 100-20 - ESCAVAÇÃO MECÂNICA - AREIA E BRITA COMERCIAIS | E42: M | F42: =VLOOKUP(C42,'[45]Curva ABC - ADM'!A:D,4,0) -> 12960 | G42: 0.00019 | H42: =F42*G42 -> 2.4624
C43: 2003377 | D43: MEIO FIO DE CONCRETO TIPO MFC-05 | E43: M | F43: =VLOOKUP(C43,'[45]Curva ABC - ADM'!A:D,4,0) -> 13471.8 | G43: 0.00021 | H43: =F43*G43 -> 2.829078
B44: TOTAL DE EQUIPES PARA DRENAGEM | H44: =SUM(H40:H43) -> 8.617878
B46: Equipes de acompanhamento das frentes de serviço de obras de arte correntes
B47: ITEM | C47: CÓDIGO | D47: DISCRIMINAÇÃO | E47: UNIDADE | F47: QUANTIDADE | G47: Efsdu | H47: Efs
D48: Frentes de Serviço para Obra de Artes Correntes | E48: equipe x mês
C49: 804037 | D49: CORPO DE BSTC D = 1,00 M PA1 - AREIA, BRITA E PEDRA DE MÃO COMERCIAIS | E49: M | F49: =VLOOKUP(C49,'[45]Curva ABC - ADM'!A:D,4,0) -> 114 | G49: 0.00164 | H49: =F49*G49 -> 0.18696
C50: 804029 | D50: Corpo de BSTC D = 0,80 m PA1 - areia, brita e pedra de mão comerciais | E50: M | F50: =VLOOKUP(C50,'[45]Curva ABC - ADM'!A:D,4,0) -> 81 | G50: 0.00131 | H50: =F50*G50 -> 0.10611
C51: 705233 | D51: BOCA DE BTCC 2,00 X 2,00 M - ESCONSIDADE 0° - AREIA E BRITA COMERCIAIS | E51: UN | F51: =VLOOKUP(C51,'[45]Curva ABC - ADM'!A:D,4,0) -> 8 | G51: 0.11354 | H51: =F51*G51 -> 0.90832
C52: CP0009 | D52: Boca de BSTC D=0,60 m - esconsidade 0° - areia e brita comerciais - alas esconsas (BNAA 01) | E52: UN | F52: =VLOOKUP(C52,'[45]Curva ABC - ADM'!A:D,4,0) -> 2 | G52: 0.00519 | H52: =F52*G52 -> 0.01038
C53: CP0010 | D53: Boca de BSTC D = 0,80 m - esconsidade 0° - areia e brita comerciais - alas esconsas (BNAA 03) | E53: un | F53: =VLOOKUP(C53,'[45]Curva ABC - ADM'!A:D,4,0) -> 7 | G53: 0.00834 | H53: =F53*G53 -> 0.05838
C54: CP0011 | D54: Boca de BSTC D = 1,00 m - esconsidade 0° | E54: un | F54: =VLOOKUP(C54,'[45]Curva ABC - ADM'!A:D,4,0) -> 11 | G54: 0.01186 | H54: =F54*G54 -> 0.13046
C55: 705225 | D55: Boca de BSCC 1,50 x 1,50 m - esconsidade 0° - areia e brita comerciais | E55: un | F55: =VLOOKUP(C55,'[45]Curva ABC - ADM'!A:D,4,0) -> 29 | G55: 0.04762 | H55: =F55*G55 -> 1.38098
C56: 705322 | D56: Boca de BDCC 2,00 x 2,00 m - esconsidade 0° - areia e brita comerciais | E56: un | F56: =VLOOKUP(C56,'[45]Curva ABC - ADM'!A:D,4,0) -> 2 | G56: 0.09289 | H56: =F56*G56 -> 0.18578
B57: TOTAL DE EQUIPES PARA OBRAS DE ARTE CORRENTES | H57: =SUM(H49:H56) -> 2.96737
B59: Equipes de acompanhamento das frentes de serviço de Proteção Ambiental
B60: ITEM | C60: CÓDIGO | D60: DISCRIMINAÇÃO | E60: UNIDADE | F60: QUANTIDADE | G60: PRODUÇÃO HORÁRIA (Ph) | H60: Efs
D61: Frentes de Serviço para proteção ambiental | E61: equipe x mês
C62: 4413990 | D62: Plantio de muda de arbusto com altura até 0,50 m em cova de 0,40 x 0,40 x 0,40 m | E62: un | F62: =VLOOKUP(C62,'[45]Curva ABC - ADM'!A:D,4,0) -> 1339 | G62: 6 | H62: =0.2*(F62/(G62*182.49)) -> 0.24457961
C63: 4413987 | D63: Irrigação de área plantada para proteção vegetal do corpo estradal | E63: m² | F63: =VLOOKUP(C63,'[45]Curva ABC - ADM'!A:D,4,0) -> 29395 | G63: 996 | H63: =0.2*(F63/(G63*182.49)) -> 0.032344843
C64: 4413993 | D64: Revestimento vegetal por semeadura a lanço manual de gramíneas e leguminosas | E64: m² | F64: =VLOOKUP(C64,'[45]Curva ABC - ADM'!A:D,4,0) -> 29395 | G64: 500 | H64: =0.2*(F64/(G64*182.49)) -> 0.064430928
B65: TOTAL DE EQUIPES PARA PROTEÇÃO AMBIENTAL | H65: =SUM(H62:H64) -> 0.34135538
B67: ITEM | C67: CÓDIGO | D67: DISCRIMINAÇÃO | E67: UNIDADE | F67: QUANTIDADE | G67: PRODUÇÃO HORÁRIA (Ph) | H67: Efs
D68: Frentes de Serviço para Obras Complementares
C69: 4915740 | D69: Roçada manual | E69: ha | F69: =VLOOKUP(C69,'[45]Curva ABC - ADM'!A:D,4,0) -> 16.68 | G69: 0.12 | H69: =0.2*(F69/(G69*182.49)) -> 0.15233711
C70: CP0030 | D70: Defensa semimaleável simples - fornecimento e implantação | E70: M | F70: =VLOOKUP(C70,'[45]Curva ABC - ADM'!A:D,4,0) -> 1032 | G70: 66.4 | H70: =0.2*(F70/(G70*182.49)) -> 0.017033447
C71: CP0031 | D71: Ancoragem de defensa semimaleável simples - fornecimento e implantação | E71: m | F71: =VLOOKUP(C71,'[45]Curva ABC - ADM'!A:D,4,0) -> 324 | G71: 7.38 | H71: =0.2*(F71/(G71*182.49)) -> 0.048114898
C72: CP0047 | D72: Terminal absorvedor de energia de abertura com nível de contenção TL3 para defensa metálica - fornecimento e implantação | E72: UN | F72: =VLOOKUP(C72,'[45]Curva ABC - ADM'!A:D,4,0) -> 16 | G72: 1 | H72: =0.2*(F72/(G72*182.49)) -> 0.017535207
C73: CP0022 | D73: Remoção de cerca com mourões de madeira | E73: m | F73: =VLOOKUP(C73,'[45]Curva ABC - ADM'!A:D,4,0) -> 29396.72 | G73: 57.1 | H73: =0.2*(F73/(G73*182.49)) -> 0.56422678
C74: 3713610 | D74: Cerca com 4 fios de arame farpado e mourão de concreto de seção quadrada de 11 cm a cada 2,5 m e esticador de 15 cm a cada 50 m - areia e brita comerciais | E74: m | F74: =VLOOKUP(C74,'[45]Curva ABC - ADM'!A:D,4,0) -> 37830 | G74: 15 | H74: =0.2*(F74/(G74*182.49)) -> 2.7639871
C75: CP0054 | D75: Cerca com 5 fios de arame farpado e mourão de concreto de seção quadrada de 11 cm a cada 2,5 m e esticador de 15 cm a cada 50 m - areia e brita comerciais | E75: m | F75: =VLOOKUP(C75,'[45]Curva ABC - ADM'!A:D,4,0) -> 4080 | G75: 15 | H75: =0.2*(F75/(G75*182.49)) -> 0.29809853
B76: TOTAL DE EQUIPES PARA OBRAS COMPLEMENTARES | H76: =SUM(H69:H75) -> 3.861333
B78: ITEM | C78: CÓDIGO | D78: DISCRIMINAÇÃO | E78: UNIDADE | F78: QUANTIDADE | G78: PRODUÇÃO HORÁRIA (Ph) | H78: Efs
D79: Frentes de Serviço para Sinalização e Segurança de trânsito
C80: 5213401 | D80: PINTURA DE FAIXA COM TINTA ACRÍLICA - ESPESSURA DE 0,6 MM (BRANCA) | E80: M² | F80: =VLOOKUP(C80,'[45]Curva ABC - ADM'!A:D,4,0) -> 15810.59 | G80: 149.4 | H80: =0.2*(F80/(G80*182.49)) -> 0.11598142
C81: 5213405 | D81: PINTURA DE SETAS E ZEBRADOS COM TINTA ACRÍLICA - ESPESSURA DE 0,6 MM | E81: M² | F81: =VLOOKUP(C81,'[45]Curva ABC - ADM'!A:D,4,0) -> 288.86 | G81: 30.18 | H81: =0.2*(F81/(G81*182.49)) -> 0.010489604
C82: 5219623 | D82: Tacha refletiva em resina sintética - bidirecional tipo III - com um pino - fornecimento e colocação | E82: un | F82: =VLOOKUP(C82,'[45]Curva ABC - ADM'!A:D,4,0) -> 3478 | G82: 36 | H82: =0.2*(F82/(G82*182.49)) -> 0.10588099
C83: 5219631 | D83: Tacha refletiva em resina sintética - monodirecional tipo III - com um pino - fornecimento e colocação | E83: un | F83: =VLOOKUP(C83,'[45]Curva ABC - ADM'!A:D,4,0) -> 6518 | G83: 36 | H83: =0.2*(F83/(G83*182.49)) -> 0.19842792
C84: 5219643 | D84: Tachão refletivo em resina sintética - bidirecional - fornecimento e colocação | E84: un | F84: =VLOOKUP(C84,'[45]Curva ABC - ADM'!A:D,4,0) -> 59 | G84: 19.79 | H84: =0.2*(F84/(G84*182.49)) -> 0.0032673612
C85: 5213571 | D85: Placa em aço - película I + III - fornecimento e implantação | E85: m² | F85: =VLOOKUP(C85,'[45]Curva ABC - ADM'!A:D,4,0) -> 162.25 | G85: 3 | H85: =0.2*(F85/(G85*182.49)) -> 0.059272654
C86: CP0023 | D86: Placa em aço - película I + IV - fornecimento e implantação | E86: m² | F86: =VLOOKUP(C86,'[45]Curva ABC - ADM'!A:D,4,0) -> 20 | G86: 3 | H86: =0.2*(F86/(G86*182.49)) -> 0.0073063364
C87: 5213442 | D87: PLACA DE REGULAMENTAÇÃO EM AÇO D = 1,00 M - PELÍCULA RETRORREFLETIVA TIPO I + SI - FORNECIMENTO E IMPLANTAÇÃO | E87: UD | F87: =VLOOKUP(C87,'[45]Curva ABC - ADM'!A:D,4,0) -> 69 | G87: 3 | H87: =0.2*(F87/(G87*182.49)) -> 0.025206861
C88: 5213446 | D88: PLACA DE ADVERTÊNCIA EM AÇO, LADO DE 1,00 M - PELÍCULA RETRORREFLETIVA TIPO I + SI - FORNECIMENTO E IMPLANTAÇÃO | E88: UD | F88: =VLOOKUP(C88,'[45]Curva ABC - ADM'!A:D,4,0) -> 8 | G88: 3 | H88: =0.2*(F88/(G88*182.49)) -> 0.0029225346
C89: 5213450 | D89: PLACA DE REGULAMENTAÇÃO EM AÇO, R2 LADO 1,00 M - PELÍCULA RETRORREFLETIVA TIPO I + SI - FORNECIMENTO E IMPLANTAÇÃO | E89: UD | F89: =VLOOKUP(C89,'[45]Curva ABC - ADM'!A:D,4,0) -> 6 | G89: 3 | H89: =0.2*(F89/(G89*182.49)) -> 0.0021919009
C90: 5213464 | D90: Placa de advertência em aço, lado de 0,60 m - película retrorrefletiva tipo I + SI - fornecimento e implantação | E90: un | F90: =VLOOKUP(C90,'[45]Curva ABC - ADM'!A:D,4,0) -> 88 | G90: 3 | H90: =0.2*(F90/(G90*182.49)) -> 0.03214788
C91: 5213472 | D91: Placa de marco quilométrico em aço - 0,60 x 0,865 m - película retrorrefletiva tipo I + I - fornecimento e implantação | E91: un | F91: =VLOOKUP(C91,'[45]Curva ABC - ADM'!A:D,4,0) -> 76 | G91: 3 | H91: =0.2*(F91/(G91*182.49)) -> 0.027764078
C92: 5213476 | D92: Placa delineador em aço - 0,50 x 0,60 m - película retrorrefletiva tipo I + IV - fornecimento e implantação | E92: un | F92: =VLOOKUP(C92,'[45]Curva ABC - ADM'!A:D,4,0) -> 577 | G92: 3 | H92: =0.2*(F92/(G92*182.49)) -> 0.21078781
C93: 5216111 | D93: SUPORTE PARA PLACA DE SINALIZAÇÃO EM MADEIRA DE LEI TRATADA 8 X 8 CM - FORNECIMENTO E IMPLANTAÇÃO | E93: UD | F93: =VLOOKUP(C93,'[45]Curva ABC - ADM'!A:D,4,0) -> 945 | G93: 4 | H93: =0.2*(F93/(G93*182.49)) -> 0.2589183
C94: 5213867 | D94: Suporte metálico galvanizado para marco quilométrico - fornecimento e implantação | E94: un | F94: =VLOOKUP(C94,'[45]Curva ABC - ADM'!A:D,4,0) -> 76 | G94: 4.2 | H94: =0.2*(F94/(G94*182.49)) -> 0.019831485
C95: 5213364 | D95: Remoção de placa de sinalização | E95: m² | F95: =VLOOKUP(C95,'[45]Curva ABC - ADM'!A:D,4,0) -> 16.5 | G95: 10.56 | H95: =0.2*(F95/(G95*182.49)) -> 0.0017124226
C96: 5213667 | D96: Remoção da estrutura de pórtico metálico | E96: un | F96: =VLOOKUP(C96,'[45]Curva ABC - ADM'!A:D,4,0) -> 1 | G96: 1.25 | H96: =0.2*(F96/(G96*182.49)) -> 0.00087676037
B97: TOTAL DE EQUIPES PARA SINALIZAÇÃO | H97: =SUM(H80:H96) -> 1.0829863
B98: TOTAL DE EQUIPES DE FRENTES DE SERVIÇO | H98: =H65+H57+H44+H35+H12+H76+H97 -> 71.784544
A100: EQUIPES DE LABORATÓRIO
B102: Equipes de laboratório de solos para terraplenagem
B103: ITEM | C103: CÓDIGO | D103: DISCRIMINAÇÃO | E103: UNIDADE | F103: QUANTIDADE (QP) | G103: QE | H103: ELS
D104: Frentes de Serviço para Terraplenagem | E104: equipe x mês
C105: 5503041 | D105: COMPACTAÇÃO DE ATERROS A 100% DO PROCTOR INTERMEDIÁRIO | E105: M³ | F105: =VLOOKUP(C105,'[45]Curva ABC - ADM'!A:D,4,0) -> 21444.06 | G105: 24200 | H105: =F105/G105 -> 0.88611818
B106: TOTAL DE EQUIPES DE LABORATÓRIO DE SOLOS PARA TERRAPLENAGEM | H106: =SUM(H105:H105) -> 0.88611818
B108: Equipes de laboratório de solos para pavimentação
B109: ITEM | C109: CÓDIGO | D109: DISCRIMINAÇÃO | E109: UNIDADE | F109: QUANTIDADE (QP) | G109: QE | H109: ELS
D110: Equipes de laboratório de solos para pavimentação | E110: equipe x mês
C111: 4011276 | D111: BASE OU SUB-BASE DE BRITA GRADUADA COM BRITA COMERCIAL - 100% PROCTOR MODIFICADO | E111: M³ | F111: =VLOOKUP(C111,'[45]Curva ABC - ADM'!A:D,4,0) -> 24208.95 | G111: 21900 | H111: =F111/G111 -> 1.1054315
C112: 4011278 | D112: Base ou sub-base de brita graduada tratada com cimento com brita comercial - 100% Proctor modificado | E112: m³ | F112: =VLOOKUP(C112,'[45]Curva ABC - ADM'!A:D,4,0) -> 35890.255 | G112: 11800 | H112: =F112/G112 -> 3.041547
C113: 4011282 | D113: Base ou sub-base de macadame hidráulico com brita comercial - 100% Proctor modificado (MACADAME - RACHINHA) | E113: m³ | F113: =VLOOKUP(C113,'[45]Curva ABC - ADM'!A:D,4,0) -> 29156.95 | G113: 21900 | H113: =F113/G113 -> 1.3313676
B114: TOTAL DE EQUIPES DE LABORATÓRIO DE SOLOS PARA PAVIMENTAÇÃO | H114: =SUM(H111:H113) -> 5.4783461
B116: Equipes de laboratório de Asfalto
...

Sheet Mob. e Desmob
B3: RODOVIA: | D3: PE-120
B4: TRECHO: | D4: Entr. PE-126 (Catende) –Entr. BR-104 (Agrestina)
B5: EXTENSÃO: | D5: 41.6
B6: DATA BASE: | D6: OUTUBRO/2025
B7: TIPO: | D7: SEM DESONERAÇÃO
B9: MOBILIZAÇÃO E DESMOBILIZAÇÃO DE EQUIPAMENTOS E VEÍCULOS
C10: CONSIDERAÇÕES INICIAIS:
C11: Segundo a nova metodologia, os custos de mobilização de um determinado projeto podem ser definidos em função de composições de custos de referência elaboradas para os diferentes veículos transportadores, conforme expressão apresentada abaixo:
H13: CMob | I13: Representa o custo de mobilização;
H14: DM | I14: Representa a distância de mobilização, em quilômetros (km) ou em milhas náuticas (mi);
H15: K | I15: Representa o fator relacionado à necessidade de retorno do veículo a sua origem;
H16: FU | I16: Representa o fator de utilização do veículo transportador
H17: V | I17: representa a velocidade média de transporte, em km/h ou nós;
H18: CH | I18: Representa o custo horário do veículo transportador;
C20: O fator K será igual a 1 quando o veículo não retornar e 2 quando o veículo transportador retornar ao local de origem
C21: Já o fator FU representa o inverso do número de equipamentos a serem transportados nos diferentes veículos transportadores.
C23: OBSERVAÇÕES:
C24: 1 - De acordo com o Manual Sicro - Volume 9 - Mobilização e Desmobilização, as ferramentas e os equipamentos leves ou de pequeno porte, cujo peso individual e formato permitem que sejam transportados, embarcados ou rebocados, serão transportados em veículos transportadores autônomos da frota mobilizada (que podem se deslocar pelos próprios meios)
C26: 2 - A cada mobilização corresponderá uma desmobilização, cujo cálculo será igual ao da mobilização.
C28: DADOS DE ENTRADA:
H29: Tabela 01 - Velocidades médias de transporte por tipo e condição da via e extensões
H30: Velocidade Rodovia Pav (P) - km/h | L30: 60
H31: Velocidade Rodovia Revestimento Primário (RP) - km/h | L31: 50
H32: Velocidade Rodovia Leito Natural (LN) - km/h | L32: 40
H33: DMT Capital - Canteiro (km) | J33: RECIFE/PE | L33: 158.22
C36: ITEM | D36: CÓDIGO | E36: DISCRIMINAÇÃO | I36: ORIGEM | J36: DESTINO | K36: DISTANCIA MOBILIZAÇÃO DM (km) | L36: VELOCIDADE MÉDIA - V (km/h) | M36: TEMPO DE VIAGEM (h) | N36: FATOR DE UTILIZAÇÃO (FU) | O36: IDA/ VOLTA (K) | P36: QUANTIDADE | Q36: EQUIPAMENTO TRANSPORTADOR | R36: CUSTO HORÁRIO - CH (R$) | S36: CUSTO TOTAL MOBILIZAÇÃO - Cmob (R$)
C37: 1 | D37: EQUIPAMENTOS DE GRANDE PORTE
C38: 1.1 | D38: E9524 | E38: =VLOOKUP(D38,'[46]EQUIPAMENTOS SICRO'!D:G,2,0) -> Motoniveladora - 93 kW | I38: =$J$33 -> RECIFE/PE | J38: Canteiro | K38: =$L$33 -> 158.22 | L38: =$L$30 -> 60 | M38: =TRUNC(K38/L38,2) -> 2.63 | N38: 1 | O38: =IF(D38=Q38,1,2) -> 2 | P38: =VLOOKUP(D38,'Equip Mínimo'!A:H,8,0) -> 1 | Q38: E9665 | R38: =VLOOKUP(Q38,'[46]EQUIPAMENTOS SICRO'!D:G,3,0) -> 415.7346 | S38: =TRUNC(M38*N38*O38*P38*R38,2) -> 2186.76
C39: 1.2 | D39: E9687 | E39: =VLOOKUP(D39,'[46]EQUIPAMENTOS SICRO'!D:G,2,0) -> Caminhão carroceria com capacidade de 5 t - 120 kW | I39: =$J$33 -> RECIFE/PE | J39: Canteiro | K39: =$L$33 -> 158.22 | L39: =$L$30 -> 60 | M39: =TRUNC(K39/L39,2) -> 2.63 | N39: 1 | O39: =IF(D39=Q39,1,2) -> 1 | P39: =VLOOKUP(D39,'Equip Mínimo'!A:H,8,0) -> 1 | Q39: =D39 -> E9687 | R39: =VLOOKUP(Q39,'[46]EQUIPAMENTOS SICRO'!D:G,3,0) -> 175.1944 | S39: =TRUNC(M39*N39*O39*P39*R39,2) -> 460.76
C40: 1.3 | D40: E9545 | E40: =VLOOKUP(D40,'[46]EQUIPAMENTOS SICRO'!D:G,2,0) -> Vibroacabadora de asfalto sobre esteiras - 97 kW | I40: =$J$33 -> RECIFE/PE | J40: Canteiro | K40: =$L$33 -> 158.22 | L40: =$L$30 -> 60 | M40: =TRUNC(K40/L40,2) -> 2.63 | N40: 0.5 | O40: =IF(D40=Q40,1,2) -> 2 | P40: =VLOOKUP(D40,'Equip Mínimo'!A:H,8,0) -> 1 | Q40: E9018 | R40: =VLOOKUP(Q40,'[46]EQUIPAMENTOS SICRO'!D:G,3,0) -> 552.5394 | S40: =TRUNC(M40*N40*O40*P40*R40,2) -> 1453.17
C41: 1.4 | D41: E9681 | E41: =VLOOKUP(D41,'[46]EQUIPAMENTOS SICRO'!D:G,2,0) -> Rolo compactador liso tandem vibratório autopropelido de 10,4 t - 82 kW | I41: =$J$33 -> RECIFE/PE | J41: Canteiro | K41: =$L$33 -> 158.22 | L41: =$L$30 -> 60 | M41: =TRUNC(K41/L41,2) -> 2.63 | N41: 0.5 | O41: =IF(D41=Q41,1,2) -> 2 | P41: =VLOOKUP(D41,'Equip Mínimo'!A:H,8,0) -> 1 | Q41: E9666 | R41: =VLOOKUP(Q41,'[46]EQUIPAMENTOS SICRO'!D:G,3,0) -> 463.9457 | S41: =TRUNC(M41*N41*O41*P41*R41,2) -> 1220.17
C42: 1.5 | D42: E9558 | E42: =VLOOKUP(D42,'[46]EQUIPAMENTOS SICRO'!D:G,2,0) -> Tanque de estocagem de asfalto com capacidade de 30.000 l | I42: =$J$33 -> RECIFE/PE | J42: Canteiro | K42: =$L$33 -> 158.22 | L42: =$L$30 -> 60 | M42: =TRUNC(K42/L42,2) -> 2.63 | N42: 1 | O42: =IF(D42=Q42,1,2) -> 2 | P42: 6 | Q42: E9665 | R42: =VLOOKUP(Q42,'[46]EQUIPAMENTOS SICRO'!D:G,3,0) -> 415.7346 | S42: =TRUNC(M42*N42*O42*P42*R42,2) -> 13120.58
C43: 1.6 | D43: E9526 | E43: =VLOOKUP(D43,'[46]EQUIPAMENTOS SICRO'!D:G,2,0) -> Retroescavadeira de pneus - capacidade da caçamba da pá-carregadeira de 0,76 m³ e da retroescavadeira de 0,29 m³ - 58 kW | I43: =$J$33 -> RECIFE/PE | J43: Canteiro | K43: =$L$33 -> 158.22 | L43: =$L$30 -> 60 | M43: =TRUNC(K43/L43,2) -> 2.63 | N43: 1 | O43: =IF(D43=Q43,1,2) -> 2 | P43: =VLOOKUP(D43,'Equip Mínimo'!A:H,8,0) -> 1 | Q43: E9665 | R43: =VLOOKUP(Q43,'[46]EQUIPAMENTOS SICRO'!D:G,3,0) -> 415.7346 | S43: =TRUNC(M43*N43*O43*P43*R43,2) -> 2186.76
C44: 1.7 | D44: E9509 | E44: =VLOOKUP(D44,'[46]EQUIPAMENTOS SICRO'!D:G,2,0) -> Caminhão tanque distribuidor de asfalto com capacidade de 6.000 l - 7 kW/136 kW | I44: =$J$33 -> RECIFE/PE | J44: Canteiro | K44: =$L$33 -> 158.22 | L44: =$L$30 -> 60 | M44: =TRUNC(K44/L44,2) -> 2.63 | N44: 1 | O44: =IF(D44=Q44,1,2) -> 1 | P44: =VLOOKUP(D44,'Equip Mínimo'!A:H,8,0) -> 1 | Q44: E9509 | R44: =VLOOKUP(Q44,'[46]EQUIPAMENTOS SICRO'!D:G,3,0) -> 333.8549 | S44: =TRUNC(M44*N44*O44*P44*R44,2) -> 878.03
C45: 1.8 | D45: E9076 | E45: =VLOOKUP(D45,'[46]EQUIPAMENTOS SICRO'!D:G,2,0) -> Equipamento para pintura eletrostática com cabine dupla de 7,00 kW e estufa de 80.000 kCal | I45: =$J$33 -> RECIFE/PE | J45: Canteiro | K45: =$L$33 -> 158.22 | L45: =$L$30 -> 60 | M45: =TRUNC(K45/L45,2) -> 2.63 | N45: 1 | O45: =IF(D45=Q45,1,2) -> 2 | P45: =VLOOKUP(D45,'Equip Mínimo'!A:H,8,0) -> 1 | Q45: E9665 | R45: =VLOOKUP(Q45,'[46]EQUIPAMENTOS SICRO'!D:G,3,0) -> 415.7346 | S45: =TRUNC(M45*N45*O45*P45*R45,2) -> 2186.76
C46: 1.9 | D46: E9577 | E46: =VLOOKUP(D46,'[46]EQUIPAMENTOS SICRO'!D:G,2,0) -> Trator agrícola sobre pneus - 77 kW | I46: =$J$33 -> RECIFE/PE | J46: Canteiro | K46: =$L$33 -> 158.22 | L46: =$L$30 -> 60 | M46: =TRUNC(K46/L46,2) -> 2.63 | N46: 0.5 | O46: =IF(D46=Q46,1,2) -> 2 | P46: =VLOOKUP(D46,'Equip Mínimo'!A:H,8,0) -> 1 | Q46: E9665 | R46: =VLOOKUP(Q46,'[46]EQUIPAMENTOS SICRO'!D:G,3,0) -> 415.7346 | S46: =TRUNC(M46*N46*O46*P46*R46,2) -> 1093.38
C47: 1.10 | D47: E9762 | E47: =VLOOKUP(D47,'[46]EQUIPAMENTOS SICRO'!D:G,2,0) -> Rolo compactador de pneus autopropelido de 27 t - 85 kW | I47: =$J$33 -> RECIFE/PE | J47: Canteiro | K47: =$L$33 -> 158.22 | L47: =$L$30 -> 60 | M47: =TRUNC(K47/L47,2) -> 2.63 | N47: 0.5 | O47: =IF(D47=Q47,1,2) -> 2 | P47: 1 | Q47: E9666 | R47: =VLOOKUP(Q47,'[46]EQUIPAMENTOS SICRO'!D:G,3,0) -> 463.9457 | S47: =TRUNC(M47*N47*O47*P47*R47,2) -> 1220.17
C48: 1.11 | D48: E9772 | E48: =VLOOKUP(D48,'[46]EQUIPAMENTOS SICRO'!D:G,2,0) -> Retroescavadeira de pneus com caçamba de escavação trapezoidal ou triangular com seção de corte de 0,15 a 0,20 m² - 58 kW | I48: =$J$33 -> RECIFE/PE | J48: Canteiro | K48: =$L$33 -> 158.22 | L48: =$L$30 -> 60 | M48: =TRUNC(K48/L48,2) -> 2.63 | N48: 1 | O48: =IF(D48=Q48,1,2) -> 2 | P48: =VLOOKUP(D48,'Equip Mínimo'!A:H,8,0) -> 1 | Q48: E9665 | R48: =VLOOKUP(Q48,'[46]EQUIPAMENTOS SICRO'!D:G,3,0) -> 415.7346 | S48: =TRUNC(M48*N48*O48*P48*R48,2) -> 2186.76
C49: 1.12 | D49: E9571 | E49: =VLOOKUP(D49,'[46]EQUIPAMENTOS SICRO'!D:G,2,0) -> Caminhão tanque com capacidade de 10.000 l - 188 kW | I49: =$J$33 -> RECIFE/PE | J49: Canteiro | K49: =$L$33 -> 158.22 | L49: =$L$30 -> 60 | M49: =TRUNC(K49/L49,2) -> 2.63 | N49: 1 | O49: =IF(D49=Q49,1,2) -> 1 | P49: =VLOOKUP(D49,'Equip Mínimo'!A:H,8,0) -> 1 | Q49: E9571 | R49: =VLOOKUP(Q49,'[46]EQUIPAMENTOS SICRO'!D:G,3,0) -> 355.6851 | S49: =TRUNC(M49*N49*O49*P49*R49,2) -> 935.45
C50: 1.13 | D50: E9685 | E50: =VLOOKUP(D50,'[46]EQUIPAMENTOS SICRO'!D:G,2,0) -> Rolo compactador pé de carneiro vibratório autopropelido por pneus de 11,6 t - 82 kW | I50: =$J$33 -> RECIFE/PE | J50: Canteiro | K50: =$L$33 -> 158.22 | L50: =$L$30 -> 60 | M50: =TRUNC(K50/L50,2) -> 2.63 | N50: 0.5 | O50: =IF(D50=Q50,1,2) -> 2 | P50: =VLOOKUP(D50,'Equip Mínimo'!A:H,8,0) -> 1 | Q50: E9666 | R50: =VLOOKUP(Q50,'[46]EQUIPAMENTOS SICRO'!D:G,3,0) -> 463.9457 | S50: =TRUNC(M50*N50*O50*P50*R50,2) -> 1220.17
C51: 1.14 | D51: E9530 | E51: =VLOOKUP(D51,'[46]EQUIPAMENTOS SICRO'!D:G,2,0) -> Rolo compactador liso vibratório autopropelido por pneus de 11 t - 97 kW | I51: =$J$33 -> RECIFE/PE | J51: Canteiro | K51: =$L$33 -> 158.22 | L51: =$L$30 -> 60 | M51: =TRUNC(K51/L51,2) -> 2.63 | N51: 0.5 | O51: =IF(D51=Q51,1,2) -> 2 | P51: =VLOOKUP(D51,'Equip Mínimo'!A:H,8,0) -> 1 | Q51: E9666 | R51: =VLOOKUP(Q51,'[46]EQUIPAMENTOS SICRO'!D:G,3,0) -> 463.9457 | S51: =TRUNC(M51*N51*O51*P51*R51,2) -> 1220.17
C52: 1.15 | D52: E9082 | E52: =VLOOKUP(D52,'[46]EQUIPAMENTOS SICRO'!D:G,2,0) -> Bate-estaca hidráulico para defensas montado em caminhão guindauto com capacidade de 6,2 t e carroceria de 5 t - 152 kW | I52: =$J$33 -> RECIFE/PE | J52: Canteiro | K52: =$L$33 -> 158.22 | L52: =$L$30 -> 60 | M52: =TRUNC(K52/L52,2) -> 2.63 | N52: 1 | O52: =IF(D52=Q52,1,2) -> 1 | P52: =VLOOKUP(D52,'Equip Mínimo'!A:H,8,0) -> 1 | Q52: E9082 | R52: =VLOOKUP(Q52,'[46]EQUIPAMENTOS SICRO'!D:G,3,0) -> 391.4404 | S52: =TRUNC(M52*N52*O52*P52*R52,2) -> 1029.48
C53: 1.16 | D53: E9644 | E53: =VLOOKUP(D53,'[46]EQUIPAMENTOS SICRO'!D:G,2,0) -> Caminhão demarcador de faixas com sistema de pintura a frio - 28 kW/129 kW | I53: =$J$33 -> RECIFE/PE | J53: Canteiro | K53: =$L$33 -> 158.22 | L53: =$L$30 -> 60 | M53: =TRUNC(K53/L53,2) -> 2.63 | N53: 1 | O53: =IF(D53=Q53,1,2) -> 1 | P53: =VLOOKUP(D53,'Equip Mínimo'!A:H,8,0) -> 1 | Q53: E9644 | R53: =VLOOKUP(Q53,'[46]EQUIPAMENTOS SICRO'!D:G,3,0) -> 456.6441 | S53: =TRUNC(M53*N53*O53*P53*R53,2) -> 1200.97
C54: 1.17 | D54: E9667 | E54: =VLOOKUP(D54,'[46]EQUIPAMENTOS SICRO'!D:G,2,0) -> Caminhão basculante com capacidade de 14 m³ - 210 kW | I54: =$J$33 -> RECIFE/PE | J54: Canteiro | K54: =$L$33 -> 158.22 | L54: =$L$30 -> 60 | M54: =TRUNC(K54/L54,2) -> 2.63 | N54: 1 | O54: =IF(D54=Q54,1,2) -> 1 | P54: =VLOOKUP(D54,'Equip Mínimo'!A:H,8,0) -> 1 | Q54: E9667 | R54: =VLOOKUP(Q54,'[46]EQUIPAMENTOS SICRO'!D:G,3,0) -> 321.1662 | S54: =TRUNC(M54*N54*O54*P54*R54,2) -> 844.66
C55: 1.18 | D55: E9515 | E55: =VLOOKUP(D55,'[46]EQUIPAMENTOS SICRO'!D:G,2,0) -> Escavadeira hidráulica sobre esteiras com caçamba com capacidade de 1,56 m³ - 118 kW | I55: =$J$33 -> RECIFE/PE | J55: Canteiro | K55: =$L$33 -> 158.22 | L55: =$L$30 -> 60 | M55: =TRUNC(K55/L55,2) -> 2.63 | N55: 1 | O55: =IF(D55=Q55,1,2) -> 2 | P55: =VLOOKUP(D55,'Equip Mínimo'!A:H,8,0) -> 1 | Q55: E9666 | R55: =VLOOKUP(Q55,'[46]EQUIPAMENTOS SICRO'!D:G,3,0) -> 463.9457 | S55: =TRUNC(M55*N55*O55*P55*R55,2) -> 2440.35
C56: 1.19 | D56: E9511 | E56: =VLOOKUP(D56,'[46]EQUIPAMENTOS SICRO'!D:G,2,0) -> Carregadeira de pneus com capacidade de 3,40 m³ - 195 kW | I56: =$J$33 -> RECIFE/PE | J56: Canteiro | K56: =$L$33 -> 158.22 | L56: =$L$30 -> 60 | M56: =TRUNC(K56/L56,2) -> 2.63 | N56: 1 | O56: =IF(D56=Q56,1,2) -> 2 | P56: =VLOOKUP(D56,'Equip Mínimo'!A:H,8,0) -> 1 | Q56: E9665 | R56: =VLOOKUP(Q56,'[46]EQUIPAMENTOS SICRO'!D:G,3,0) -> 415.7346 | S56: =TRUNC(M56*N56*O56*P56*R56,2) -> 2186.76
C57: 1.20 | D57: E9541 | E57: =VLOOKUP(D57,'[46]EQUIPAMENTOS SICRO'!D:G,2,0) -> Trator sobre esteiras com lâmina - 259 kW | I57: =$J$33 -> RECIFE/PE | J57: Canteiro | K57: =$L$33 -> 158.22 | L57: =$L$30 -> 60 | M57: =TRUNC(K57/L57,2) -> 2.63 | N57: 1 | O57: =IF(D57=Q57,1,2) -> 2 | P57: =VLOOKUP(D57,'Equip Mínimo'!A:H,8,0) -> 1 | Q57: E9018 | R57: =VLOOKUP(Q57,'[46]EQUIPAMENTOS SICRO'!D:G,3,0) -> 552.5394 | S57: =TRUNC(M57*N57*O57*P57*R57,2) -> 2906.35
C58: 1.21 | D58: E9540 | E58: =VLOOKUP(D58,'[46]EQUIPAMENTOS SICRO'!D:G,2,0) -> Trator sobre esteiras com lâmina - 127 kW | I58: =$J$33 -> RECIFE/PE | J58: Canteiro | K58: =$L$33 -> 158.22 | L58: =$L$30 -> 60 | M58: =TRUNC(K58/L58,2) -> 2.63 | N58: 0.5 | O58: =IF(D58=Q58,1,2) -> 2 | P58: =VLOOKUP(D58,'Equip Mínimo'!A:H,8,0) -> 1 | Q58: E9018 | R58: =VLOOKUP(Q58,'[46]EQUIPAMENTOS SICRO'!D:G,3,0) -> 552.5394 | S58: =TRUNC(M58*N58*O58*P58*R58,2) -> 1453.17
C59: 1.22 | D59: E9044 | E59: =VLOOKUP(D59,'[46]EQUIPAMENTOS SICRO'!D:G,2,0) -> Central de concreto com capacidade de 150 m³/h - dosadora e misturadora | I59: =$J$33 -> RECIFE/PE | J59: Canteiro | K59: =$L$33 -> 158.22 | L59: =$L$30 -> 60 | M59: =TRUNC(K59/L59,2) -> 2.63 | N59: 3 | O59: =IF(D59=Q59,1,2) -> 2 | P59: =VLOOKUP(D59,'Equip Mínimo'!A:H,8,0) -> 1 | Q59: E9018 | R59: =VLOOKUP(Q59,'[46]EQUIPAMENTOS SICRO'!D:G,3,0) -> 552.5394 | S59: =TRUNC(M59*N59*O59*P59*R59,2) -> 8719.07
... C64: 1.27 | D64: E9689 | E64: =VLOOKUP(D64,'[46]EQUIPAMENTOS SICRO'!D:G,2,0) -> Usina de asfalto a quente gravimétrica com capacidade de 100/140 t/h - 260 kW | I64: =$J$33 -> RECIFE/PE | J64: Canteiro | K64: =$L$33 -> 158.22 | L64: =$L$30 -> 60 | M64: =TRUNC(K64/L64,2) -> 2.63 | N64: 3 | O64: =IF(D64=Q64,1,2) -> 2 | P64: =VLOOKUP(D64,'Equip Mínimo'!A:H,8,0) -> 1 | Q64: E9666 | R64: =VLOOKUP(Q64,'[46]EQUIPAMENTOS SICRO'!D:G,3,0) -> 463.9457 | S64: =TRUNC(M64*N64*O64*P64*R64,2) -> 7321.06
C65: 1.28 | D65: E9599 | E65: =VLOOKUP(D65,'[46]EQUIPAMENTOS SICRO'!D:G,2,0) -> Central de concreto com capacidade de 30 m³/h - dosadora RS | I65: =$J$33 -> RECIFE/PE | J65: Canteiro | K65: =$L$33 -> 158.22 | L65: =$L$30 -> 60 | M65: =TRUNC(K65/L65,2) -> 2.63 | N65: 1 | P65: =VLOOKUP(D65,'Equip Mínimo'!A:H,8,0) -> 1 | Q65: E9018 | R65: =VLOOKUP(Q65,'[46]EQUIPAMENTOS SICRO'!D:G,3,0) -> 552.5394 | S65: =TRUNC(M65*N65*O65*P65*R65,2) -> 0
C66: 1.29 | D66: E9686 | E66: =VLOOKUP(D66,'[46]EQUIPAMENTOS SICRO'!D:G,2,0) -> Caminhão guindauto com capacidade de elevação de 6,2 t e carroceria de 7 t - 136 kW | I66: =$J$33 -> RECIFE/PE | J66: Canteiro | K66: =$L$33 -> 158.22 | L66: =$L$30 -> 60 | M66: =TRUNC(K66/L66,2) -> 2.63 | N66: 1 | O66: =IF(D66=Q66,1,2) -> 1 | P66: =VLOOKUP(D66,'Equip Mínimo'!A:H,8,0) -> 1 | Q66: E9686 | R66: =VLOOKUP(Q66,'[46]EQUIPAMENTOS SICRO'!D:G,3,0) -> 316.3314 | S66: =TRUNC(M66*N66*O66*P66*R66,2) -> 831.95
C67: 1.30 | D67: E9584 | E67: =VLOOKUP(D67,'[46]EQUIPAMENTOS SICRO'!D:G,2,0) -> Carregadeira de pneus com capacidade de 1,72 m³ - 113 kW | I67: =$J$33 -> RECIFE/PE | J67: Canteiro | K67: =$L$33 -> 158.22 | L67: =$L$30 -> 60 | M67: =TRUNC(K67/L67,2) -> 2.63 | N67: 1 | O67: =IF(D67=Q67,1,2) -> 2 | P67: =VLOOKUP(D67,'Equip Mínimo'!A:H,8,0) -> 1 | Q67: E9665 | R67: =VLOOKUP(Q67,'[46]EQUIPAMENTOS SICRO'!D:G,3,0) -> 415.7346 | S67: =TRUNC(M67*N67*O67*P67*R67,2) -> 2186.76
C68: 1.31 | D68: E9127 | E68: =VLOOKUP(D68,'[46]EQUIPAMENTOS SICRO'!D:G,2,0) -> Escavadeira hidráulica com martelo hidráulico de 520 kg - 75 kW | I68: =$J$33 -> RECIFE/PE | J68: Canteiro | K68: =$L$33 -> 158.22 | L68: =$L$30 -> 60 | M68: =TRUNC(K68/L68,2) -> 2.63 | N68: 1 | O68: =IF(D68=Q68,1,2) -> 2 | P68: =VLOOKUP(D68,'Equip Mínimo'!A:H,8,0) -> 1 | Q68: E9665 | R68: =VLOOKUP(Q68,'[46]EQUIPAMENTOS SICRO'!D:G,3,0) -> 415.7346 | S68: =TRUNC(M68*N68*O68*P68*R68,2) -> 2186.76
C69: 1.32 | D69: E9605 | E69: =VLOOKUP(D69,'[46]EQUIPAMENTOS SICRO'!D:G,2,0) -> Caminhão tanque com capacidade de 6.000 l - 136 kW | I69: =$J$33 -> RECIFE/PE | J69: Canteiro | K69: =$L$33 -> 158.22 | L69: =$L$30 -> 60 | M69: =TRUNC(K69/L69,2) -> 2.63 | N69: 1 | O69: =IF(D69=Q69,1,2) -> 1 | P69: =VLOOKUP(D69,'Equip Mínimo'!A:H,8,0) -> 1 | Q69: E9605 | R69: =VLOOKUP(Q69,'[46]EQUIPAMENTOS SICRO'!D:G,3,0) -> 279.3222 | S69: =TRUNC(M69*N69*O69*P69*R69,2) -> 734.61
C70: 1.33 | D70: E9041 | E70: Caminhão guindauto com capacidade de elevação de 11,9 t e carroceria de 11,5 t - 188 kw | I70: =$J$33 -> RECIFE/PE | J70: Canteiro | K70: =$L$33 -> 158.22 | L70: =$L$30 -> 60 | M70: =TRUNC(K70/L70,2) -> 2.63 | N70: 1 | O70: =IF(D70=Q70,1,2) -> 1 | P70: =VLOOKUP(D70,'Equip Mínimo'!A:H,8,0) -> 1 | Q70: E9041 | R70: =VLOOKUP(Q70,'[46]EQUIPAMENTOS SICRO'!D:G,3,0) -> 389.7075 | S70: =TRUNC(M70*N70*O70*P70*R70,2) -> 1024.93
C76: ITEM | D76: CÓDIGO | E76: DISCRIMINAÇÃO | I76: ORIGEM | J76: DESTINO | K76: DISTANCIA MOBILIZAÇÃO DM (km) | L76: VELOCIDADE MÉDIA - V (km/h) | M76: TEMPO DE VIAGEM (h) | N76: FATOR DE UTILIZAÇÃO (FU) | O76: IDA/ VOLTA (K) | P76: QUANTIDADE | Q76: EQUIPAMENTO TRANSPORTADOR | R76: CUSTO HORÁRIO - CH (R$) | S76: CUSTO TOTAL MOBILIZAÇÃO - Cmob (R$)
C77: 1 | D77: EQUIPAMENTOS DE GRANDE PORTE
C78: 1.34 | D78: E9785 | E78: Guindaste móvel sobre pneus com 2 eixos com capacidade máxima de 55 t - 186 kw | I78: =$J$33 -> RECIFE/PE | J78: Canteiro | K78: =$L$33 -> 158.22 | L78: =$L$30 -> 60 | M78: =TRUNC(K78/L78,2) -> 2.63 | N78: 1 | O78: =IF(D78=Q78,1,2) -> 1 | P78: =VLOOKUP(D78,'Equip Mínimo'!A:H,8,0) -> 1 | Q78: E9785 | R78: =VLOOKUP(Q78,'[46]EQUIPAMENTOS SICRO'!D:G,3,0) -> 510.9686 | S78: =TRUNC(M78*N78*O78*P78*R78,2) -> 1343.84
C79: 1.35 | D79: E9678 | E79: Fresadora a frio - 455 kw | I79: =$J$33 -> RECIFE/PE | J79: Canteiro | K79: =$L$33 -> 158.22 | L79: =$L$30 -> 60 | M79: =TRUNC(K79/L79,2) -> 2.63 | N79: 1 | O79: =IF(D79=Q79,1,2) -> 2 | P79: =VLOOKUP(D79,'Equip Mínimo'!A:H,8,0) -> 1 | Q79: E9666 | R79: =VLOOKUP(Q79,'[46]EQUIPAMENTOS SICRO'!D:G,3,0) -> 463.9457 | S79: =TRUNC(M79*N79*O79*P79*R79,2) -> 2440.35
C80: 1.36 | D80: E9697 | E80: Minicarregadeira de pneus com vassoura de 1,68 m - 45,50 kw | I80: =$J$33 -> RECIFE/PE | J80: Canteiro | K80: =$L$33 -> 158.22 | L80: =$L$30 -> 60 | M80: =TRUNC(K80/L80,2) -> 2.63 | N80: 0.33 | O80: =IF(D80=Q80,1,2) -> 2 | P80: =VLOOKUP(D80,'Equip Mínimo'!A:H,8,0) -> 1 | Q80: E9665 | R80: =VLOOKUP(Q80,'[46]EQUIPAMENTOS SICRO'!D:G,3,0) -> 415.7346 | S80: =TRUNC(M80*N80*O80*P80*R80,2) -> 721.63
C81: TOTAL DE EQUIPAMENTOS DE GRANDE PORTE (R$) | S81: =SUM(S38:S80) -> 81257.05
C83: ITEM | D83: CÓDIGO | E83: DISCRIMINAÇÃO | I83: UND | J83: QUANT | K83: DMT (KM) | L83: IDA/VOLTA | M83: PESO UNITÁRIO (KG) | N83: PESO UNITÁRIO (T) | O83: PESO TOTAL | P83: ORIGEM - DESTINO
C84: 2 | D84: EQUIPAMENTOS DE PEQUENO PORTE
C85: 2.1 | D85: E9764 | E85: =VLOOKUP(D85,'Equip Mínimo'!A:H,2,0) -> Grupo gerador - 7,2 kVA | I85: und | J85: =VLOOKUP(D85,'Equip Mínimo'!A:H,8,0) -> 1 | K85: =$K$48 -> 158.22 | L85: 2 | M85: 97 | N85: =M85/1000 -> 0.097 | O85: =N85*J85 -> 0.097 | P85: Recife - Canteiro
C86: 2.2 | D86: E9519 | E86: =VLOOKUP(D86,'Equip Mínimo'!A:H,2,0) -> Betoneira com motor a gasolina com capacidade de 600 l - 10 kW | I86: und | J86: =VLOOKUP(D86,'Equip Mínimo'!A:H,8,0) -> 1 | K86: =$K$48 -> 158.22 | L86: 2 | M86: 1050 | N86: =M86/1000 -> 1.05 | O86: =N86*J86 -> 1.05 | P86: Recife - Canteiro
C87: 2.3 | D87: E9066 | E87: =VLOOKUP(D87,'Equip Mínimo'!A:H,2,0) -> Grupo gerador - 14 kVA | I87: und | J87: =VLOOKUP(D87,'Equip Mínimo'!A:H,8,0) -> 1 | K87: =$K$48 -> 158.22 | L87: 2 | M87: 548 | N87: =M87/1000 -> 0.548 | O87: =N87*J87 -> 0.548 | P87: Recife - Canteiro
C88: 2.4 | D88: E9535 | E88: =VLOOKUP(D88,'Equip Mínimo'!A:H,2,0) -> Serra circular com bancada - D = 30 cm - 4 kW | I88: und | J88: =VLOOKUP(D88,'Equip Mínimo'!A:H,8,0) -> 1 | K88: =$K$48 -> 158.22 | L88: 2 | M88: 95 | N88: =M88/1000 -> 0.095 | O88: =N88*J88 -> 0.095 | P88: Recife - Canteiro
C89: 2.5 | D89: E9071 | E89: =VLOOKUP(D89,'Equip Mínimo'!A:H,2,0) -> Transportador manual carrinho de mão com capacidade de 80 l | I89: und | J89: =VLOOKUP(D89,'Equip Mínimo'!A:H,8,0) -> 3 | K89: =$K$48 -> 158.22 | L89: 2 | M89: 18.05 | N89: =M89/1000 -> 0.01805 | O89: =N89*J89 -> 0.05415 | P89: Recife - Canteiro
C90: 2.6 | D90: E9753 | E90: =VLOOKUP(D90,'Equip Mínimo'!A:H,2,0) -> Grupo gerador - 23 kVA | I90: und | J90: =VLOOKUP(D90,'Equip Mínimo'!A:H,8,0) -> 1 | K90: =$K$48 -> 158.22 | L90: 2 | M90: 584 | N90: =M90/1000 -> 0.584 | O90: =N90*J90 -> 0.584 | P90: Recife - Canteiro
C91: 2.7 | D91: E9010 | E91: =VLOOKUP(D91,'Equip Mínimo'!A:H,2,0) -> Balança plataforma digital à bateria, com mesa de 75 x 75 cm e capacidade de 500 kg | I91: und | J91: =VLOOKUP(D91,'Equip Mínimo'!A:H,8,0) -> 1 | K91: =$K$48 -> 158.22 | L91: 2 | M91: 89 | N91: =M91/1000 -> 0.089 | O91: =N91*J91 -> 0.089 | P91: Recife - Canteiro
C92: 2.8 | D92: E9675 | E92: =VLOOKUP(D92,'Equip Mínimo'!A:H,2,0) -> Martelete perfurador/rompedor elétrico - 1,50 kW | I92: und | J92: =VLOOKUP(D92,'Equip Mínimo'!A:H,8,0) -> 1 | K92: =$K$48 -> 158.22 | L92: 2 | M92: 8.9 | N92: =M92/1000 -> 0.0089 | O92: =N92*J92 -> 0.0089 | P92: Recife - Canteiro
C93: 2.9 | D93: E9622 | E93: =VLOOKUP(D93,'Equip Mínimo'!A:H,2,0) -> Máquina de bancada universal para corte de chapa - 1,50 kW | I93: und | J93: =VLOOKUP(D93,'Equip Mínimo'!A:H,8,0) -> 1 | K93: =$K$48 -> 158.22 | L93: 2 | M93: 790 | N93: =M93/1000 -> 0.79 | O93: =N93*J93 -> 0.79 | P93: Recife - Canteiro
C94: 2.10 | D94: E9623 | E94: =VLOOKUP(D94,'Equip Mínimo'!A:H,2,0) -> Máquina de bancada guilhotina - 4,00 kW | I94: und | J94: =VLOOKUP(D94,'Equip Mínimo'!A:H,8,0) -> 1 | K94: =$K$48 -> 158.22 | L94: 2 | M94: 1270 | N94: =M94/1000 -> 1.27 | O94: =N94*J94 -> 1.27 | P94: Recife - Canteiro
C95: 2.11 | D95: E9647 | E95: =VLOOKUP(D95,'Equip Mínimo'!A:H,2,0) -> Compactador manual com soquete vibratório - 4,10 kW | I95: und | J95: =VLOOKUP(D95,'Equip Mínimo'!A:H,8,0) -> 1 | K95: =$K$48 -> 158.22 | L95: 2 | M95: 78 | N95: =M95/1000 -> 0.078 | O95: =N95*J95 -> 0.078 | P95: Recife - Canteiro
C96: 2.12 | D96: E9064 | E96: =VLOOKUP(D96,'Equip Mínimo'!A:H,2,0) -> Transportador manual gerica com capacidade de 180 l | I96: und | J96: =VLOOKUP(D96,'Equip Mínimo'!A:H,8,0) -> 2 | K96: =$K$48 -> 158.22 | L96: 2 | M96: 39.33 | N96: =M96/1000 -> 0.03933 | O96: =N96*J96 -> 0.07866 | P96: Recife - Canteiro
... C104: 2.20 | D104: E9643 | E104: =VLOOKUP(D104,'Equip Mínimo'!A:H,2,0) -> Equipamento para pintura a ar comprimido de pistola com caneca com capacidade de 1.000 ml e compressor de 1,50 kw | I104: und | J104: =VLOOKUP(D104,'Equip Mínimo'!A:H,8,0) -> 1 | K104: =$K$48 -> 158.22 | L104: 2 | M104: 76 | N104: =M104/1000 -> 0.076 | O104: =N104*J104 -> 0.076 | P104: Recife - Canteiro
C105: 2.21 | D105: E9719 | E105: =VLOOKUP(D105,'[46]EQUIPAMENTOS SICRO'!D:G,2,0) -> Talha manual com capacidade de 3 t | I105: und | J105: =VLOOKUP(D105,'Equip Mínimo'!A:H,8,0) -> 1 | K105: =$K$48 -> 158.22 | L105: 2 | M105: 21.4 | N105: =M105/1000 -> 0.0214 | O105: =N105*J105 -> 0.0214 | P105: Recife - Canteiro
C106: 2.22 | D106: E9788 | E106: =VLOOKUP(D106,'[46]EQUIPAMENTOS SICRO'!D:G,2,0) -> Misturador de argamassa com capacidade de 0,250 m³ - 3,70 kW | I106: und | J106: =VLOOKUP(D106,'Equip Mínimo'!A:H,8,0) -> 1 | K106: =$K$48 -> 158.22 | L106: 2 | M106: 359 | N106: =M106/1000 -> 0.359 | O106: =N106*J106 -> 0.359 | P106: Recife - Canteiro
C107: 2.23 | D107: E9662 | E107: =VLOOKUP(D107,'[46]EQUIPAMENTOS SICRO'!D:G,2,0) -> Equipamento para solda e corte com oxiacetileno | I107: und | J107: =VLOOKUP(D107,'Equip Mínimo'!A:H,8,0) -> 1 | K107: =$K$48 -> 158.22 | L107: 2 | M107: 1.2 | N107: =M107/1000 -> 0.0012 | O107: =N107*J107 -> 0.0012 | P107: Recife - Canteiro
C108: 2.24 | D108: E9559 | E108: =VLOOKUP(D108,'[46]EQUIPAMENTOS SICRO'!D:G,2,0) -> Aquecedor de fluido térmico - 12 kW | I108: und | J108: =VLOOKUP(D108,'Equip Mínimo'!A:H,8,0) -> 1 | K108: =$K$48 -> 158.22 | L108: 2 | M108: 1000 | N108: =M108/1000 -> 1 | O108: =N108*J108 -> 1 | P108: Recife - Canteiro
C109: 2.25 | D109: E9717 | E109: =VLOOKUP(D109,'Equip Mínimo'!A:H,2,0) -> Máquina policorte - 2,20 kw | I109: und | J109: =VLOOKUP(D109,'Equip Mínimo'!A:H,8,0) -> 1 | K109: =$K$48 -> 158.22 | L109: 2 | M109: 17 | N109: =M109/1000 -> 0.017 | O109: =N109*J109 -> 0.017 | P109: Recife - Canteiro
C110: 2.26 | D110: E9646 | E110: =VLOOKUP(D110,'Equip Mínimo'!A:H,2,0) -> Compressor de ar portátil de 58,52 l/s (124 pcm) - 27 kw | I110: und | J110: =VLOOKUP(D110,'Equip Mínimo'!A:H,8,0) -> 2 | K110: =$K$48 -> 158.22 | L110: 2 | M110: 750 | N110: =M110/1000 -> 0.75 | O110: =N110*J110 -> 1.5 | P110: Recife - Canteiro
C111: 2.27 | D111: E9527 | E111: =VLOOKUP(D111,'Equip Mínimo'!A:H,2,0) -> Martelete perfurador/rompedor a ar comprimido de 25 kg para rocha com capacidade de 2.040 gpm | I111: und | J111: =VLOOKUP(D111,'Equip Mínimo'!A:H,8,0) -> 2 | K111: =$K$48 -> 158.22 | L111: 2 | M111: 25 | N111: =M111/1000 -> 0.025 | O111: =N111*J111 -> 0.05 | P111: Recife - Canteiro
C112: 2.28 | D112: E9518 | E112: =VLOOKUP(D112,'Equip Mínimo'!A:H,2,0) -> Grade de 24 discos rebocável de d = 60 cm (24") | I112: und | J112: =VLOOKUP(D112,'Equip Mínimo'!A:H,8,0) -> 1 | K112: =$K$48 -> 158.22 | L112: 2 | M112: 1860 | N112: =M112/1000 -> 1.86 | O112: =N112*J112 -> 1.86 | P112: Recife - Canteiro
C113: 2.29 | D113: E9513 | E113: =VLOOKUP(D113,'Equip Mínimo'!A:H,2,0) -> Compressor de ar portátil de 160,46 l/s (340 pcm) - 81 kw | I113: und | J113: =VLOOKUP(D113,'Equip Mínimo'!A:H,8,0) -> 1 | K113: =$K$48 -> 158.22 | L113: 2 | M113: 1523 | N113: =M113/1000 -> 1.523 | O113: =N113*J113 -> 1.523 | P113: Recife - Canteiro
C114: 2.30 | D114: E9671 | E114: =VLOOKUP(D114,'Equip Mínimo'!A:H,2,0) -> Compressor de ar portátil de 363,87 l/s (771 pcm) - 158,13 kw | I114: und | J114: =VLOOKUP(D114,'Equip Mínimo'!A:H,8,0) -> 1 | K114: =$K$48 -> 158.22 | L114: 2 | M114: 3180 | N114: =M114/1000 -> 3.18 | O114: =N114*J114 -> 3.18 | P114: Recife - Canteiro
C115: 2.31 | D115: E9631 | E115: =VLOOKUP(D115,'Equip Mínimo'!A:H,2,0) -> Bomba para concreto projetado via seca com capacidade de 6 m³/h - 7,5 kw | I115: und | J115: =VLOOKUP(D115,'Equip Mínimo'!A:H,8,0) -> 1 | K115: =$K$48 -> 158.22 | L115: 2 | M115: 670 | N115: =M115/1000 -> 0.67 | O115: =N115*J115 -> 0.67 | P115: Recife - Canteiro
C116: 2.32 | D116: E9760 | E116: =VLOOKUP(D116,'Equip Mínimo'!A:H,2,0) -> Perfuratriz manual para coroa diamantada - 1,60 kw | I116: und | J116: =VLOOKUP(D116,'Equip Mínimo'!A:H,8,0) -> 1 | K116: =$K$48 -> 158.22 | L116: 2 | M116: 11 | N116: =M116/1000 -> 0.011 | O116: =N116*J116 -> 0.011 | P116: Recife - Canteiro
C117: 2.33 | D117: E9028 | E117: =VLOOKUP(D117,'Equip Mínimo'!A:H,2,0) -> Bomba de alta pressão para hidrojateamento com capacidade de 18 mpa - 5,20 kw | I117: und | J117: =VLOOKUP(D117,'Equip Mínimo'!A:H,8,0) -> 1 | K117: =$K$48 -> 158.22 | L117: 2 | M117: 36 | N117: =M117/1000 -> 0.036 | O117: =N117*J117 -> 0.036 | P117: Recife - Canteiro
C118: 2.34 | D118: E9779 | E118: =VLOOKUP(D118,'Equip Mínimo'!A:H,2,0) -> Grupo gerador - 113 kVA | I118: und | J118: =VLOOKUP(D118,'Equip Mínimo'!A:H,8,0) -> 1 | K118: =$K$48 -> 158.22 | L118: 2 | M118: 212 | N118: =M118/1000 -> 0.212 | O118: =N118*J118 -> 0.212 | P118: Recife - Canteiro
C119: 2.35 | D119: E9154 | E119: =VLOOKUP(D119,'Equip Mínimo'!A:H,2,0) -> Equipamento para selagem com material asfáltico rebocável com capacidade de 370 l - 35 kW | I119: und | J119: =VLOOKUP(D119,'Equip Mínimo'!A:H,8,0) -> 1 | K119: =$K$48 -> 158.22 | L119: 2 | M119: 520 | N119: =M119/1000 -> 0.52 | O119: =N119*J119 -> 0.52 | P119: Recife - Canteiro
C120: 2.36 | D120: E9586 | E120: =VLOOKUP(D120,'Equip Mínimo'!A:H,2,0) -> Régua vibratória dupla com 4 m - 4,10 kW | I120: und | J120: =VLOOKUP(D120,'Equip Mínimo'!A:H,8,0) -> 1 | K120: =$K$48 -> 158.22 | L120: 2 | M120: 60 | N120: =M120/1000 -> 0.06 | O120: =N120*J120 -> 0.06 | P120: Recife - Canteiro
... C122: 2.38 | D122: E9767 | E122: =VLOOKUP(D122,'Equip Mínimo'!A:H,2,0) -> Compressor de ar portátil de 9,44 l/s (20 PCM) a gasolina - 5,22 kW | I122: und | J122: =VLOOKUP(D122,'Equip Mínimo'!A:H,8,0) -> 1 | K122: =$K$48 -> 158.22 | L122: 2 | M122: 260 | N122: =M122/1000 -> 0.26 | O122: =N122*J122 -> 0.26 | P122: Recife - Canteiro
C123: 2.39 | D123: E9507 | E123: =VLOOKUP(D123,'Equip Mínimo'!A:H,2,0) -> Plotadora de recorte com computador e programa computacional | I123: und | J123: =VLOOKUP(D123,'Equip Mínimo'!A:H,8,0) -> 1 | K123: =$K$48 -> 158.22 | L123: 2 | N123: =M123/1000 -> 0 | O123: =N123*J123 -> 0 | P123: Recife - Canteiro
C124: 2.40 | D124: E9505 | E124: =VLOOKUP(D124,'Equip Mínimo'!A:H,2,0) -> Prensa dobradeira capacidade 320 t - comprimento até 3.100 mm - 30 kW | I124: und | J124: =VLOOKUP(D124,'Equip Mínimo'!A:H,8,0) -> 1 | K124: =$K$48 -> 158.22 | L124: 2 | M124: 17300 | N124: =M124/1000 -> 17.3 | O124: =N124*J124 -> 17.3 | P124: Recife - Canteiro
C125: 2.41 | D125: E9683 | E125: =VLOOKUP(D125,'Equip Mínimo'!A:H,2,0) -> Martelete perfurador/rompedor elétrico - 0,90 kW | I125: und | J125: =VLOOKUP(D125,'Equip Mínimo'!A:H,8,0) -> 1 | K125: =$K$48 -> 158.22 | L125: 2 | M125: 4.7 | N125: =M125/1000 -> 0.0047 | O125: =N125*J125 -> 0.0047 | P125: Recife - Canteiro
C126: 2.42 | D126: E9629 | E126: =VLOOKUP(D126,'Equip Mínimo'!A:H,2,0) -> Compressor de ar portátil de 185,95 l/s (394 PCM) - 81,50 kW | I126: und | J126: =VLOOKUP(D126,'Equip Mínimo'!A:H,8,0) -> 1 | K126: =$K$48 -> 158.22 | L126: 2 | M126: 1730 | N126: =M126/1000 -> 1.73 | O126: =N126*J126 -> 1.73 | P126: Recife - Canteiro
C127: 2.43 | D127: E9703 | E127: =VLOOKUP(D127,'Equip Mínimo'!A:H,2,0) -> Fábrica de pré-moldado de concreto para mourão - 2,20 kW | I127: und | J127: =VLOOKUP(D127,'Equip Mínimo'!A:H,8,0) -> 1 | K127: =$K$48 -> 158.22 | L127: 2 | M127: 102 | N127: =M127/1000 -> 0.102 | O127: =N127*J127 -> 0.102 | P127: Recife - Canteiro
C128: 2.44 | D128: E9155 | E128: =VLOOKUP(D128,'Equip Mínimo'!A:H,2,0) -> Caldeira de asfalto rebocável com capacidade de 600 l - 5,20 kW | I128: und | J128: =VLOOKUP(D128,'Equip Mínimo'!A:H,8,0) -> 1 | K128: =$K$48 -> 158.22 | L128: 2 | M128: 2300 | N128: =M128/1000 -> 2.3 | O128: =N128*J128 -> 2.3 | P128: Recife - Canteiro
...

Sheet Equip Mínimo
A2: RODOVIA: | B2: ='Mob. e Desmob'!D3 -> PE-120
A3: TRECHO: | B3: ='Mob. e Desmob'!D4 -> Entr. PE-126 (Catende) –Entr. BR-104 (Agrestina)
A4: EXTENSÃO: | B4: ='Mob. e Desmob'!D5 -> 41.6
A5: DATA BASE: | B5: ='Mob. e Desmob'!D6 -> OUTUBRO/2025
A6: TIPO: | B6: ='Mob. e Desmob'!D7 -> SEM DESONERAÇÃO
A8: EQUIPAMENTO MÍNIMO
A9: Código | B9: Descrição | C9: Und | D9: Quantidade | G9: Tempo de trabalho (h/mês) | H9: Tempo de obra (meses)
D10: Produtivo | E10: Improdutivo | F10: Total | G10: 182.49 | H10: 24
A11: EQUIPAMENTOS DE GRANDE PORTE
A12: E9524 | B12: Motoniveladora - 93 kW | C12: H | D12: 272.45521 | E12: 285.494 | F12: =D12+E12 -> 557.94921 | G12: =F12/$G$10 -> 3.0574235 | H12: =ROUNDUP(G12/$H$10,0) -> 1
A13: E9687 | B13: Caminhão carroceria com capacidade de 5 t - 120 kw | C13: H | D13: 601.18706 | E13: 566.39 | F13: =D13+E13 -> 1167.5771 | G13: =F13/$G$10 -> 6.3980331 | H13: =ROUNDUP(G13/$H$10,0) -> 1
A14: E9545 | B14: Vibroacabadora de asfalto sobre esteiras - 97 kW | C14: H | D14: 427.68765 | F14: =D14+E14 -> 427.68765 | G14: =F14/$G$10 -> 2.3436224 | H14: =ROUNDUP(G14/$H$10,0) -> 1
A15: E9681 | B15: Rolo compactador liso tandem vibratório autopropelido de 10,4 t - 82 kW | C15: H | D15: 349.4464 | E15: 78.241 | F15: =D15+E15 -> 427.6874 | G15: =F15/$G$10 -> 2.343621 | H15: =ROUNDUP(G15/$H$10,0) -> 1
A16: E9558 | B16: Tanque de estocagem de asfalto com capacidade de 30.000 l | C16: H | D16: 2863.8794 | F16: =D16+E16 -> 2863.8794 | G16: =F16/$G$10 -> 15.69335 | H16: =ROUNDUP(G16/$H$10,0) -> 1
A17: E9526 | B17: Retroescavadeira de pneus - capacidade da caçamba da pá-carregadeira de 0,76 m³ e da retroescavadeira de 0,29 m³ - 58 kw | C17: H | D17: 854.19496 | F17: =D17+E17 -> 854.19496 | G17: =F17/$G$10 -> 4.6807768 | H17: =ROUNDUP(G17/$H$10,0) -> 1
A18: E9509 | B18: Caminhão tanque distribuidor de asfalto com capacidade de 6.000 l - 7 kW/136 kW | C18: H | D18: 1010.0905 | F18: =D18+E18 -> 1010.0905 | G18: =F18/$G$10 -> 5.5350455 | H18: =ROUNDUP(G18/$H$10,0) -> 1
A19: E9076 | B19: Equipamento para pintura eletrostática com cabine dupla de 7,00 kW e estufa de 80.000 kCal | C19: H | D19: 27.634576 | F19: =D19+E19 -> 27.634576 | G19: =F19/$G$10 -> 0.15143063 | H19: =ROUNDUP(G19/$H$10,0) -> 1
A20: E9577 | B20: Trator agrícola sobre pneus - 77 kW | C20: H | D20: 354.36475 | E20: 431.786 | F20: =D20+E20 -> 786.15075 | G20: =F20/$G$10 -> 4.3079114 | H20: =ROUNDUP(G20/$H$10,0) -> 1
A21: E9762 | B21: Rolo compactador de pneus autopropelido de 27 t - 85 kW | C21: H | D21: 1747.3943 | E21: 824.375 | F21: =D21+E21 -> 2571.7693 | G21: =F21/$G$10 -> 14.092659 | H21: =ROUNDUP(G21/$H$10,0) -> 1
A22: E9772 | B22: Retroescavadeira de pneus com caçamba de escavação trapezoidal ou triangular com seção de corte de 0,15 a 0,20 m² - 58 kw | C22: H | D22: 316.51807 | F22: =D22+E22 -> 316.51807 | G22: =F22/$G$10 -> 1.7344406 | H22: =ROUNDUP(G22/$H$10,0) -> 1
A23: E9571 | B23: Caminhão tanque com capacidade de 10.000 l - 188 kw | C23: H | D23: 811.27827 | E23: 673.149 | F23: =D23+E23 -> 1484.4273 | G23: =F23/$G$10 -> 8.1342938 | H23: =ROUNDUP(G23/$H$10,0) -> 1
A24: E9685 | B24: Rolo compactador pé de carneiro vibratório autopropelido por pneus de 11,6 t - 82 kw | C24: H | D24: 451.37655 | F24: =D24+E24 -> 451.37655 | G24: =F24/$G$10 -> 2.4734317 | H24: =ROUNDUP(G24/$H$10,0) -> 1
A25: E9530 | B25: Rolo compactador liso vibratório autopropelido por pneus de 11 t - 97 kw | C25: H | D25: 784.7315 | E25: 435.4 | F25: =D25+E25 -> 1220.1315 | G25: =F25/$G$10 -> 6.6860184 | H25: =ROUNDUP(G25/$H$10,0) -> 1
A26: E9082 | B26: Bate-estaca hidráulico para defensas montado em caminhão guindauto com capacidade de 6,2 t e carroceria de 5 t - 152 kw | C26: H | D26: 75.444607 | F26: =D26+E26 -> 75.444607 | G26: =F26/$G$10 -> 0.41341776 | H26: =ROUNDUP(G26/$H$10,0) -> 1
A27: E9644 | B27: Caminhão demarcador de faixas com sistema de pintura a frio - 28 kw/129 kw | C27: H | D27: 115.39848 | F27: =D27+E27 -> 115.39848 | G27: =F27/$G$10 -> 0.63235509 | H27: =ROUNDUP(G27/$H$10,0) -> 1
A28: E9667 | B28: caminhão basculante com capacidade de 14 m³ - 210 kw | C28: H | D28: 3317.1438 | E28: 267.448 | F28: =D28+E28 -> 3584.5918 | G28: =F28/$G$10 -> 19.642675 | H28: =ROUNDUP(G28/$H$10,0) -> 1
A29: E9515 | B29: Escavadeira hidráulica sobre esteiras com caçamba com capacidade de 1,56 m³ - 118 kw | C29: H | D29: 626.30291 | F29: =D29+E29 -> 626.30291 | G29: =F29/$G$10 -> 3.4319848 | H29: =ROUNDUP(G29/$H$10,0) -> 1
A30: E9514 | B30: Distribuidor de agregados sobre pneus autopropelido - 130 kW | C30: H | D30: 875.56886 | F30: =D30+E30 -> 875.56886 | G30: =F30/$G$10 -> 4.7979005 | H30: =ROUNDUP(G30/$H$10,0) -> 1
A31: E9615 | B31: Usina misturadora de solos com capacidade de 300 t/h - 44 kW | C31: H | D31: 531.00552 | F31: =D31+E31 -> 531.00552 | G31: =F31/$G$10 -> 2.9097787 | H31: =ROUNDUP(G31/$H$10,0) -> 1
A32: E9511 | B32: Carregadeira de pneus com capacidade de 3,40 m³ - 195 kw | C32: H | D32: 600.56608 | E32: 473.42 | F32: =D32+E32 -> 1073.9861 | G32: =F32/$G$10 -> 5.8851777 | H32: =ROUNDUP(G32/$H$10,0) -> 1
A33: E9774 | B33: Retroescavadeira de pneus com caçamba de escavação trapezoidal ou triangular com seção de corte de 0,30 a 0,50 m² - 58 kW | C33: H | D33: 296.32923 | F33: =D33+E33 -> 296.32923 | G33: =F33/$G$10 -> 1.6238108 | H33: =ROUNDUP(G33/$H$10,0) -> 1
A34: E9689 | B34: USINA DE ASFALTO A QUENTE GRAVIMÉTRICA COM CAPACIDADE DE 100/140 T/H - 260 KW | C34: H | D34: 421.84924 | F34: =D34+E34 -> 421.84924 | G34: =F34/$G$10 -> 2.3116293 | H34: =ROUNDUP(G34/$H$10,0) -> 1
A35: E9541 | B35: Trator sobre esteiras com lâmina - 259 kw | C35: H | D35: 46.893321 | F35: =D35+E35 -> 46.893321 | G35: =F35/$G$10 -> 0.25696378 | H35: =ROUNDUP(G35/$H$10,0) -> 1
A36: E9540 | B36: Trator sobre esteiras com lâmina - 127 kw | C36: H | D36: 59.68752 | F36: =D36+E36 -> 59.68752 | G36: =F36/$G$10 -> 0.32707283 | H36: =ROUNDUP(G36/$H$10,0) -> 1
A37: E9044 | B37: Central de concreto com capacidade de 150 m³/h - dosadora e misturadora | C37: H | D37: 5.987951 | F37: =D37+E37 -> 5.987951 | G37: =F37/$G$10 -> 0.032812488 | H37: =ROUNDUP(G37/$H$10,0) -> 1
A38: E9599 | B38: Central de concreto com capacidade de 30 m³/h - dosadora RS | C38: H | D38: 383.91044 | F38: =D38+E38 -> 383.91044 | G38: =F38/$G$10 -> 2.1037341 | H38: =ROUNDUP(G38/$H$10,0) -> 1
A39: E9021 | B39: Grupo gerador - 456 kva | C39: H | D39: 427.83719 | F39: =D39+E39 -> 427.83719 | G39: =F39/$G$10 -> 2.3444418 | H39: =ROUNDUP(G39/$H$10,0) -> 1
A40: E9686 | B40: Caminhão guindauto com capacidade de elevação de 6,2 t e carroceria de 7 t - 136 kw | C40: H | D40: 56.944578 | F40: =D40+E40 -> 56.944578 | G40: =F40/$G$10 -> 0.31204218 | H40: =ROUNDUP(G40/$H$10,0) -> 1
A41: E9584 | B41: Carregadeira de pneus com capacidade de 1,72 m³ - 113 kw | C41: H | D41: 462.60569 | E41: 345.422 | F41: =D41+E41 -> 808.02769 | G41: =F41/$G$10 -> 4.4277916 | H41: =ROUNDUP(G41/$H$10,0) -> 1
A42: E9127 | B42: Escavadeira hidráulica com martelo hidráulico de 520 kg - 75 kw | C42: H | D42: 25.463991 | F42: =D42+E42 -> 25.463991 | G42: =F42/$G$10 -> 0.13953636 | H42: =ROUNDUP(G42/$H$10,0) -> 1
A43: E9605 | B43: Caminhão tanque com capacidade de 6.000 l - 136 kw | C43: H | D43: 87.899 | E43: 184.847 | F43: =D43+E43 -> 272.746 | G43: =F43/$G$10 -> 1.4945805 | H43: =ROUNDUP(G43/$H$10,0) -> 1
A44: E9583 | B44: Distribuidor de agregados rebocável com capacidade de 1,9 m³ | C44: H | D44: 178.61905 | E44: 459.306 | F44: =D44+E44 -> 637.92505 | G44: =F44/$G$10 -> 3.4956713 | H44: =ROUNDUP(G44/$H$10,0) -> 1
A45: E9522 | B45: Caldeira de asfalto rebocável com capacidade de 1.500 l - 6,5 kW | C45: H | D45: 12.202184 | E45: 162.114 | F45: =D45+E45 -> 174.31618 | G45: =F45/$G$10 -> 0.95520951 | H45: =ROUNDUP(G45/$H$10,0) -> 1
A46: E9041 | B46: Caminhão guindauto com capacidade de elevação de 11,9 t e carroceria de 11,5 t - 188 kw | C46: H | D46: 4.499945 | F46: =D46+E46 -> 4.499945 | G46: =F46/$G$10 -> 0.024658584 | H46: =ROUNDUP(G46/$H$10,0) -> 1
A47: E9785 | B47: Guindaste móvel sobre pneus com 2 eixos com capacidade máxima de 55 t - 186 kw | C47: H | D47: 21.989733 | F47: =D47+E47 -> 21.989733 | G47: =F47/$G$10 -> 0.12049829 | H47: =ROUNDUP(G47/$H$10,0) -> 1
A48: E9678 | B48: Fresadora a frio - 455 kw | C48: H | D48: 127.96889 | F48: =D48+E48 -> 127.96889 | G48: =F48/$G$10 -> 0.70123783 | H48: =ROUNDUP(G48/$H$10,0) -> 1
A49: E9697 | B49: Minicarregadeira de pneus com vassoura de 1,68 m - 45,50 kw | C49: H | D49: 227.78463 | E49: 28.153 | F49: =D49+E49 -> 255.93763 | G49: =F49/$G$10 -> 1.4024748 | H49: =ROUNDUP(G49/$H$10,0) -> 1
A50: EQUIPAMENTOS DE PEQUENO PORTE
A51: E9764 | B51: Grupo gerador - 7,2 kVA | C51: H | D51: 744.06831 | E51: 0.294 | F51: =D51+E51 -> 744.36231 | G51: =F51/$G$10 -> 4.0789211 | H51: =ROUNDUP(G51/$H$10,0) -> 1
A52: E9519 | B52: Betoneira com motor a gasolina com capacidade de 600 l - 10 kW | C52: H | D52: 1539.4822 | F52: =D52+E52 -> 1539.4822 | G52: =F52/$G$10 -> 8.4359812 | H52: =ROUNDUP(G52/$H$10,0) -> 1
A53: E9066 | B53: Grupo gerador - 14 kVA | C53: H | D53: 1580.8203 | F53: =D53+E53 -> 1580.8203 | G53: =F53/$G$10 -> 8.6625039 | H53: =ROUNDUP(G53/$H$10,0) -> 1
A54: E9535 | B54: Serra circular com bancada - D = 30 cm - 4 kW | C54: H | D54: 1492.2838 | F54: =D54+E54 -> 1492.2838 | G54: =F54/$G$10 -> 8.1773458 | H54: =ROUNDUP(G54/$H$10,0) -> 1
A55: E9071 | B55: Transportador manual carrinho de mão com capacidade de 80 l | C55: H | D55: 8437.2294 | E55: 653.972 | F55: =D55+E55 -> 9091.2014 | G55: =F55/$G$10 -> 49.817532 | H55: =ROUNDUP(G55/$H$10,0) -> 3
A56: E9753 | B56: Grupo gerador - 23 kVA | C56: H | D56: 130.55165 | F56: =D56+E56 -> 130.55165 | G56: =F56/$G$10 -> 0.71539068 | H56: =ROUNDUP(G56/$H$10,0) -> 1
A57: E9010 | B57: Balança plataforma digital à bateria, com mesa de 75 x 75 cm e capacidade de 500 kg | C57: H | D57: 1403.4027 | F57: =D57+E57 -> 1403.4027 | G57: =F57/$G$10 -> 7.6902994 | H57: =ROUNDUP(G57/$H$10,0) -> 1
A58: E9675 | B58: Martelete perfurador/rompedor elétrico - 1,50 kW | C58: H | D58: 482.25257 | F58: =D58+E58 -> 482.25257 | G58: =F58/$G$10 -> 2.6426246 | H58: =ROUNDUP(G58/$H$10,0) -> 1
A59: E9622 | B59: Máquina de bancada universal para corte de chapa - 1,50 kW | C59: H | D59: 63.759597 | F59: =D59+E59 -> 63.759597 | G59: =F59/$G$10 -> 0.3493868 | H59: =ROUNDUP(G59/$H$10,0) -> 1
A60: E9623 | B60: Máquina de bancada guilhotina - 4,00 kW | C60: H | D60: 26.565947 | F60: =D60+E60 -> 26.565947 | G60: =F60/$G$10 -> 0.14557481 | H60: =ROUNDUP(G60/$H$10,0) -> 1
A61: E9647 | B61: Compactador manual com soquete vibratório - 4,10 kW | C61: H | D61: 1356.5025 | F61: =D61+E61 -> 1356.5025 | G61: =F61/$G$10 -> 7.4332978 | H61: =ROUNDUP(G61/$H$10,0) -> 1
A62: E9064 | B62: Transportador manual gerica com capacidade de 180 l | C62: H | D62: 1810.2035 | E62: 2640.911 | F62: =D62+E62 -> 4451.1145 | G62: =F62/$G$10 -> 24.391005 | H62: =ROUNDUP(G62/$H$10,0) -> 2
A63: E9544 | B63: Vassoura mecânica rebocável com largura de 2,44 m | C63: H | D63: 127.93183 | F63: =D63+E63 -> 127.93183 | G63: =F63/$G$10 -> 0.70103476 | H63: =ROUNDUP(G63/$H$10,0) -> 1
A64: E9547 | B64: Máquina de solda elétrica transformadora 250 A - 9,20 kW | C64: H | D64: 39.157472 | F64: =D64+E64 -> 39.157472 | G64: =F64/$G$10 -> 0.21457325 | H64: =ROUNDUP(G64/$H$10,0) -> 1
A65: E9568 | B65: Furadeira de impacto de 12,5 mm - 0,80 kW | C65: H | D65: 33.988584 | F65: =D65+E65 -> 33.988584 | G65: =F65/$G$10 -> 0.18624902 | H65: =ROUNDUP(G65/$H$10,0) -> 1
A66: E9521 | B66: Grupo gerador - 3,2 kva | C66: H | D66: 628.53788 | F66: =D66+E66 -> 628.53788 | G66: =F66/$G$10 -> 3.4442319 | H66: =ROUNDUP(G66/$H$10,0) -> 1
A67: E9156 | B67: Soprador de ar costal - 2,6 kw | C67: H | D67: 361.37779 | F67: =D67+E67 -> 361.37779 | G67: =F67/$G$10 -> 1.9802608 | H67: =ROUNDUP(G67/$H$10,0) -> 1
A68: E9556 | B68: Compactador manual de placa vibratória - 3,00 kw | C68: H | D68: 797.42767 | E68: 9.556 | F68: =D68+E68 -> 806.98367 | G68: =F68/$G$10 -> 4.4220706 | H68: =ROUNDUP(G68/$H$10,0) -> 1
A69: E9069 | B69: Vibrador de imersão para concreto - 4,10 kw | C69: H | D69: 2930.54 | F69: =D69+E69 -> 2930.54 | G69: =F69/$G$10 -> 16.058633 | H69: =ROUNDUP(G69/$H$10,0) -> 1
A70: E9643 | B70: Equipamento para pintura a ar comprimido de pistola com caneca com capacidade de 1.000 ml e compressor de 1,50 kw | C70: H | D70: 0.551399 | F70: =D70+E70 -> 0.551399 | G70: =F70/$G$10 -> 0.0030215299 | H70: =ROUNDUP(G70/$H$10,0) -> 1
A71: E9717 | B71: Máquina policorte - 2,20 kw | C71: H | D71: 0.213067 | E71: 0.294 | F71: =D71+E71 -> 0.507067 | G71: =F71/$G$10 -> 0.0027786016 | H71: =ROUNDUP(G71/$H$10,0) -> 1
A72: E9646 | B72: Compressor de ar portátil de 58,52 l/s (124 pcm) - 27 kw | C72: H | D72: 4699.4592 | E72: 73.138 | F72: =D72+E72 -> 4772.5972 | G72: =F72/$G$10 -> 26.15265 | H72: =ROUNDUP(G72/$H$10,0) -> 2
A73: E9527 | B73: Martelete perfurador/rompedor a ar comprimido de 25 kg para rocha com capacidade de 2.040 gpm | C73: H | D73: 4839.3805 | F73: =D73+E73 -> 4839.3805 | G73: =F73/$G$10 -> 26.518606 | H73: =ROUNDUP(G73/$H$10,0) -> 2
A74: E9518 | B74: Grade de 24 discos rebocável de d = 60 cm (24") | C74: H | D74: 185.06438 | E74: 266.312 | F74: =D74+E74 -> 451.37638 | G74: =F74/$G$10 -> 2.4734308 | H74: =ROUNDUP(G74/$H$10,0) -> 1
A75: E9513 | B75: Compressor de ar portátil de 160,46 l/s (340 pcm) - 81 kw | C75: H | D75: 46.179699 | F75: =D75+E75 -> 46.179699 | G75: =F75/$G$10 -> 0.25305331 | H75: =ROUNDUP(G75/$H$10,0) -> 1
A76: E9779 | B76: Grupo gerador - 113 kVA | C76: H | D76: 925.69038 | F76: =D76+E76 -> 925.69038 | G76: =F76/$G$10 -> 5.072554 | H76: =ROUNDUP(G76/$H$10,0) -> 1
A77: E9671 | B77: Compressor de ar portátil de 363,87 l/s (771 pcm) - 158,13 kw | C77: H | D77: 88.536495 | F77: =D77+E77 -> 88.536495 | G77: =F77/$G$10 -> 0.48515806 | H77: =ROUNDUP(G77/$H$10,0) -> 1
A78: E9154 | B78: Equipamento para selagem com material asfáltico rebocável com capacidade de 370 l - 35 kW | C78: H | D78: 266.832 | F78: =D78+E78 -> 266.832 | G78: =F78/$G$10 -> 1.4621733 | H78: =ROUNDUP(G78/$H$10,0) -> 1
A79: E9631 | B79: Bomba para concreto projetado via seca com capacidade de 6 m³/h - 7,5 kw | C79: H | D79: 88.536495 | F79: =D79+E79 -> 88.536495 | G79: =F79/$G$10 -> 0.48515806 | H79: =ROUNDUP(G79/$H$10,0) -> 1
A80: E9760 | B80: Perfuratriz manual para coroa diamantada - 1,60 kw | C80: H | D80: 113.0787 | F80: =D80+E80 -> 113.0787 | G80: =F80/$G$10 -> 0.61964325 | H80: =ROUNDUP(G80/$H$10,0) -> 1
A81: E9586 | B81: Régua vibratória dupla com 4 m - 4,10 kW | C81: H | D81: 1438.3735 | F81: =D81+E81 -> 1438.3735 | G81: =F81/$G$10 -> 7.8819305 | H81: =ROUNDUP(G81/$H$10,0) -> 1
A82: E9591 | B82: Serra para corte de concreto e asfalto - 10 kW | C82: H | D82: 255.93379 | F82: =D82+E82 -> 255.93379 | G82: =F82/$G$10 -> 1.4024538 | H82: =ROUNDUP(G82/$H$10,0) -> 1
A83: E9028 | B83: Bomba de alta pressão para hidrojateamento com capacidade de 18 mpa - 5,20 kw | C83: H | D83: 102.94455 | F83: =D83+E83 -> 102.94455 | G83: =F83/$G$10 -> 0.56411065 | H83: =ROUNDUP(G83/$H$10,0) -> 1
A84: E9767 | B84: Compressor de ar portátil de 9,44 l/s (20 PCM) a gasolina - 5,22 kW | C84: H | D84: 174.31692 | F84: =D84+E84 -> 174.31692 | G84: =F84/$G$10 -> 0.95521356 | H84: =ROUNDUP(G84/$H$10,0) -> 1
A85: E9507 | B85: Plotadora de recorte com computador e programa computacional | C85: H | D85: 50.231843 | F85: =D85+E85 -> 50.231843 | G85: =F85/$G$10 -> 0.27525806 | H85: =ROUNDUP(G85/$H$10,0) -> 1
A86: E9505 | B86: Prensa dobradeira capacidade 320 t - comprimento até 3.100 mm - 30 kW | C86: H | D86: 10.774419 | F86: =D86+E86 -> 10.774419 | G86: =F86/$G$10 -> 0.059041147 | H86: =ROUNDUP(G86/$H$10,0) -> 1
A87: E9719 | B87: Talha manual com capacidade de 3 t | C87: H | D87: 127.77474 | E87: 20.749 | F87: =D87+E87 -> 148.52374 | G87: =F87/$G$10 -> 0.81387332 | H87: =ROUNDUP(G87/$H$10,0) -> 1
A88: E9788 | B88: Misturador de argamassa com capacidade de 0,250 m³ - 3,70 kw | C88: H | D88: 1.037134 | F88: =D88+E88 -> 1.037134 | G88: =F88/$G$10 -> 0.0056832374 | H88: =ROUNDUP(G88/$H$10,0) -> 1
A89: E9662 | B89: Equipamento para solda e corte com oxiacetileno | C89: H | D89: 17.950508 | F89: =D89+E89 -> 17.950508 | G89: =F89/$G$10 -> 0.098364338 | H89: =ROUNDUP(G89/$H$10,0) -> 1
A90: E9559 | B90: Aquecedor de fluido térmico - 12 kw | C90: H | D90: 421.84924 | F90: =D90+E90 -> 421.84924 | G90: =F90/$G$10 -> 2.3116293 | H90: =ROUNDUP(G90/$H$10,0) -> 1
A91: E9683 | B91: Martelete perfurador/rompedor elétrico - 0,90 kW | C91: H | D91: 613.92236 | F91: =D91+E91 -> 613.92236 | G91: =F91/$G$10 -> 3.3641425 | H91: =ROUNDUP(G91/$H$10,0) -> 1
A92: E9629 | B92: Compressor de ar portátil de 185,95 l/s (394 PCM) - 81,50 kW | C92: H | D92: 3.963532 | F92: =D92+E92 -> 3.963532 | G92: =F92/$G$10 -> 0.021719174 | H92: =ROUNDUP(G92/$H$10,0) -> 1
A93: E9703 | B93: Fábrica de pré-moldado de concreto para mourão - 2,20 kW | C93: H | D93: 127.35129 | F93: =D93+E93 -> 127.35129 | G93: =F93/$G$10 -> 0.69785352 | H93: =ROUNDUP(G93/$H$10,0) -> 1
A94: E9155 | B94: Caldeira de asfalto rebocável com capacidade de 600 l - 5,20 kW | C94: H | D94: 0.124116 | E94: 12.287 | F94: =D94+E94 -> 12.411116 | G94: =F94/$G$10 -> 0.068009842 | H94: =ROUNDUP(G94/$H$10,0) -> 1
A95: E9706 | B95: Martelete perfurador/rompedor a ar comprimido de 28 kg para concreto com capacidade de 1.230 gpm | C95: H | D95: 3.175819 | F95: =D95+E95 -> 3.175819 | G95: =F95/$G$10 -> 0.017402702 | H95: =ROUNDUP(G95/$H$10,0) -> 1
A96: E9668 | B96: Mesa vibratória - 2,20 kW | C96: H | D96: 21.17269 | F96: =D96+E96 -> 21.17269 | G96: =F96/$G$10 -> 0.1160211 | H96: =ROUNDUP(G96/$H$10,0) -> 1
A97: E9011 | B97: Carro manual modelo plataforma de 200 x 80 cm com capacidade de 800 kg | C97: H | D97: 272.06418 | E97: 3.811 | F97: =D97+E97 -> 275.87518 | G97: =F97/$G$10 -> 1.5117277 | H97: =ROUNDUP(G97/$H$10,0) -> 1
A98: TOTAL | H98: =SUM(H12:H97) -> 90

Sheet REAJ. COTAÇÕES
A3: PROJETO EXECUTIVO DE ENGENHARIA PARA MELHORIA DA MOBILIDADE NA PE-120
A4: REAJUSTAMENTO
A6: AREAIS | D6: ÍNDICE | E6: MÊS | F6: UNIDADE | G6: DIVISOR | H6: INDICE COTAÇÃO | I6: INDICE DATA BASE | J6: PREÇO COT | K6: REAJUSTE
A7: COT-001 | B7: AREIA MÉDIA CIF | C7: M. A. DA SILVA MELO | D7: PAV | E7: ABRIL/2025* | F7: M3 | H7: 588.804 | I7: 590.239 | J7: 75 | K7: =J7*(I7/H7) -> 75.182786
A8: COT-002 | B8: AREIA MÉDIA LAVADA CIF | C8: M. A. DA SILVA MELO | D8: DRE | E8: ABRIL/2025* | F8: M3 | H8: 482.299 | I8: 491.278 | J8: 75 | K8: =J8*(I8/H8) -> 76.396281
A9: COT-003 | B9: AREIA GROSSA LAVADA CIF | C9: M. A. DA SILVA MELO | D9: PAV | E9: ABRIL/2025* | F9: M3 | H9: 588.804 | I9: 590.239 | J9: 75 | K9: =J9*(I9/H9) -> 75.182786
A10: COT-001 | B10: AREIA MÉDIA FOB | C10: M. A. DA SILVA MELO | D10: PAV | E10: ABRIL/2025* | F10: M3 | H10: 588.804 | I10: 590.239 | J10: 55 | K10: =J10*(I10/H10) -> 55.134043
A11: COT-002 | B11: AREIA MÉDIA LAVADA FOB | C11: M. A. DA SILVA MELO | D11: DRE | E11: ABRIL/2025* | F11: M3 | H11: 482.299 | I11: 491.278 | J11: 55 | K11: =J11*(I11/H11) -> 56.02394
A12: COT-003 | B12: AREIA GROSSA LAVADA FOB | C12: M. A. DA SILVA MELO | D12: PAV | E12: ABRIL/2025* | F12: M3 | H12: 588.804 | I12: 590.239 | J12: 55 | K12: =J12*(I12/H12) -> 55.134043
A14: COT-002 | B14: AREIA MÉDIA LAVADA FOB | C14: AREIASIL | D14: DRE | E14: MAIO/2025* | F14: M3 | H14: 482.629 | I14: 491.278 | J14: 70 | K14: =J14*(I14/H14) -> 71.254442
A15: COT-003 | B15: AREIA GROSSA LAVADA FOB | C15: AREIASIL | D15: PAV | E15: MAIO/2025* | F15: M3 | H15: 587.552 | I15: 590.239 | J15: 70 | K15: =J15*(I15/H15) -> 70.320125
A17: COT-002 | B17: AREIA LAVADA MEDIA - CIF | C17: SANTOS MINERAÇÃO | D17: DRE | E17: ABRIL/2025* | F17: M3 | H17: 482.299 | I17: 491.278 | J17: 110 | K17: =J17*(I17/H17) -> 112.04788
A18: COT-003 | B18: AREIA GROSSA LAVADA - CIF | C18: SANTOS MINERAÇÃO | D18: PAV | E18: ABRIL/2025* | F18: M3 | H18: 588.804 | I18: 590.239 | J18: 110 | K18: =J18*(I18/H18) -> 110.26809
A20: PEDREIRAS | D20: ÍNDICE | E20: MÊS | F20: UNIDADE | G20: DENSIDADE | H20: INDICE COTAÇÃO | I20: INDICE DATA BASE | J20: PREÇO COT | K20: REAJUSTE
A21: COT-005 | B21: MINECAL CIF | C21: BRITA 0 | D21: PAV | E21: ABRIL/2025* | F21: M3 | G21: 1.4 | H21: 588.804 | I21: 590.239 | J21: 118 | K21: =J21*(I21/H21) -> 118.28758
A22: COT-006 | B22: MINECAL CIF | C22: BRITA 1 | D22: PAV | E22: ABRIL/2025* | F22: M3 | G22: 1.4 | H22: 588.804 | I22: 590.239 | J22: 118 | K22: =J22*(I22/H22) -> 118.28758
A23: COT-007 | B23: MINECAL CIF | C23: PÓ DE PEDRA | D23: PAV | E23: ABRIL/2025* | F23: M3 | G23: 1.5 | H23: 588.804 | I23: 590.239 | J23: 115 | K23: =J23*(I23/H23) -> 115.28027
A24: COT-008 | B24: MINECAL CIF | C24: RACHÃO | D24: DRE | E24: ABRIL/2025* | F24: M3 | G24: 1.5 | H24: 482.299 | I24: 491.278 | J24: 112 | K24: =J24*(I24/H24) -> 114.08511
A25: COT-009 | B25: MINECAL CIF | C25: BGS | D25: PAV | E25: ABRIL/2025* | F25: M3 | G25: 1.65 | H25: 588.804 | I25: 590.239 | J25: 113 | K25: =J25*(I25/H25) -> 113.2754
A26: COT-011 | B26: MINECAL CIF | C26: PEDRISCO | D26: PAV | E26: ABRIL/2025* | F26: M3 | G26: 1.4 | H26: 588.804 | I26: 590.239 | J26: 118 | K26: =J26*(I26/H26) -> 118.28758
B27: MINECAL CIF | C27: BRITA 4 | D27: PAV | E27: ABRIL/2025* | F27: M3 | G27: 1.4 | H27: 588.804 | I27: 590.239 | J27: 112 | K27: =J27*(I27/H27) -> 112.27296
A28: COT-005 | B28: MINECAL FOB | C28: BRITA 0 | D28: PAV | E28: ABRIL/2025* | F28: M3 | G28: 1.4 | H28: 588.804 | I28: 590.239 | J28: 90 | K28: =J28*(I28/H28) -> 90.219343
A29: COT-006 | B29: MINECAL FOB | C29: BRITA 1 | D29: PAV | E29: ABRIL/2025* | F29: M3 | G29: 1.4 | H29: 588.804 | I29: 590.239 | J29: 90 | K29: =J29*(I29/H29) -> 90.219343
A30: COT-007 | B30: MINECAL FOB | C30: PÓ DE PEDRA | D30: PAV | E30: ABRIL/2025* | F30: M3 | G30: 1.5 | H30: 588.804 | I30: 590.239 | J30: 85 | K30: =J30*(I30/H30) -> 85.207157
A31: COT-008 | B31: MINECAL FOB | C31: RACHÃO | D31: DRE | E31: ABRIL/2025* | F31: M3 | G31: 1.5 | H31: 482.299 | I31: 491.278 | J31: 82 | K31: =J31*(I31/H31) -> 83.526601
A32: COT-009 | B32: MINECAL FOB | C32: BGS | D32: PAV | E32: ABRIL/2025* | F32: M3 | G32: 1.65 | H32: 588.804 | I32: 590.239 | J32: 80 | K32: =J32*(I32/H32) -> 80.194972
A33: COT-011 | B33: MINECAL FOB | C33: PEDRISCO | D33: PAV | E33: ABRIL/2025* | F33: M3 | G33: 1.4 | H33: 588.804 | I33: 590.239 | J33: 80 | K33: =J33*(I33/H33) -> 80.194972
B34: MINECAL FOB | C34: BRITA 4 | D34: PAV | E34: ABRIL/2025* | F34: M3 | G34: 1.5 | H34: 588.804 | I34: 590.239 | J34: 82 | K34: =J34*(I34/H34) -> 82.199846
A36: COT-005 | B36: AGRESTE CIF | C36: BRITA 0 | D36: PAV | E36: ABRIL/2025* | F36: M3 | G36: 1.5 | H36: 588.804 | I36: 590.239 | J36: =G36*79 -> 118.5 | K36: =J36*(I36/H36) -> 118.7888
A37: COT-006 | B37: AGRESTE CIF | C37: BRITA 1 | D37: PAV | E37: ABRIL/2025* | F37: M3 | G37: 1.5 | H37: 588.804 | I37: 590.239 | J37: =G37*76 -> 114 | K37: =J37*(I37/H37) -> 114.27783
A38: COT-010 | B38: AGRESTE CIF | C38: BRITA 2 | D38: DRE | E38: ABRIL/2025* | F38: M3 | G38: 1.5 | H38: 482.299 | I38: 491.278 | J38: =G38*76 -> 114 | K38: =J38*(I38/H38) -> 116.12235
A39: COT-007 | B39: AGRESTE CIF | C39: PÓ DE PEDRA | D39: PAV | E39: ABRIL/2025* | F39: M3 | G39: 1.5 | H39: 588.804 | I39: 590.239 | J39: =G39*62 -> 93 | K39: =J39*(I39/H39) -> 93.226654
A40: COT-008 | B40: AGRESTE CIF | C40: RACHÃO | D40: DRE | E40: ABRIL/2025* | F40: M3 | G40: 1.5 | H40: 482.299 | I40: 491.278 | J40: =G40*69 -> 103.5 | K40: =J40*(I40/H40) -> 105.42687
A41: COT-009 | B41: AGRESTE CIF | C41: BGS | D41: PAV | E41: ABRIL/2025* | F41: M3 | G41: 2.2 | H41: 588.804 | I41: 590.239 | J41: =G41*61 -> 134.2 | K41: =J41*(I41/H41) -> 134.52706
A42: COT-011 | B42: AGRESTE CIF | C42: PEDRISCO | D42: PAV | E42: ABRIL/2025* | F42: M3 | G42: 1.5 | H42: 588.804 | I42: 590.239 | J42: =G42*86 -> 129 | K42: =J42*(I42/H42) -> 129.31439
B43: AGRESTE CIF | C43: BRITA 4 | D43: PAV | E43: ABRIL/2025* | F43: M3 | G43: 1.5 | H43: 588.804 | I43: 590.239 | J43: =G43*69 -> 103.5 | K43: =J43*(I43/H43) -> 103.75224
A44: COT-005 | B44: AGRESTE FOB | C44: BRITA 0 | D44: PAV | E44: ABRIL/2025* | F44: M3 | G44: 1.5 | H44: 588.804 | I44: 590.239 | J44: =G44*67 -> 100.5 | K44: =J44*(I44/H44) -> 100.74493
A45: COT-006 | B45: AGRESTE FOB | C45: BRITA 1 | D45: PAV | E45: ABRIL/2025* | F45: M3 | G45: 1.5 | H45: 588.804 | I45: 590.239 | J45: =G45*64 -> 96 | K45: =J45*(I45/H45) -> 96.233966
A46: COT-010 | B46: AGRESTE FOB | C46: BRITA 2 | D46: DRE | E46: ABRIL/2025* | F46: M3 | G46: 1.5 | H46: 482.299 | I46: 491.278 | J46: =G46*64 -> 96 | K46: =J46*(I46/H46) -> 97.78724
A47: COT-007 | B47: AGRESTE FOB | C47: PÓ DE PEDRA | D47: PAV | E47: ABRIL/2025* | F47: M3 | G47: 1.5 | H47: 588.804 | I47: 590.239 | J47: =G47*50 -> 75 | K47: =J47*(I47/H47) -> 75.182786
A48: COT-008 | B48: AGRESTE FOB | C48: RACHÃO | D48: DRE | E48: ABRIL/2025* | F48: M3 | G48: 1.5 | H48: 482.299 | I48: 491.278 | J48: =G48*57 -> 85.5 | K48: =J48*(I48/H48) -> 87.091761
A49: COT-009 | B49: AGRESTE FOB | C49: BGS | D49: PAV | E49: ABRIL/2025* | F49: M3 | G49: 2.2 | H49: 588.804 | I49: 590.239 | J49: =G49*49 -> 107.8 | K49: =J49*(I49/H49) -> 108.06272
A50: COT-011 | B50: AGRESTE FOB | C50: PEDRISCO | D50: PAV | E50: ABRIL/2025* | F50: M3 | G50: 1.5 | H50: 588.804 | I50: 590.239 | J50: =G50*71 -> 106.5 | K50: =J50*(I50/H50) -> 106.75956
B51: AGRESTE FOB | C51: BRITA 4 | D51: PAV | E51: ABRIL/2025* | F51: M3 | G51: 1.5 | H51: 588.804 | I51: 590.239 | J51: =G51*57 -> 85.5 | K51: =J51*(I51/H51) -> 85.708376
A53: COT-005 | B53: BRITAR FOB | C53: BRITA 0 | D53: PAV | E53: MAIO/2025* | F53: M3 | G53: 1.5 | H53: 587.552 | I53: 590.239 | J53: =71.43*G53 -> 107.145 | K53: =J53*(I53/H53) -> 107.635
A54: COT-006 | B54: BRITAR FOB | C54: BRITA 1 | D54: PAV | E54: MAIO/2025* | F54: M3 | G54: 1.5 | H54: 587.552 | I54: 590.239 | J54: =64.29*G54 -> 96.435 | K54: =J54*(I54/H54) -> 96.876018
A55: COT-010 | B55: BRITAR FOB | C55: BRITA 2 | D55: DRE | E55: MAIO/2025* | F55: M3 | G55: 1.5 | H55: 482.629 | I55: 491.278 | J55: =65.22 *G55 -> 97.83 | K55: =J55*(I55/H55) -> 99.583172
A56: COT-007 | B56: BRITAR FOB | C56: RACHÃO | D56: DRE | E56: MAIO/2025* | F56: M3 | G56: 1.5 | H56: 482.629 | I56: 491.278 | J56: =62.94 *G56 -> 94.41 | K56: =J56*(I56/H56) -> 96.101884
A57: COT-008 | B57: BRITAR FOB | C57: PÓ DE PEDRA | D57: PAV | E57: MAIO/2025* | F57: M3 | G57: 1.5 | H57: 587.552 | I57: 590.239 | J57: =53.33*G57 -> 79.995 | K57: =J57*(I57/H57) -> 80.360834
A58: COT-011 | B58: BRITAR FOB | C58: PEDRISCO | D58: PAV | E58: MAIO/2025* | F58: M3 | G58: 1.5 | H58: 587.552 | I58: 590.239 | J58: =66.18 *G58 -> 99.27 | K58: =J58*(I58/H58) -> 99.723983
A60: COT-005 | B60: BRITAR CIF | C60: BRITA 0 | D60: PAV | E60: MAIO/2025* | F60: M3 | G60: 1.5 | H60: 587.552 | I60: 590.239 | J60: =85 *G60 -> 127.5 | K60: =J60*(I60/H60) -> 128.08308
A61: COT-006 | B61: BRITAR CIF | C61: BRITA 1 | D61: PAV | E61: MAIO/2025* | F61: M3 | G61: 1.5 | H61: 587.552 | I61: 590.239 | J61: =85 *G61 -> 127.5 | K61: =J61*(I61/H61) -> 128.08308
A62: COT-010 | B62: BRITAR CIF | C62: BRITA 2 | D62: DRE | E62: MAIO/2025* | F62: M3 | G62: 1.5 | H62: 482.629 | I62: 491.278 | J62: =85 *G62 -> 127.5 | K62: =J62*(I62/H62) -> 129.78488
A63: COT-007 | B63: BRITAR CIF | C63: RACHÃO | D63: DRE | E63: MAIO/2025* | F63: M3 | G63: 1.5 | H63: 482.629 | I63: 491.278 | J63: =85 *G63 -> 127.5 | K63: =J63*(I63/H63) -> 129.78488
A64: COT-008 | B64: BRITAR CIF | C64: PÓ DE PEDRA | D64: PAV | E64: MAIO/2025* | F64: M3 | G64: 1.5 | H64: 587.552 | I64: 590.239 | J64: =70*G64 -> 105 | K64: =J64*(I64/H64) -> 105.48019
A65: COT-011 | B65: BRITAR CIF | C65: PEDRISCO | D65: PAV | E65: MAIO/2025* | F65: M3 | G65: 1.5 | H65: 587.552 | I65: 590.239 | J65: =85 *G65 -> 127.5 | K65: =J65*(I65/H65) -> 128.08308
A67: COT-005 | B67: AURORA FOB | C67: BRITA 0 | D67: PAV | E67: MAIO/2025* | F67: M3 | G67: 1.5 | H67: 587.552 | I67: 590.239 | J67: 87.75 | K67: =J67*(I67/H67) -> 88.151299
A68: COT-006 | B68: AURORA FOB | C68: BRITA 1 | D68: PAV | E68: MAIO/2025* | F68: M3 | G68: 1.5 | H68: 587.552 | I68: 590.239 | J68: 87.1 | K68: =J68*(I68/H68) -> 87.498327
A69: COT-010 | B69: AURORA FOB | C69: BRITA 2 | D69: DRE | E69: MAIO/2025* | F69: M3 | G69: 1.5 | H69: 482.629 | I69: 491.278 | J69: 89.7 | K69: =J69*(I69/H69) -> 91.307478
A70: COT-007 | B70: AURORA FOB | C70: RACHÃO | D70: DRE | E70: MAIO/2025* | F70: M3 | G70: 1.5 | H70: 482.629 | I70: 491.278 | J70: 74.25 | K70: =J70*(I70/H70) -> 75.580604
A71: COT-008 | B71: AURORA FOB | C71: PÓ DE PEDRA | D71: PAV | E71: MAIO/2025* | F71: M3 | G71: 1.5 | H71: 587.552 | I71: 590.239 | J71: 76 | K71: =J71*(I71/H71) -> 76.347564
A72: COT-008 | B72: AURORA FOB | C72: BGS | D72: PAV | E72: MAIO/2025* | F72: M3 | G72: 1.5 | H72: 587.552 | I72: 590.239 | J72: 77.85 | K72: =J72*(I72/H72) -> 78.206025
B73: AURORA FOB | C73: BRITA 4 | D73: PAV | E73: MAIO/2025* | F73: M3 | G73: 1.5 | H73: 587.552 | I73: 590.239 | J73: 74.25 | K73: =J73*(I73/H73) -> 74.589561
A76: DESTINAÇÃO FINAL | D76: ÍNDICE | E76: MÊS | F76: UNIDADE | G76: MOBILIZAÇÃO E DESMOBILIZAÇÃO | H76: INDICE COTAÇÃO | I76: INDICE DATA BASE | J76: PREÇO COT | K76: REAJUSTE
A77: COT-013 | B77: RCC AMBIENTAL | C77: METRALHA | D77: OC/MA | E77: OUTUBRO/2024 | F77: T | G77: - | H77: 162.504 | I77: 167.061 | J77: 35 | K77: =J77*(I77/H77) -> 35.981484
A78: COT-014 | B78: RCC AMBIENTAL | C78: ASFALTO | D78: OC/MA | E78: OUTUBRO/2024 | F78: T | G78: - | H78: 162.504 | I78: 167.061 | J78: 35 | K78: =J78*(I78/H78) -> 35.981484
A79: COT-015 | B79: RCC AMBIENTAL | C79: SOLO | D79: OC/MA | E79: OUTUBRO/2024 | F79: T | G79: - | H79: 162.504 | I79: 167.061 | J79: 35 | K79: =J79*(I79/H79) -> 35.981484
A81: COT-013 | B81: CTR IPOJUCA | C81: METRALHA | D81: OC/MA | E81: NOVEMBRO/2024 | F81: T | G81: - | H81: 163.008 | I81: 167.061 | J81: 95 | K81: =J81*(I81/H81) -> 97.362062
A82: COT-014 | B82: CTR IPOJUCA | C82: ASFALTO | D82: OC/MA | E82: NOVEMBRO/2024 | F82: T | G82: - | H82: 163.008 | I82: 167.061 | J82: 75 | K82: =J82*(I82/H82) -> 76.864786
A83: COT-015 | B83: CTR IPOJUCA | C83: SOLO | D83: OC/MA | E83: NOVEMBRO/2024 | F83: T | G83: - | H83: 163.008 | I83: 167.061 | J83: 75 | K83: =J83*(I83/H83) -> 76.864786
A85: COT-013 | B85: CTR CARUARU | C85: METRALHA | D85: OC/MA | E85: SETEMBRO/2024 | F85: T | G85: - | H85: 162.13 | I85: 167.061 | J85: 95 | K85: =J85*(I85/H85) -> 97.889317
A86: COT-014 | B86: CTR CARUARU | C86: ASFALTO | D86: OC/MA | E86: SETEMBRO/2024 | F86: T | G86: - | H86: 162.13 | I86: 167.061 | J86: 130 | K86: =J86*(I86/H86) -> 133.9538
A87: COT-015 | B87: CTR CARUARU | C87: SOLO | D87: OC/MA | E87: SETEMBRO/2024 | F87: T | G87: - | H87: 162.13 | I87: 167.061 | J87: 75 | K87: =J87*(I87/H87) -> 77.28104
A89: CBUQ | D89: ÍNDICE | E89: MÊS | F89: UNIDADE | G89: MOBILIZAÇÃO E DESMOBILIZAÇÃO | H89: INDICE COTAÇÃO | I89: INDICE DATA BASE | J89: PREÇO COT | K89: REAJUSTE
A90: COT-016 | B90: CBUQ FAIXA B COM POLIMERO | C90: ANCAR - FOB | D90: PAV | E90: ABRIL/2025* | F90: T | G90: - | H90: 588.804 | I90: 590.239 | J90: 860 | K90: =J90*(I90/H90) -> 862.09594
A91: COT-017 | B91: CBUQ FAIXA C COM POLIMERO | C91: ANCAR - FOB | D91: PAV | E91: ABRIL/2025* | F91: T | G91: - | H91: 588.804 | I91: 590.239 | J91: 920 | K91: =J91*(I91/H91) -> 922.24217
A93: COT-016 | B93: CBUQ FAIXA B COM POLIMERO - CIF | C93: ANDRADE GUEDES | D93: PAV | E93: ABRIL/2025* | F93: T | G93: - | H93: 588.804 | I93: 590.239 | J93: 1090 | K93: =J93*(I93/H93) -> 1092.6565
A94: COT-017 | B94: CBUQ FAIXA C COM POLIMERO - CIF | C94: ANDRADE GUEDES | D94: PAV | E94: ABRIL/2025* | F94: T | G94: - | H94: 588.804 | I94: 590.239 | J94: 1340 | K94: =J94*(I94/H94) -> 1343.2658
A96: COT-016 | B96: CBUQ FAIXA B COM POLIMERO - FOB | C96: ANDRADE GUEDES | D96: PAV | E96: ABRIL/2025* | F96: T | G96: - | H96: 588.804 | I96: 590.239 | J96: 940 | K96: =J96*(I96/H96) -> 942.29092
A97: COT-017 | B97: CBUQ FAIXA C COM POLIMERO - FOB | C97: ANDRADE GUEDES | D97: PAV | E97: ABRIL/2025* | F97: T | G97: - | H97: 588.804 | I97: 590.239 | J97: 1170 | K97: =J97*(I97/H97) -> 1172.8515
A99: COT-016 | B99: CBUQ FAIXA B COM POLIMERO - CIF | C99: CONSTRUFENIX | D99: PAV | E99: ABRIL/2025* | F99: T | G99: - | H99: 588.804 | I99: 590.239 | J99: =840.22+(2.5*51.9) -> 969.97 | K99: =J99*(I99/H99) -> 972.33396
A100: COT-017 | B100: CBUQ FAIXA C COM POLIMERO - CIF | C100: CONSTRUFENIX | D100: PAV | E100: ABRIL/2025* | F100: T | G100: - | H100: 588.804 | I100: 590.239 | J100: =890.02+(2.5*51.9) -> 1019.77 | K100: =J100*(I100/H100) -> 1022.2553
A102: COT-016 | B102: CBUQ FAIXA B COM POLIMERO - FOB | C102: CONSTRUFENIX | D102: PAV | E102: ABRIL/2025* | F102: T | G102: - | H102: 588.804 | I102: 590.239 | J102: 840.22 | K102: =J102*(I102/H102) -> 842.26774
A103: COT-017 | B103: CBUQ FAIXA C COM POLIMERO - FOB | C103: CONSTRUFENIX | D103: PAV | E103: ABRIL/2025* | F103: T | G103: - | H103: 588.804 | I103: 590.239 | J103: 890.02 | K103: =J103*(I103/H103) -> 892.18911
A106: GEOGRELHA | E106: MÊS | F106: UNIDADE | G106: MOBILIZAÇÃO E DESMOBILIZAÇÃO | H106: INDICE COTAÇÃO | I106: INDICE DATA BASE | J106: PREÇO COT | K106: REAJUSTE
A107: COT-020 | B107: GEOGRELHA | C107: HUESKER | D107: PAV | E107: DEZEMBRO/2024* | F107: M2 | G107: - | H107: 583.334 | I107: 590.239 | J107: =27634.35/1050 -> 26.318429 | K107: =J107*(I107/H107) -> 26.629963
A109: COT-020 | B109: GEOGRELHA | C109: GEOCOM | D109: PAV | E109: DEZEMBRO/2024* | F109: M2 | G109: - | H109: 583.334 | I109: 590.239 | J109: =29.51*1.0325 -> 30.469075 | K109: =J109*(I109/H109) -> 30.829741
A111: COT-020 | B111: GEOGRELHA | C111: MACCAFERRI | D111: PAV | E111: JANEIRO/2025* | F111: M2 | G111: - | H111: 584.512 | I111: 590.239 | J111: =27.6*1.0325 -> 28.497 | K111: =J111*(I111/H111) -> 28.776211
A113: PRODUTOS SIKA | D113: ÍNDICE | E113: MÊS | F113: UNIDADE | G113: MOBILIZAÇÃO E DESMOBILIZAÇÃO | H113: INDICE COTAÇÃO | I113: INDICE DATA BASE | J113: PREÇO COT | K113: REAJUSTE
A114: COT-021 | B114: SIKAMONOTOP 4122 | C114: BAUCHEMIE | D114: OAE / S AÇO | E114: DEZEMBRO/2024* | F114: KG | G114: - | H114: 483.489 | I114: 498.439 | J114: 2.97 | K114: =J114*(I114/H114) -> 3.0618356
A115: COT-022 | B115: SIKA ARMATEC 108 | C115: BAUCHEMIE | D115: OAE / S AÇO | E115: DEZEMBRO/2024* | F115: KG | G115: - | H115: 483.489 | I115: 498.439 | J115: 6.55 | K115: =J115*(I115/H115) -> 6.752533
A117: COT-021 | B117: SIKAMONOTOP 4122 | C117: VIAPOL | D117: OAE / S AÇO | E117: JANEIRO/2025* | F117: KG | G117: - | H117: 485.313 | I117: 498.439 | J117: =73.18/25 -> 2.9272 | K117: =J117*(I117/H117) -> 3.0063704
A118: COT-022 | B118: SIKA ARMATEC 108 | C118: VIAPOL | D118: OAE / S AÇO | E118: JANEIRO/2025* | F118: KG | G118: - | H118: 485.313 | I118: 498.439 | J118: =49.8/5 -> 9.96 | K118: =J118*(I118/H118) -> 10.229383
A120: COT-021 | B120: SIKAMONOTOP 4122 - CIF | C120: GRUPO REPE | D120: OAE / S AÇO | E120: MAIO/2025* | F120: KG | G120: - | H120: 489.159 | I120: 498.439 | J120: =140/25 -> 5.6 | K120: =J120*(I120/H120) -> 5.7062395
A121: COT-022 | B121: SIKA ARMATEC 108 - CIF | C121: GRUPO REPE | D121: OAE / S AÇO | E121: MAIO/2025* | F121: KG | G121: - | H121: 489.159 | I121: 498.439 | J121: =(499/4)/4 -> 31.1875 | K121: =J121*(I121/H121) -> 31.779169
A123: COT-021 | B123: SIKAMONOTOP 4122 - FOB | C123: GRUPO REPE | D123: OAE / S AÇO | E123: JANEIRO/2025* | F123: KG | G123: - | H123: 485.313 | I123: 498.439 | J123: =130/25 -> 5.2 | K123: =J123*(I123/H123) -> 5.3406416
A124: COT-022 | B124: SIKA ARMATEC 108 - FOB | C124: GRUPO REPE | D124: OAE / S AÇO | E124: JANEIRO/2025* | F124: KG | G124: - | H124: 485.313 | I124: 498.439 | J124: =(460/4)/4 -> 28.75 | K124: =J124*(I124/H124) -> 29.527586
A126: DEFENSAS E ANCORAGENS | D126: ÍNDICE | E126: MÊS | F126: UNIDADE | G126: MOBILIZAÇÃO E DESMOBILIZAÇÃO | H126: INDICE COTAÇÃO | I126: INDICE DATA BASE | J126: PREÇO COT | K126: REAJUSTE
A127: COT-023 | B127: LISY - FOB | C127: DEFENSA | D127: OC/MA | E127: ABRIL/2025 | F127: M | G127: - | H127: 165.128 | I127: 167.061 | J127: 164.5 | K127: =J127*(I127/H127) -> 166.42565
A128: COT-024 | B128: LISY - FOB | C128: ANCORAGEM | D128: OC/MA | E128: ABRIL/2025 | F128: M | G128: - | H128: 165.128 | I128: 167.061 | J128: =3450/12 -> 287.5 | K128: =J128*(I128/H128) -> 290.8655
...

Sheet CUSTO DO BINÔMIO
A1: ESTUDO DOS BINÔMIOS - AQUISIÇÃO + TRANSPORTE
A2: PEDREIRA
A3: EMPRESA | E3: BRITA GRADUADA SIMPLES | G3: MARACATU | I3: MEGAMINERAÇÃO | J3: MEGAMINERAÇÃO
A4: PREÇO CIF | G4: ='[47]REAJ. COTAÇÕES JAN 2024'!$K$7 -> 160.48
A5: PREÇO FOB | G5: ='[47]REAJ. COTAÇÕES JAN 2024'!$K$14 -> 106.99 | I5: ='[47]REAJ. COTAÇÕES JAN 2024'!$K$22 -> 72.22 | J5: ='[47]REAJ. COTAÇÕES JAN 2024'!$K$22 -> 72.22
A6: DISTÂNCIA PAVIMENTADA | G6: =28.2 -> 28.2 | I6: 107 | J6: 107
A7: DISTÂNCIA EM LEITO NATURAL | G7: 2.1
A8: CUSTO DO TRANSPORTE EM TKM - PAVIMENTADO (5914389 - SICRO - 01/2024) - 0,77 | G8: =0.77*G6*1.5 -> 32.571 | I8: =0.77*I6*1.65 -> 135.9435 | J8: =0.77*J6*1.65 -> 135.9435
A9: CUSTO DO TRANSPORTE EM TKM - EM LEITO NATURAL (5914359 - SICRO - 01/2024) - 1,17 | G9: =1.17*G7*1.5 -> 3.6855
A10: CUSTO TOTAL COM TRANSPORTE | G10: =(G8+G9)+G5 -> 143.2465 | I10: =(I8+I9)+I5 -> 208.1635 | J10: =(J8+J9)+J5 -> 208.1635
A11: EMPRESA | E11: BRITA 0 | G11: MINECAL | H11: BRITAR | I11: AGRESTE | J11: AURORA
A12: PREÇO CIF | G12: ='REAJ. COTAÇÕES'!K21 -> 118.28758 | I12: ='REAJ. COTAÇÕES'!K36 -> 118.7888
A13: PREÇO FOB | G13: ='REAJ. COTAÇÕES'!$K$28 -> 90.219343 | H13: ='REAJ. COTAÇÕES'!K53 -> 107.635 | I13: ='REAJ. COTAÇÕES'!$K$44 -> 100.74493 | J13: ='REAJ. COTAÇÕES'!$K$67 -> 88.151299
A14: DISTÂNCIA PAVIMENTADA | G14: 30.6 | H14: 45.3 | I14: 3.4 | J14: =152-1.9 -> 150.1
A15: DISTÂNCIA EM LEITO NATURAL | J15: 1.9
A16: CUSTO DO TRANSPORTE EM TKM - PAVIMENTADO (5914389 - SICRO - 10/2024) - 0,82 | G16: =0.82*G14*1.5 -> 37.638 | H16: =0.82*H14*1.5 -> 55.719 | I16: =0.82*I14*1.5 -> 4.182 | J16: =0.82*J14*1.5 -> 184.623
A17: CUSTO DO TRANSPORTE EM TKM - EM LEITO NATURAL (5914359 - SICRO - 07/2024) - 1,24 | G17: =1.24*G15*1.5 -> 0 | H17: =1.24*H15*1.5 -> 0 | I17: =1.24*I15*1.5 -> 0 | J17: =1.24*J15*1.5 -> 3.534
A18: CUSTO TOTAL COM TRANSPORTE | G18: =(G16+G17)+G13 -> 127.85734 | H18: =(H16+H17)+H13 -> 163.354 | I18: =(I16+I17)+I13 -> 104.92693 | J18: =(J16+J17)+J13 -> 276.3083
A19: EMPRESA | E19: BRITA 1 | G19: MINECAL | H19: BRITAR | I19: AGRESTE | J19: AURORA
A20: PREÇO CIF | G20: ='REAJ. COTAÇÕES'!$K$22 -> 118.28758 | I20: ='REAJ. COTAÇÕES'!K37 -> 114.27783
A21: PREÇO FOB | G21: ='REAJ. COTAÇÕES'!$K$29 -> 90.219343 | H21: ='REAJ. COTAÇÕES'!K54 -> 96.876018 | I21: ='REAJ. COTAÇÕES'!K46 -> 97.78724 | J21: ='REAJ. COTAÇÕES'!$K$68 -> 87.498327
A22: DISTÂNCIA PAVIMENTADA | G22: 30.6 | H22: 45.3 | I22: 3.4 | J22: =152-1.9 -> 150.1
A23: DISTÂNCIA EM LEITO NATURAL | J23: 1.9
A24: CUSTO DO TRANSPORTE EM TKM - PAVIMENTADO (5914389 - SICRO - 10/2024) - 0,82 | G24: =0.82*G22*1.5 -> 37.638 | H24: =0.82*H22*1.5 -> 55.719 | I24: =0.82*I22*1.5 -> 4.182 | J24: =0.82*J22*1.5 -> 184.623
A25: CUSTO DO TRANSPORTE EM TKM - EM LEITO NATURAL (5914359 - SICRO - 10/2024) - 1,24 | G25: =1.24*G23*1.5 -> 0 | H25: =1.24*H23*1.5 -> 0 | I25: =1.24*I23*1.5 -> 0 | J25: =1.24*J23*1.5 -> 3.534
A26: CUSTO TOTAL COM TRANSPORTE | G26: =(G24+G25)+G21 -> 127.85734 | H26: =(H24+H25)+H21 -> 152.59502 | I26: =(I24+I25)+I21 -> 101.96924 | J26: =(J24+J25)+J21 -> 275.65533
A27: EMPRESA | E27: BRITA 2 | G27: MINECAL | H27: BRITAR | I27: AGRESTE | J27: AURORA
A28: PREÇO CIF | G28: NÃO FORNECE | I28: ='REAJ. COTAÇÕES'!K38 -> 116.12235
A29: PREÇO FOB | H29: ='REAJ. COTAÇÕES'!K55 -> 99.583172 | I29: ='REAJ. COTAÇÕES'!$K$46 -> 97.78724 | J29: ='REAJ. COTAÇÕES'!$K$69 -> 91.307478
A30: DISTÂNCIA PAVIMENTADA | H30: 45.3 | I30: 3.4 | J30: =152-1.9 -> 150.1
A31: DISTÂNCIA EM LEITO NATURAL | J31: 1.9
A32: CUSTO DO TRANSPORTE EM TKM - PAVIMENTADO (5914389 - SICRO - 10/2024) - 0,82 | G32: =0.82*G30*1.5 -> 0 | H32: =0.82*H30*1.5 -> 55.719 | I32: =0.82*I30*1.5 -> 4.182 | J32: =0.82*J30*1.5 -> 184.623
A33: CUSTO DO TRANSPORTE EM TKM - EM LEITO NATURAL (5914359 - SICRO - 10/2024) - 1,24 | G33: =1.24*G31*1.5 -> 0 | H33: =1.24*H31*1.5 -> 0 | I33: =1.24*I31*1.5 -> 0 | J33: =1.24*J31*1.5 -> 3.534
A34: CUSTO TOTAL COM TRANSPORTE | G34: =(G32+G33)+G29 -> 0 | H34: =(H32+H33)+H29 -> 155.30217 | I34: =(I32+I33)+I29 -> 101.96924 | J34: =(J32+J33)+J29 -> 279.46448
A35: EMPRESA | E35: BRITA 4 | G35: MINECAL | H35: BRITAR | I35: AGRESTE | J35: AURORA
A36: PREÇO CIF | G36: ='REAJ. COTAÇÕES'!K27 -> 112.27296 | I36: ='REAJ. COTAÇÕES'!K43 -> 103.75224
A37: PREÇO FOB | G37: ='REAJ. COTAÇÕES'!K34 -> 82.199846 | I37: ='REAJ. COTAÇÕES'!K51 -> 85.708376 | J37: ='REAJ. COTAÇÕES'!K73 -> 74.589561
A38: DISTÂNCIA PAVIMENTADA | G38: 30.6 | I38: 3.4 | J38: =152-1.9 -> 150.1
A39: DISTÂNCIA EM LEITO NATURAL | J39: 1.9
A40: CUSTO DO TRANSPORTE EM TKM - PAVIMENTADO (5914389 - SICRO - 04/2024) - 0,79 | G40: =0.82*G38*1.5 -> 37.638 | I40: =0.82*I38*1.5 -> 4.182 | J40: =0.82*J38*1.5 -> 184.623
A41: CUSTO DO TRANSPORTE EM TKM - EM LEITO NATURAL (5914359 - SICRO - 04/2024) - 1,230 | G41: =1.24*G39*1.5 -> 0 | I41: =1.24*I39*1.5 -> 0 | J41: =1.24*J39*1.5 -> 3.534
A42: CUSTO TOTAL COM TRANSPORTE | G42: =(G40+G41)+G37 -> 119.83785 | I42: =(I40+I41)+I37 -> 89.890376 | J42: =(J40+J41)+J37 -> 262.74656
A43: EMPRESA | E43: PÓ DE PEDRA | G43: MINECAL | H43: BRITAR | I43: AGRESTE | J43: AURORA
A44: PREÇO CIF | G44: ='REAJ. COTAÇÕES'!$K$23 -> 115.28027 | I44: ='REAJ. COTAÇÕES'!K39 -> 93.226654
A45: PREÇO FOB | G45: ='REAJ. COTAÇÕES'!K30 -> 85.207157 | H45: ='REAJ. COTAÇÕES'!K57 -> 80.360834 | I45: ='REAJ. COTAÇÕES'!$K$47 -> 75.182786 | J45: ='REAJ. COTAÇÕES'!K71 -> 76.347564
A46: DISTÂNCIA PAVIMENTADA | G46: 30.6 | H46: 45.3 | I46: 3.4 | J46: =152-1.9 -> 150.1
A47: DISTÂNCIA EM LEITO NATURAL | J47: 1.9
A48: CUSTO DO TRANSPORTE EM TKM - PAVIMENTADO (5914389 - SICRO - 10/2024) - 0,82 | G48: =0.82*G46*1.5 -> 37.638 | H48: =0.82*H46*1.5 -> 55.719 | I48: =0.82*I46*1.5 -> 4.182 | J48: =0.82*J46*1.5 -> 184.623
A49: CUSTO DO TRANSPORTE EM TKM - EM LEITO NATURAL (5914359 - SICRO - 10/2024) - 1,24 | G49: =1.24*G47*1.5 -> 0 | H49: =1.24*H47*1.5 -> 0 | I49: =1.24*I47*1.5 -> 0 | J49: =1.24*J47*1.5 -> 3.534
A50: CUSTO TOTAL COM TRANSPORTE | G50: =(G48+G49)+G45 -> 122.84516 | H50: =(H48+H49)+H45 -> 136.07983 | I50: =(I48+I49)+I45 -> 79.364786 | J50: =(J48+J49)+J45 -> 264.50456
A51: EMPRESA | E51: PEDRA RACHÃO | G51: MINECAL | H51: BRITAR | I51: AGRESTE | J51: AURORA
A52: PREÇO CIF | G52: ='REAJ. COTAÇÕES'!K24 -> 114.08511 | I52: ='REAJ. COTAÇÕES'!K40 -> 105.42687
A53: PREÇO FOB | G53: ='REAJ. COTAÇÕES'!$K$31 -> 83.526601 | H53: ='REAJ. COTAÇÕES'!$K$56 -> 96.101884 | I53: ='REAJ. COTAÇÕES'!K48 -> 87.091761 | J53: ='REAJ. COTAÇÕES'!$K$70 -> 75.580604
A54: DISTÂNCIA PAVIMENTADA | G54: 30.6 | H54: 45.3 | I54: 3.4 | J54: =152-1.9 -> 150.1
A55: DISTÂNCIA EM LEITO NATURAL | J55: 1.9
A56: CUSTO DO TRANSPORTE EM TKM - PAVIMENTADO (5914389 - SICRO - 10/2024) - 0,82 | G56: =0.82*G54*1.5 -> 37.638 | H56: =0.82*H54*1.5 -> 55.719 | I56: =0.82*I54*1.5 -> 4.182 | J56: =0.82*J54*1.5 -> 184.623
A57: CUSTO DO TRANSPORTE EM TKM - EM LEITO NATURAL (5914359 - SICRO - 10/2024) - 1,24 | G57: =1.24*G55*1.5 -> 0 | H57: =1.24*H55*1.5 -> 0 | I57: =1.24*I55*1.5 -> 0 | J57: =1.24*J55*1.5 -> 3.534
A58: CUSTO TOTAL COM TRANSPORTE | G58: =(G56+G57)+G53 -> 121.1646 | H58: =(H56+H57)+H53 -> 151.82088 | I58: =(I56+I57)+I53 -> 91.273761 | J58: =(J56+J57)+J53 -> 263.7376
A59: EMPRESA | E59: BGS | G59: MINECAL | H59: BRITAR | I59: AGRESTE | J59: AURORA
A60: PREÇO CIF | G60: ='REAJ. COTAÇÕES'!K25 -> 113.2754 | H60: NÃO FORNECE | I60: ='REAJ. COTAÇÕES'!K41 -> 134.52706
A61: PREÇO FOB | G61: ='REAJ. COTAÇÕES'!$K$32 -> 80.194972 | I61: ='REAJ. COTAÇÕES'!K49 -> 108.06272 | J61: ='REAJ. COTAÇÕES'!K72 -> 78.206025
A62: DISTÂNCIA PAVIMENTADA (para pista) | G62: 30.6 | I62: 3.4 | J62: =152-1.9 -> 150.1
A63: DISTÂNCIA EM LEITO NATURAL | J63: 1.9
A64: CUSTO DO TRANSPORTE EM TKM - PAVIMENTADO (5914389 - SICRO - 10/2024) - 0,82 | G64: =0.82*G62*2.2 -> 55.2024 | I64: =0.82*I62*2.2 -> 6.1336 | J64: =0.82*J62*2.2 -> 270.7804
A65: CUSTO DO TRANSPORTE EM TKM - EM LEITO NATURAL (5914359 - SICRO - 10/2024) - 1,24 | G65: =1.24*G63*2.2 -> 0 | I65: =1.24*I63*2.2 -> 0 | J65: =1.24*J63*2.2 -> 5.1832
A66: CUSTO TOTAL COM TRANSPORTE | G66: =(G64+G65)+G61 -> 135.39737 | I66: =(I64+I65)+I61 -> 114.19632 | J66: =(J64+J65)+J61 -> 354.16962
A67: EMPRESA | E67: PEDRISCO | G67: MINECAL | H67: BRITAR | I67: AGRESTE
A68: PREÇO CIF | G68: ='REAJ. COTAÇÕES'!K26 -> 118.28758 | H68: ='REAJ. COTAÇÕES'!$K$65 -> 128.08308 | I68: ='REAJ. COTAÇÕES'!$K$42 -> 129.31439
A69: PREÇO FOB | G69: ='REAJ. COTAÇÕES'!$K$33 -> 80.194972 | H69: ='REAJ. COTAÇÕES'!$K$58 -> 99.723983 | I69: ='REAJ. COTAÇÕES'!$K$50 -> 106.75956
A70: DISTÂNCIA PAVIMENTADA | G70: 30.6 | H70: 45.3 | I70: 3.4
A71: DISTÂNCIA EM LEITO NATURAL
A72: CUSTO DO TRANSPORTE EM TKM - PAVIMENTADO (5914389 - SICRO - 10/2024) - 0,82 | G72: =0.82*G70*1.5 -> 37.638 | H72: =0.82*H70*1.5 -> 55.719 | I72: =0.82*I70*1.5 -> 4.182
A73: CUSTO DO TRANSPORTE EM TKM - EM LEITO NATURAL (5914359 - SICRO - 07/2024) - 1,24 | G73: =1.24*G71*1.5 -> 0 | H73: =1.24*H71*1.5 -> 0 | I73: =1.24*I71*1.5 -> 0
A74: CUSTO TOTAL COM TRANSPORTE | G74: =(G72+G73)+G69 -> 117.83297 | H74: =(H72+H73)+H69 -> 155.44298 | I74: =(I72+I73)+I69 -> 110.94156
A77: AREIA
E78: AREIA MÉDIA | G78: SANTOS MINERAÇÃO | H78: M. A. DA SILVA MELO | I78: AREIASIL
A79: PREÇO CIF | G79: NÃO FORNECE | H79: ='REAJ. COTAÇÕES'!K7 -> 75.182786 | I79: NÃO FORNECE
A80: PREÇO FOB (Reajustado para data base) | H80: ='REAJ. COTAÇÕES'!K10 -> 55.134043
A81: DISTÂNCIA PAVIMENTADA | H81: 60.9
A82: DISTÂNCIA EM LEITO NATURAL
A83: CUSTO DO TRANSPORTE EM TKM - PAVIMENTADO (5914389 - SICRO - 10/2024) - 0,82 | H83: =0.82*H81*1.5 -> 74.907
A84: CUSTO DO TRANSPORTE EM TKM - EM LEITO NATURAL (5914359 - SICRO - 10/2024) - 1,24 | H84: =1.24*H82*1.5 -> 0
A85: CUSTO TOTAL COM TRANSPORTE | H85: =(H83+H84)+H80 -> 130.04104
E86: AREIA MÉDIA LAVADA | G86: SANTOS MINERAÇÃO | H86: M. A. DA SILVA MELO | I86: AREIASIL
A87: PREÇO CIF | G87: ='REAJ. COTAÇÕES'!$K$17 -> 112.04788 | H87: ='REAJ. COTAÇÕES'!K8 -> 76.396281
A88: PREÇO FOB (Reajustado para data base) | H88: ='REAJ. COTAÇÕES'!K11 -> 56.02394 | I88: ='REAJ. COTAÇÕES'!K14 -> 71.254442
A89: DISTÂNCIA PAVIMENTADA | H89: 60.9 | I89: 125.65
A90: DISTÂNCIA EM LEITO NATURAL | I90: 1.35
A91: CUSTO DO TRANSPORTE EM TKM - PAVIMENTADO (5914389 - SICRO - 10/2024) - 0,82 | G91: =0.82*G89*1.5 -> 0 | H91: =0.82*H89*1.5 -> 74.907 | I91: =0.82*I89*1.5 -> 154.5495
A92: CUSTO DO TRANSPORTE EM TKM - EM LEITO NATURAL (5914359 - SICRO - 10/2024) - 1,24 | G92: =1.24*G90*1.5 -> 0 | H92: =1.24*H90*1.5 -> 0 | I92: =1.24*I90*1.5 -> 2.511
A93: CUSTO TOTAL COM TRANSPORTE | G93: =(G91+G92)+G88 -> 0 | H93: =(H91+H92)+H88 -> 130.93094 | I93: =(I91+I92)+I88 -> 228.31494
E94: AREIA GROSSA LAVADA | G94: SANTOS MINERAÇÃO | H94: M. A. DA SILVA MELO | I94: AREIASIL
A95: PREÇO CIF | G95: ='REAJ. COTAÇÕES'!$K$18 -> 110.26809 | H95: ='REAJ. COTAÇÕES'!K9 -> 75.182786
A96: PREÇO FOB (Reajustado para data base) | H96: ='REAJ. COTAÇÕES'!K12 -> 55.134043 | I96: ='REAJ. COTAÇÕES'!K15 -> 70.320125
A97: DISTÂNCIA PAVIMENTADA (para canteiro) | H97: 60.9 | I97: 125.65
A98: DISTÂNCIA EM LEITO NATURAL (para canteiro) | I98: 1.35
A99: CUSTO DO TRANSPORTE EM TKM - PAVIMENTADO (5914389 - SICRO - 10/2024) - 0,82 | G99: =0.82*G97*1.5 -> 0 | H99: =0.82*H97*1.5 -> 74.907 | I99: =0.82*I97*1.5 -> 154.5495
A100: CUSTO DO TRANSPORTE EM TKM - EM LEITO NATURAL (5914359 - SICRO - 10/2024) - 1,24 | G100: =1.24*G98*1.5 -> 0 | H100: =1.24*H98*1.5 -> 0 | I100: =1.24*I98*1.5 -> 2.511
A101: CUSTO TOTAL COM TRANSPORTE | G101: =(G99+G100)+G96 -> 0 | H101: =(H99+H100)+H96 -> 130.04104 | I101: =(I99+I100)+I96 -> 227.38062
A103: DESTINAÇÃO FINAL DE RESÍDUOS
...

Sheet ROTAS
A1: MAPAS E ROTAS DE FORNECEDORES
A2: RODOVIA PE-120
A3: PAGAMENTO DE DESCARREGO DE MATERIAIS
A4: CTR Ipojuca - Para Estaca 0+0,00
A5: 112km | B5: + 20,487 (meio do trecho)
A31: RCC Ambiental - Para Estaca 0+0,00
A32: 122km | B32: + 20,487 (meio do trecho)
A60: CTR Caruaru - A partir da estaca final
A61: 34,00 km | B61: As distâncias referente as remoções são especificas conforme o quadro de DMT | K61: =34+20.505 -> 54.505 | L61: =K61-2.92 -> 51.585
A84: CTR Caruaru - LEITO NATURAL
A85: 2,92 KM
A109: AREAL
A111: Areal SANTOS MINERAÇÃO - Para canteiro
A112: 114 km
A140: M. A. DA SILVA MELO - Para canteiro
A141: 60,9 km
A166: Areiasil - Para canteiro
A167: 127 km
A195: PEDREIRAS
A197: Minecal - Para canteiro
A198: 30,60 km
... A748: ANDRADE GUEDES (Para Estaca 0+0,00)
A749: 125km | B749: + 20,487 (meio do trecho)
A776: ANCAR (Para Estaca final 2.048+13,28)
A777: 25,6km | B777: + 20,487 (meio do trecho)
A804: DEFENSAS E ANCORAGENS
A806: LISY - SP (Para Canteiro)
A807: 2575 km
A832: MARVITEC - SP (Para Canteiro)
A833: 2536 km
A857: ARMACO STACO - RJ (Para Canteiro)
A858: 2163 km
A882: MC BAUCHEMIE (Para Canteiro)
A883: 110 KM
A905: GRUPO REP (Para Canteiro)
A906: 167 KM
A927: CONSTRUFENIX (Para o meio do trecho)
A928: 51,9 KM

Sheet MATBET
A2: DEPARTAMENTO DE ESTRADAS DE RODAGEM
A3: GOVERNO DO ESTADO DE PERNAMBUCO
A5: CUSTO DE AQUISIÇÃO E TRANSPORTE DE MATERIAL BETUMINOSO
A6: Portaria DNIT nº 1977 publicada no D.O.U. em 25 de outubro de 2017
A7: ICMS ajustado conforme Lei nº 18.305/2023 | G7: Ref. de Preços: ANP - Outubro/2025
A9: (LUBNOR) Fortaleza - CE | C9: EAI (R$/t) Estadual | G9: DMT PAVIMENTADO (km) | H9: DMT LEITO NATURAL (KM) | I9: Y (R$/t) | L9: EAI | M9: CAP-50/70 | O9: =UPPER(H9) -> DMT LEITO NATURAL (KM)
C10: =1.9740813331948*1000 -> 1974.0813 | G10: 778 | I10: =TRUNC(($H$47+($H$48*$G$10)+($H$49*$H$10)),4) -> 488.6824 | L10: =I16+C16 -> 3806.5782 | M10: =D16+I16 -> 614.6948 | N10: =TRUNC(H47+(G10*H48)+(H10*H49),4) -> 488.6824
A11: ICMS: 20,50% | C11: =(C10/(1-((0.205+0.0065+0.03)-((0.0065+0.03)*0.205))))-C10 -> 603.10722 | D11: =(D10/(1-((0.205+0.0065+0.03)-((0.0065+0.03)*0.205))))-D10 -> 0 | I11: =TRUNC(I10/(1-20.5%)-I10,4) -> 126.0124
A12: PIS: 0,65%
A13: COFINS: 3,00%
A14: Preço com Encargos | C14: =C11+C10 -> 2577.1886 | D14: =D11+D10 -> 0 | I14: =I11+I10 -> 614.6948
A16: Custo Total Binômio | C16: =C14+$I$16 -> 3191.8834 | I16: =I14 -> 614.6948 | J16: =SMALL(C16:D16,1) -> 3191.8834
A18: (RLAM) SÃO FRANCISCO DO CONDE - BA | C18: EAI (R$/t) Regional | G18: DMT PAVIMENTADO (km) | H18: DMT LEITO NATURAL (KM) | I18: Y (R$/t) | L18: EAI | M18: CAP-50/70
C19: =2.09653355065356*1000 -> 2096.5336 | G19: 725.22 | I19: =TRUNC(($H$47+($H$48*$G$19)+($H$49*$H$19)),4) -> 459.5214 | L19: =I25+C25 -> 3893.0801 | M19: =D25+I25 -> 578.0143
A20: ICMS: 20,50% | C20: =(C19/(1-((0.205+0.0065+0.03)-((0.0065+0.03)*0.205))))-C19 -> 640.51795 | D20: =(D19/(1-((0.205+0.0065+0.03)-((0.0065+0.03)*0.205))))-D19 -> 0 | I20: =TRUNC(I19/(1-20.5%)-I19,4) -> 118.4929
A21: PIS: 0,65%
A22: COFINS: 3,00%
A23: Preço com Encargos | C23: =C20+C19 -> 2737.0515 | D23: =D20+D19 -> 0 | I23: =I20+I19 -> 578.0143
A25: Custo Total Binômio | C25: =C23+$I$25 -> 3315.0658 | F25: =F23+F24 -> 0 | G25: =G23+G24 -> 0 | I25: =I23 -> 578.0143 | J25: =SMALL(C25:D25,1) -> 3315.0658
A27: (REGAP) BETIM - MG | C27: EAI (R$/t) Estadual | G27: DMT PAVIMENTADO (km) | H27: DMT LEITO NATURAL (KM) | I27: Y (R$/t) | L27: EAI | M27: CAP-50/70
C28: =2.01099141495829*1000 -> 2010.9914 | G28: 1978 | I28: =TRUNC(($H$47+($H$48*$G$28)+($H$49*$H$28)),4) -> 1151.6824 | L28: =I34+C34 -> 5522.6893 | M28: =D34+I34 -> 1448.6571
A29: ICMS: 20,50% | C29: =(C28/(1-((0.205+0.0065+0.03)-((0.0065+0.03)*0.205))))-C28 -> 614.38373 | D29: =(D28/(1-((0.205+0.0065+0.03)-((0.0065+0.03)*0.205))))-D28 -> 0 | I29: =TRUNC(I28/(1-20.5%)-I28,4) -> 296.9747
A30: PIS: 0,65%
A31: COFINS: 3,00%
A32: Preço com Encargos | C32: =C29+C28 -> 2625.3751 | D32: =D29+D28 -> 0 | I32: =I29+I28 -> 1448.6571
A34: Custo Total Binômio | C34: =C32+$I$34 -> 4074.0322 | F34: =F32+F33 -> 0 | G34: =G32+G33 -> 0 | I34: =I32 -> 1448.6571 | J34: =SMALL(C34:D34,1) -> 4074.0322
A36: Cálculo das Alíquotas conforme Ofício Circular DNIT Nº 3.784/2025
A43: FÓRMULA DE TRANSPORTE DE MATERIAL BETUMINOSO
A44: Atualização das Fórmulas de Transportes Material Betuminoso:
A46: Índice | B46: Io (julho/2014) | C46: Ii (out/25) | D46: Índice Atualiz. | G46: Reaj. de jul/14 a out/25
A47: Pavimentação | B47: 270.237 | C47: 590.239 | D47: =TRUNC((C47-B47)/B47,4) -> 1.1841 | F47: 1ª Parcela Fixa | G47: 26.939 | H47: =TRUNC(G47*(1+D47),4) -> 58.8374
A48: Índices de Atualização de Reajustamento | F48: 2ª Parcela Pav | G48: 0.253 | H48: =TRUNC(G48*(1+D47),4) -> 0.5525
A49: R = (Ii - Io)/Io | F49: 3ª Parcela LN | G49: 0.412 | H49: =TRUNC(G49*(1+D47),4) -> 0.8998
A50: DE JULHO/2014 a OUTUBRO/2025: ÍNDICE DE PAVIMENTAÇÃO
A51: Io = Índice de preço do mês de origem do orçamento (Jul/2014) | F51: Fórmula = | G51: YF = | H51: =IF(H47<>0,"("&TEXT(H47,"#0,000")&"+("&TEXT(H48,"#0,000")&"*Dpav)+("&TEXT(H49,"#0,000")&"*Dñpav))","") -> (58,837+(0,553*Dpav)+(0,900*Dñpav))
A52: Ii = Índice de preço referente ao mês da licitação (Out/2025)
A54: BINÔMIO (AQUISIÇÃO + TRANSPORTE) GLOBAL
D55: CEARÁ | F55: BAHIA | H55: MINAS GERAIS
B56: QUANTIDADE (T) (PROJETO) | D56: UNIT | E56: TOTAL | F56: AQUISIÇÃO | G56: TRANSPORTE | H56: AQUISIÇÃO | I56: TRANSPORTE
A57: CM-30 | C57: AQUISIÇÃO | D57: =C14 -> 2577.1886 | E57: =(D57*$B$57)+(D58*$B$57) -> 0 | F57: =C23 -> 2737.0515 | G57: =(F57*$B$57)+(F58*$B$57) -> 0 | H57: =C32 -> 2625.3751 | I57: =(H57*$B$57)+(H58*$B$57) -> 0
C58: TRANSPORTE | D58: =$I$16 -> 614.6948 | F58: =I25 -> 578.0143 | H58: =I34 -> 1448.6571
A59: RR-1C | B59: 321.43 | C59: AQUISIÇÃO | D59: =MATBET2!C14 -> 3903.3175 | E59: =(D59*$B$59)+(D60*$B$59) -> 1450263.4 | F59: =MATBET2!C23 -> 3953.1501 | G59: =(F59*$B$59)+(F60*$B$59) -> 1451041.8 | H59: =MATBET2!C32 -> 3173.7766 | I59: =(H59*$B$59)+(H60*$B$59) -> 1482438.1
